Workbook

Sheet СВОД
T1: Приложение 2 (2014 год)
A2: Информация об исполнении межбюджетных трансфертов (МБТ), предоставляемых их федерального бюджета (ФБ)
A3: за 2014 год
U4: (тыс. рублей)
A5: Наименование МБТ | B5: Распределение МБТ из ФБ | D5: Постановление Правительства РФ об утверждении правил предоставления и распределения МБТ (дата, №, наименование) | E5: Основания для предоставления бюджетных ассигнований (соглашение (договор) о предоставлении МБТ из ФБ (при наличии) | I5: Фактически поступило в краевой бюджет | L5: Кассовое исполнение | N5: Фактически перечислено бюджетных ассигнований получателю | P5: Срок предоставления отчета органом исполнительной власти ПК федеральному органу | R5: Показатели результативности использования МБТ (целевые показатели и/или индикаторы государственных программ Приморского края) | U5: Достигнутый результат от использования бюджетных ассигнований
B6: нормативный правовой акт Правительства РФ (дата, №, наименование) | C6: объем | E6: дата, №, наименование | F6: условия перечисления МБТ в краевой бюджет | H6: объем | I6: № и дата п/поручения | J6: код доходов по БК | K6: объем | L6: объем | M6: код целевой статьи по БК | N6: объем | O6: дата, № 3 вид документа | P6: по соглашению (договору) | Q6: фактическая дата | R6: наименование показателя | S6: значения показателя за год
F7: периодичность (сроки, даты) | G7: условия софинансирования | S7: план | T7: факт
A8: 1 | B8: 2 | C8: 3 | D8: 4 | E8: 5 | F8: 6 | G8: 7 | H8: 8 | I8: 9 | J8: 10 | K8: 11 | L8: 12 | M8: 13 | N8: 14 | O8: 15 | P8: 16 | Q8: 17 | R8: 18 | S8: 19 | T8: 20 | U8: 21
A9: Всего | C9: =Субсидии!C14+Дотации!C9+Субвенции!C9+'Иные мбт'!C9 -> 12413409 | H9: =Субсидии!H14+Дотации!H9+Субвенции!H9+'Иные мбт'!H9 -> 10631052 | K9: =Субсидии!K14+Дотации!K9+Субвенции!K9+'Иные мбт'!K9 -> 25376472 | L9: =Субсидии!L14+Дотации!L9+Субвенции!L9+'Иные мбт'!L9 -> 22936701 | N9: =Субсидии!N14+Дотации!N9+Субвенции!N9+'Иные мбт'!N9 -> 22226651
A10: Дотации всего | C10: =Дотации!C9 -> 0 | H10: =Дотации!H9 -> 0 | K10: =Дотации!K9 -> 10088877 | L10: =Дотации!L9 -> 10088877 | N10: =Дотации!N9 -> 10088877
A11: Субсидии | C11: =Субсидии!C14 -> 5117880 | H11: =Субсидии!H14 -> 4125801 | K11: =Субсидии!K14 -> 7702615.7 | L11: =Субсидии!L14 -> 6059337.8 | N11: =Субсидии!N14 -> 5340398.5
A12: Субвенции | C12: =Субвенции!C9 -> 4236741.3 | H12: =Субвенции!H9 -> 3633194.2 | K12: =Субвенции!K9 -> 4568208.2 | L12: =Субвенции!L9 -> 4484172.4 | N12: =Субвенции!N9 -> 4484172.4
A13: Иные межбюджетные трансферты | C13: ='Иные мбт'!C9 -> 3058787.7 | H13: ='Иные мбт'!H9 -> 2872057.1 | K13: ='Иные мбт'!K9 -> 3016771.2 | L13: ='Иные мбт'!L9 -> 2304314.2 | N13: ='Иные мбт'!N9 -> 2313203.8

Sheet Дотации
S1: Приложение 2 (2014 год) (продолжение)
A2: Информация об исполнении межбюджетных трансфертов (МБТ), предоставляемых их федерального бюджета (ФБ)
A3: за 2014 год
U4: (тыс. рублей)
A5: Наименование МБТ | B5: Распределение МБТ из ФБ | D5: Постановление Правительства РФ об утверждении правил предоставления и распределения МБТ (дата, №, наименование) | E5: Основания для предоставления бюджетных ассигнований (соглашение (договор) о предоставлении МБТ из ФБ (при наличии) | I5: Фактически поступило в краевой бюджет | L5: Кассовое исполнение | N5: Фактически перечислено бюджетных ассигнований получателю | P5: Срок предоставления отчета органом исполнительной власти ПК федеральному органу | R5: Показатели результативности использования МБТ (целевые показатели и/или индикаторы государственных программ Приморского края) | U5: Достигнутый результат от использования бюджетных ассигнований
B6: нормативный правовой акт Правительства РФ (дата, №, наименование) | C6: объем | E6: дата, №, наименование | F6: условия перечисления МБТ в краевой бюджет | H6: объем | I6: № и дата п/поручения | J6: код доходов по БК | K6: объем | L6: объем | M6: код целевой статьи по БК | N6: объем | O6: дата, № 3 вид документа | P6: по соглашению (договору) | Q6: фактическая дата | R6: наименование показателя | S6: значения показателя за год
F7: периодичность (сроки, даты) | G7: условия софинансирования | S7: план | T7: факт
A8: 1 | B8: 2 | C8: 3 | D8: 4 | E8: 5 | F8: 6 | G8: 7 | H8: 8 | I8: 9 | J8: 10 | K8: 11 | L8: 12 | M8: 13 | N8: 14 | O8: 15 | P8: 16 | Q8: 17 | R8: 18 | S8: 19 | T8: 20 | U8: 21
A9: Дотации всего | C9: =C11+C12+C13+C14+C15 -> 0 | H9: =H11+H12+H13+H14+H15 -> 0 | I9: =I11+I12+I13+I14+I15 -> 0 | K9: =K11+K12+K13+K14+K15 -> 10088877 | L9: =L11+L12+L13+L14+L15 -> 10088877 | N9: =N11+N12+N13+N14+N15 -> 10088877
A10: в том числе по направлениям расходов
A11: Дотации бюджетам субъектов Российской Федерации на выравнивание бюджетной обеспеченности | B11: Министерство финансов Российской Федерации | K11: 6167405.1 | L11: 6167405.1 | N11: 6167405.1
A12: Дотации бюджетам субъектов Российской Федерации на поддержку мер по обеспечению сбалансированности бюджетов | B12: Министерство финансов Российской Федерации | K12: 712136.4 | L12: 712136.4 | N12: 712136.4
A13: Дотации на частичную компенсацию дополнительных расходов на повышение оплаты труда работников бюджетной сферы | B13: Министерство финансов Российской Федерации | K13: 2449107.3 | L13: 2449107.3 | N13: 2449107.3
A14: Дотации в целях обеспечения сбалансированности бюджетов субъектов Российской Федерации, пострадавших в результате крупномасштабного наводнения на Дальнем Востоке в 2013 году | B14: Министерство финансов Российской Федерации | K14: 77110 | L14: 77110 | N14: 77110
A15: Дотации бюджетам субъектов Российской Федерации , связанные с особым режимом безопасного функционирования закрытых административно-территориальных образований | B15: Министерство финансов Российской Федерации | K15: 683118 | L15: 683118 | N15: 683118

Sheet Субсидии
T1: Приложение 2 (2014 год) (продолжение)
A2: Информация об исполнении межбюджетных трансфертов (МБТ), предоставляемых их федерального бюджета (ФБ)
U3: (тыс. рублей)
A4: Наименование МБТ | B4: Распределение МБТ из ФБ | D4: Постановление Правительства РФ об утверждении правил предоставления и распределения МБТ (дата, №, наименование) | E4: Основания для предоставления бюджетных ассигнований (соглашение (договор) о предоставлении МБТ из ФБ (при наличии) | I4: Фактически поступило в краевой бюджет | L4: Кассовое исполнение | N4: Фактически перечислено бюджетных ассигнований получателю | P4: Срок предоставления отчета органом исполнительной власти ПК федеральному органу | R4: Показатели результативности использования МБТ (целевые показатели и/или индикаторы государственных программ Приморского края) | U4: Достигнутый результат от использования бюджетных ассигнований**
B5: нормативный правовой акт Правительства РФ (дата, №, наименование) | C5: объем | E5: дата, №, наименование | F5: условия перечисления МБТ в краевой бюджет | H5: объем | I5: № и дата п/поручения | J5: код доходов по БК | K5: объем | L5: объем | M5: код целевой статьи по БК | N5: объем | O5: дата, № 3 вид документа | P5: по соглашению (договору) | Q5: фактическая дата * | R5: наименование показателя | S5: значения показателя за год
F6: периодичность (сроки, даты) | G6: условия софинансирования | S6: план | T6: факт
A7: 1 | B7: 2 | C7: 3 | D7: 4 | E7: 5 | F7: 6 | G7: 7 | H7: 8 | I7: 9 | J7: 10 | K7: 11 | L7: 12 | M7: 13 | N7: 14 | O7: 15 | P7: 16 | Q7: 17 | R7: 18 | S7: 19 | T7: 20 | U7: 21
A8: в том числе
A9: Дотации всего
A10: в том числе по направлениям расходов
A11: 1
A12: 2
A14: Субсидии всего | C14: =C16+C18+C21+C24+C46+C62+C70+C79+C81+C83+C85+C87+C91 -> 5117880 | H14: =H16+H18+H21+H24+H46+H62+H70+H79+H81+H83+H85+H87+H91 -> 4125801 | K14: =K16+K18+K21+K24+K46+K62+K70+K79+K81+K83+K85+K87+K91 -> 7702615.7 | L14: =L16+L18+L21+L24+L46+L62+L70+L79+L81+L83+L85+L87+L91 -> 6059337.8 | N14: =N16+N18+N21+N24+N46+N62+N70+N79+N81+N83+N85+N87+N91 -> 5340398.5
A15: в том числе по направлениям расходов
A16: Администрация Приморского края | C16: =C17 -> 1024.1 | K16: =K17 -> 953.6 | L16: =L17 -> 953.6 | N16: =N17 -> 953.6
A17: Субсидии на подготовку управленческих кадров для организаций народного хозяйства Российской Федерации в рамках подпрограммы "Кадры для инновационной экономики" государственной программы Российской Федерации "Экономическое развитие и инновационная экономика" | B17: Распоряжение Правительства Российской Федерации от 24 апреля 2014 г. № 677-р «Распределение субсидий, предоставляемых в 2014 году из федерального бюджета бюджетам субъектов Российской Федерации на софинансирование расходов, связанных с оплатой оказанных специалистам российскими образовательными учреждениями услуг по обучению в соответствии с Государственным планом подготовки управленческих кадров для организаций народного хозяйства Российской Федерации в 2007/08 - 2014/15 учебных годах» | C17: 1024.1 | D17: Постановление Правительства Российской Федерации от 27 декабря 2010 г. № 1126 "О Порядке предоставления субсидий из федерального бюджета бюджетам субъектов Российской Федерации на софинансирование расходов, связанных с оплатой оказанных специалистам российскими образовательными учреждениями услуг по обучению в соответствии с Государственным планом подготовки управленческих кадров для организаций народного хозяйства Российской Федерации в 2007/08 - 2014/15 учебных годах | E17: Соглашение между Министерством экономического развития Российской Федерации и АПК от 11.11.2014 № NC-647-АВ/Д04 | J17: 75120202103020000151 | K17: 953.6 | L17: 953.6 | M17: 9992001 | N17: 953.6
A18: Департамент дорожного хозйства | C18: =C19+C20 -> 1105275.9 | K18: =K19+K20 -> 1457280 | L18: =L19+L20 -> 1406509.4 | N18: =N19+N20 -> 1406509.4
A19: Субсидии на реализацию мероприятий подпрограммы "Автомобильные дороги" федеральной целевой программы "Развитие транспортной системы России (2010 - 2020 годы)" в рамках государственной программы Российской Федерации "Развитие транспортной системы" | B19: Постановление Российской Федерации от 15.04.1996 №480; | C19: 0 | E19: Соглашение №УД48/81-с-1 от 09.08.2012 | I19: Платежное поручение от 28.03.2014 №748 | J19: 75420202077020000151 | K19: 1040.1971 | L19: 1040.2 | M19: 1225115 | N19: 1040.2 | U19: Произведена частичная оплата по исполнительному листу от 10.02.2011 № 2 – 316/11
A20: Финансовое обеспечение мероприятий по экономическому и социальному развитию Дальнего Востока и Забайкалья на период до 2013 года в рамках федеральной целевой программы "Экономическое и социальное развитие Дальнего Востока и Байкальского региона на период до 2018 года" государственной программы Российской Федерации "Социально-экономическое развитие Дальнего Востока и Байкальского региона" | B20: Постановление Правительства Российской Федерации от 15.04.1996 №480; | C20: 1105275.9 | E20: Соглашение №ФДА 48/81-с от 09.10.2014 ; Дополнительное соглашение №1 от 23.12.2014 к соглашению №ФДА 48/81-с от 09.10.2014 | F20: ежеквартально | G20: ФБ 1105275,90 (46.34%) КБ 1279719,42 (53,66%) | H20: 1105275.9 | I20: п/п от 17.10.2014 №622, от 11.11.2014 №779, от 25.12.2014 №528, от 30.12.2014 №141, от 28.03.2014 №760 | J20: 75420202077020000151 | K20: =1105275.9+350963.9 -> 1456239.8 | L20: =1105275.9+298250.3+1943 -> 1405469.2 | M20: 1225214 | N20: =L20 -> 1405469.2 | U20: Ведутся строительно монтажные работы на объекте "Реконструкция автомобильной дороги Раздольное - Хасан на участке Нарвинский перевал км 74 - км 79 в Приморском крае"
A21: Департамент информатизации и телекоммуникаций | C21: =C22+C23 -> 55501.9 | H21: =H22+H23 -> 55501.9 | K21: =K22+K23 -> 88866.2 | L21: =L22+L23 -> 7804.3 | N21: =N22+N23 -> 7804.3
A22: Субсидии на поддержку региональных проектов в сфере информационных технологий в рамках подпрограммы "Информационное государство" государственной программы Российской Федерации "Информационное общество (2011 - 2020 годы)" | B22: Федеральный Закон № 349-ФЗ от 02.12.2013 " О федеральном бюджете на 2014 год и плановый период 2015 и 2016 годов" | C22: 21004.3 | D22: Постановление Правительства Российской Федерации от 15.04.2014 № 313 "Об утверждении государственной программы Росийской Федерации "Информационное общество (2011-2020 годы)", Приложение № 1 | E22: Соглашение № ОП-П8-6063 от 08.04.2014 | F22: - | G22: наличие в Приморском крае: утвержденной в установленном порядке региональной программы, направленной на становление информационного общества; нормативных актов, предусматривающих выделение соответствующего финансирования из средств краевого бюджета на исполнение расходных обязательств, связанных с реализацией проектов; определяющих уполномоченный орган исполнительной власти Приморского края по развитию информационного общества;соответствие проектов, на софинансирование которых предоставляется Субсидия, перечню приоритетных направлений реализации проектов, определенных в порядке отбора. | H22: 21004.3 | I22: п/п № 684 от 18.04.2014 | J22: 75520202217020000151 | K22: 21004.3 | L22: 7804.3 | M22: 1115028 | N22: 7804.3 | O22: п/п № 220 от 20.11.2014 № 950 от 03.12.2014 | P22: ежеквартально, не позднее 15-го числа месяца, следующего за отчетным кварталом, отчетов, а также не позднее 15 июня 2015 года итогового отчета | Q22: 1. 11/5012 от 16.07.2014; 2. 11/5051 от 18.07.2014; 3. 11/5534 от 11.08.2014; 4. 11/111 от 16.01.2015 | R22: 1. Повышение качества предоставления государственных и муниципальных услуг по принципу «одного окна» в МФЦ посредством внедрения АИС: 1.1. доля функционирующих МФЦ, оснащенных АИС МФЦ, соответствующими требованиям, определенным в постановлении Правительства Российской Федерации № 1376, от планового количества МФЦ на 1 июня 2015 год в соответствии с согласованной схемой размещения МФЦ на территории субъекта Российской Федерации, в %; 1.2. количество пакетов документов на получение услуг, переданных всеми МФЦ субъекта Российской Федерации в органы, предоставляющие услуги, с использованием АИС МФЦ в электронной форме в среднем за месяц в течение шести месяцев, предшествующих последнему отчетному периоду, в расчете на 10 тыс. населения субъекта Российской Федерации; 2. Обеспечение возможности получения государственных и муниципальных услуг в электронной форме: 2.1. доля услуг, предоставляемых в электронной форме, от общего количества услуг; 2.2. доля документов, являющихся результатом предоставления услуг, в электронной форме, доступных через личный кабинет на Едином портале государственных и муниципальных услуг (функций) и /или региональном портале государственных и муниципальных услуг (функций), подключенном к Единой системе идентификации и аутентификации, в среднем за месяц в течение шести месяцев, предшествующих оценке, от общего количества документов, выданных гражданам и организациям, зарегистрированным в субъекте Российской Федерации, в % | S22: 1.1. 100%; 1.2. 1181,14 2.1. 6,67%; 2.2. 93,51% | T22: 1.1. 100%; 1.2. 412 2.1. 6,67%; 2.2. 94,54% | U22: 1. В 2014 году внедрена АИС МФЦ на базе КГАУ "МФЦ Приморского края", соответствующая требованиям постановлении Правительства Российской Федерации № 1376, включая все муниципальные образования Приморского края; 2. В результате реализации проектов в рамках освоения субсидии переведены в электронную форму с использованием Единого портала услуг услуги в сфере опеки и попечительства департаментов образования и науки и здравоохранения Приморского края, внедрены информационные системы «Электронная очередь» и «АРМ Регистрации». Системы позволяют обеспечить возможность подать заявление в электронном виде, записаться на прием в отделы опеки электронном виде. Для граждан, которые еще не завели личный кабинет на Едином портале услуг реализована возможность произвести регистрацию на месте прямо в отделах опеки.
A23: Субсидии на информационно-навигационное обеспечение автомобильных маршрутов по транспортным коридорам "Север - Юг" и "Восток - Запад" в рамках подпрограммы "Развитие гражданского использования системы ГЛОНАСС на транспорте" государственной программы Российской Федерации "Развитие транспортной системы" | B23: распоряжение Правительства Российской Федерации № 1042-р от 21.06.2013 "О распределении субсидий, предосиавляемых в 2013-2014 годах из федерального бюджета бюджетам субъектов Российской Федерации на информационно-навигационное обеспечение автомобильных маршрутов по транспортным коридорам "Север-Юг" и "Восток-Запад" | C23: 34497.6 | D23: Постановление Правительства Российской Федерации от 21.12.2012 № 1367 "Об утверждении правил предоставления и распределения в 2013-2014 годах субсидий из федерального бюджета бюджетам субъектов Российской Федерации на информационно-навигационное обеспечение автомобильных маршрутов по транспортным коридорам "Север-юг" и "Восток-запад" | E23: Соглашение № 10-38-58 от 16.12.2013. | F23: - | G23: 1. наличие нормативного правового акта Приморского края, устанавливающего расходное обязательство, утверждающего региональную программу; 2. наличие в бюджете Приморского края бюджетных ассигнований на исполнение расходного обязательства; 3. обязательство Субъекта по обеспечению соответствия значений показателей, устанавливаемых региональной программой, значениям показателей результативности предоставления субсидий. | H23: 34497.6 | I23: п/п № 720 от 14.03.2014 - 33364,3; № 112 от 30.12.2014 - 34497,6 | J23: 75520202202020000151 | K23: =33364.3+34497.6 -> 67861.9 | L23: 0 | M23: 1235062 | N23: 0 | P23: 1. до 24 января 2014 г. отчет об осуществлении в 2013 году расходов бюджета Приморского края, источником финансового обеспечения которых является субсидия; 2. до 1 апреля 2015 г. итоговый отчет о реализации в 2013-2014 годах региональной программы. | Q23: 1. № 40/300 11.02.2014; 2. 11/1007 от 14.02.2015 | R23: 1. Степень готовности региональной информационно-навигазионной системы; 2. Доля автотранспортных средств, зарегестрированных на территории Приморского края, оснащенных навигационно-связным оборудование, в общем количестве автотранспортных средств | S23: 1. 100%; 2. 100% | T23: 1. 100%; 2. 100% | U23: Транспортные средства оснащены аппаратурой ГЛОНАСС, но не подключены к РНИС ПК. Требуется заключить акционерное соглашение с мажоритарным акционером ОАО РНИЦ ПК.Проект НПА по предоставлению бюджетных инвестиций находится в стадии согласования.
A24: Департамент сельского хозяйства и продовольствия | C24: =C25+C26+C27+C28+C29+C30++C31+C32+C33+C34+C35+C36+C37+C38+C39+C40+C41+C42+C43+C44+C45 -> 824165.8 | H24: =H25+H26+H27+H28+H29+H30++H31+H32+H33+H34+H35+H36+H37+H38+H39+H40+H41+H42+H43+H44+H45 -> 544340.3 | K24: =K25+K26+K27+K28+K29+K30++K31+K32+K33+K34+K35+K36+K37+K38+K39+K40+K41+K42+K43+K44+K45 -> 913611.2 | L24: =L25+L26+L27+L28+L29+L30++L31+L32+L33+L34+L35+L36+L37+L38+L39+L40+L41+L42+L43+L44+L45 -> 763623.2
A25: Субсидии бюджетам субъектов Российской Федерации и муниципальных образований на возмещение части затрат на уплату процентов организациям, независимо от их организационно-правовых форм, по инвестиционным кредитам, полученным в российских кредитных организациях на приобретение племенного материала рыб, техники и оборудования на срок до пяти лет, на строительство, реконструкцию и модернизацию комплексов (ферм) на срок до восьми лет в 2007 - 2011 годах для осуществления промышленного рыбоводства, в 2012 году для разведения одомашненных видов и пород рыб | S25: 75 | T25: 75 | U25: Использование в с/х производстве элитных семян с/к культур
A26: Субсидии бюджетам субъектов Российской Федерации и муниципальных образований в рамках федеральной целевой программы "Сохранение и восстановление плодородия почв земель сельскохозяйственного назначения и агроландшафтов как национального достояния России на 2006 - 2010 годы и на период до 2013 года"
A27: Субсидии бюджетам субъектов Российской Федерации и муниципальных образований в рамках федеральной целевой программы "Социальное развитие села до 2013 года" | I27: возвращено остатко - 1683,4 тыс. рублей | K27: 1683.4
A29: Субсидии на возмещение части затрат на приобретение элитных семян в рамках подпрограммы "Развитие подотрасли растениеводства, переработки и реализации продукции растениеводства" государственной программы Российской Федерации "Государственная программа развития сельского хозяйства и регулирования рынков сельскохозяйственной продукции, сырья и продовольствия на 2013 - 2020 годы" | B29: Распоряжение Правительства Российской Федерации от 27.11.2014 № 2378-р | C29: 7410.9 | D29: Постановление Правительства Российской Федерации от 12.12.2012 № 1295 "Об утверждении Правил предоставления и распределения субсидий из федерального бюджета бюджетам субъектов Российской Федерации на поддержку отдельных подотраслей растениеводства" | E29: Соглашение о предоставлении субсидий из федерального бюджета бюджету субъекта Российской Федерации от 11.02.2014 № 216/17, заключаемое между Министерством сельского хозяйства Российской Федерации и высшим исполнительным органом государственной власти субъекта Российской Федерации (Администрацией Приморского края). | F29: в соответствии с представленными реестрами выплаты субсидий сельскохозяйственным товаропроизводителям по данному направлению государственной поддержки за счет средств ФБ | G29: ФБ - 88,6 %; КБ - 11,4 % | H29: 10000 | I29: факт поступило из запланиров - 6500,3 тыс. рублей; возвращено остатков- 11029,1 тыс. рублей | J29: 75820202174020000151 | K29: =6500.3+11029.1 -> 17529.4 | L29: 10439.8 | M29: 1455031 | N29: 10439.8 | O29: Перечислено сельскохозяйственным товаропроизводителям в сроки и в порядке, утвержденном постановлением Администрации ПК от 24.04.2014 № 162-па | P29: Соглашение о предоставлении субсидий из федерального бюджета бюджету субъекта Российской Федерации от 11.02.2014 № 216/17, заключаемое между Министерством сельского хозяйства Российской Федерации и высшим исполнительным органом государственной власти субъекта Российской Федерации (Администрацией Приморского края). | Q29: отчеты предоставляются в соответствии с п. 2.2.7. Соглашения | R29: Площадь, засеваемая элитными семенами, в общей площади посевов на территории субъекта Российской Федерации, тыс.га | S29: 75 | T29: 75 | U29: Использование в с/х производстве элитных семян с/к культур
A30: Субсидии на поддержку экономически значимых региональных программ в области растениеводства в рамках подпрограммы "Развитие подотрасли растениеводства, переработки и реализации продукции растениеводства" государственной программы Российской Федерации "Государственная программа развития сельского хозяйства и регулирования рынков сельскохозяйственной продукции, сырья и продовольствия на 2013 - 2020 годы" | B30: Распоряжение Правительства Российской Федерации от 29.10.2014 № 2153-р "О распределении субсидий, предоставляемых в 2014 году из федерального бюджета бюджетам субъектов Российской Федерации на софинансирование расходных обязательств субъектов Российской Федерации, связанных с поддержкой экономически значимых региональных программ развития сельского хозяйства субъектов Российской Федерации в области растениеводства> | C30: 76046 | D30: Постановление Правительства российской Федерации от 17.12.2010 № 1042 ( в редакции Постановлений Правительства РФ от 28.07.2011 N 628, от 22.02.2012 N 138, от 27.12.2012 N 1433, от 25.12.2013 N 1249, от 31.05.2014 N 499) Правила распределения и предоставления субсидий из федерального бюджета бюджетам субъектов Российской Федерации на поддержку экономически значимых региональных программ развития сельского хозяйства субъектов Российской Федерации. | E30: Соглашение о предоставлении субсидий из федерального бюджета бюджету субъекта Российской Федерации от 11.02.2014 № 216/17 | F30: в соответствии с представленными реестрами выплаты субсидий сельскохозяйственным товаропроизводителям по данному направлению государственной поддержки за счет средств ФБ | G30: ФБ - 68,1 %; КБ - 31,9 % | H30: 331 | I30: факт поступило из запланиров - 60400,8 тыс. рублей; возвращено остатков - 48925,8 тыс. рублей | J30: 75820202178020000151 | K30: =60400.8+48925.8 -> 109326.6 | L30: 109326.6 | M30: 1415035 | N30: 109326.6 | O30: Перечислено сельскохозяйственным товаропроизводителям в сроки и в порядке, утвержденном постановлением Администрации ПК от 09.04.2013 № 130-па | P30: Соглашение о предоставлении субсидий из федерального бюджета бюджету субъекта Российской Федерации от 11.02.2014 № 216/17 | Q30: отчеты предоставляются в соответствии с п. 2.2.7. Соглашения | R30: Индексы производства продукции растениеводства, в % к предыдущему году Индексы производства продукции животноводства, в % к предыдущему году | S30: 104,5 109,1 | T30: 119,7 101,7 | U30: Реализация мероприятий экономически значимых региональных программ в области растениеводства и животноводства
A31: Субсидии на возмещение части процентной ставки по краткосрочным кредитам (займам) на развитие растениеводства, переработки и реализации продукции растениеводства в рамках подпрограммы "Развитие подотрасли растениеводства, переработки и реализации продукции растениеводства" государственной программы Российской Федерации "Государственная программа развития сельского хозяйства и регулирования рынков сельскохозяйственной продукции, сырья и продовольствия на 2013 - 2020 годы" | B31: Распоряжение Правительства Российской Федерацииот 27.11.2014 № 2380-р "О распределении субсидий предоставляемых в 2014 году из федерального бюджета на бюджету субъекта Российской Федерации на софинансирование бюджетных обязательств субъектов РФ, связанных с возмещением процентной ставки по краткосрочным кредитам на развитие животноводства, переработки и реализации продукции животноводства | C31: 25246.3 | D31: Постановление Правительства Российской Федерации от 28 декабря 2012 г. № 1460 «Об утверждении Правил предоставления и распределения субсидий из федерального бюджета бюджетам субъектов Российской Федерации на возмещение части затрат на уплату процентов по кредитам, полученным в российских кредитных организациях, и займам, полученным в сельскохозяйственных кредитных потребительских кооперативах» | E31: Соглашение о предоставлении субсидий из федерального бюджета бюджету субъекта Российской Федерации от 11.02.2014 № 216/17 | F31: в соответствии с представленными реестрами выплаты субсидий сельскохозяйственным товаропроизводителям по данному направлению государственной поддержки за счет средств ФБ | G31: ФБ - 95,0 %; КБ - 5,0 % | H31: 20000 | I31: факт поступило из запланиров - 24724,5 тыс. рублей; возвращено остатков - 7702,0 тыс. рублей | J31: 75820202181020000151 | K31: =24724.5+7702 -> 32426.5 | L31: 32426.5 | M31: 1425038 | N31: 32426.5 | O31: Перечислено сельскохозяйственным товаропроизводителям в сроки и в порядке, утвержденном постановлением Администрации ПК от 09.04.2013 № 127-па | P31: Соглашение о предоставлении субсидий из федерального бюджета бюджету субъекта Российской Федерации от 11.02.2014 № 216/17 | Q31: отчеты предоставляются в соответствии с п. 2.2.7. Соглашения | R31: Объем субсидируемых кредитов (займов), предусмотренных по кредитным договорам (договорам займа), заключенным на срок до 1 года на цели развития растениеводства, тыс.руб. | S31: 205700 | T31: 1887210.6 | U31: Возмещение части затрат по уплате процентов по кредитам
A32: Субсидии на возмещение части процентной ставки по инвестиционным кредитам (займам) на развитие растениеводства, переработки и развития инфраструктуры и логистического обеспечения рынков продукции растениеводства в рамках подпрограммы "Развитие подотрасли растениеводства, переработки и реализации продукции растениеводства" государственной программы Российской Федерации "Государственная программа развития сельского хозяйства и регулирования рынков сельскохозяйственной продукции, сырья и продовольствия на 2013 - 2020 годы" | B32: Распоряжение Правительства Российской Федерации от 27.11.2014 № 2357-р | C32: 53897.7 | D32: Постановление Правительства Российской Федерации от 28 декабря 2012 г. № 1460 | E32: Соглашение о предоставлении субсидий из федерального бюджета бюджету субъекта Российской Федерации от 11.02.2014 № 216/17 | F32: в соответствии с представленными реестрами выплаты субсидий сельскохозяйственным товаропроизводителям по данному направлению государственной поддержки за счет средств ФБ | G32: ФБ - 95,0 %; КБ - 5,0 % | H32: 28300 | I32: факт поступило из запланиров - 53878,4 тыс. рублей; возвращено остатков - 2604,4 тыс. рублей | J32: 75820202182020000151 | K32: 56482.8 | L32: 56482.8 | M32: 1425039 | N32: 56482.8 | O32: Перечислено сельскохозяйственным товаропроизводителям в сроки и в порядке, утвержденном постановлением Администрации ПК от 09.04.2013 № 127-па | P32: Соглашение о предоставлении субсидий из федерального бюджета бюджету субъекта Российской Федерации от 11.02.2014 № 216/17 | Q32: отчеты предоставляются в соответствии с п. 2.2.7. Соглашения | R32: Объем субсидируемых инвестиционных кредитов (займов), предоставленных по инвестиционным кредитам (займам), полученным на цели развития растениеводства, тыс.руб. | S32: 503205.6 | T32: 909824.5 | U32: Возмещение части затрат по уплате процентов по кредитам
A33: Субсидии на возмещение части затрат сельскохозяйственных товаропроизводителей на уплату страховой премии, начисленной по договору сельскохозяйственного страхования в области растениеводства, в рамках подпрограммы "Развитие подотрасли растениеводства, переработки и реализации продукции растениеводства" государственной программы Российской Федерации "Государственная программа развития сельского хозяйства и регулирования рынков сельскохозяйственной продукции, сырья и продовольствия на 2013 - 2020 годы" | B33: Распоряжение Правительства Российской Федерации от 28 01 2014 № 80_р о распределении субсидий выделяемых из федерального бюджета на возмещение части затрат сельскохозяйственнных товаропроизводителей на уплату страховой премии начисленной по договорам сельскохозяйственного страхования в области растениеводства | C33: 1145.5 | D33: Постановление Правительства Российской Федерации от 22 декабря 2012 г. № 1371 «Об утверждении Правил предоставления и распределения субсидий из федерального бюджета бюджетам субъектов Российской Федерации на возмещение части затрат сельскохозяйственных товаропроизводителей на уплату страховых премий по договорам сельскохозяйственного страхования» | E33: Соглашение о предоставлении субсидий из федерального бюджета бюджету субъекта Российской Федерации от 11.02.2014 № 216/17 | F33: в соответствии с представленными реестрами выплаты субсидий сельскохозяйственным товаропроизводителям по данному направлению государственной поддержки за счет средств ФБ | G33: ФБ - 88,6 %; КБ - 11,4 % | H33: 6860.4 | I33: факт поступило из запланиров - 1145,4 тыс. рублей; возвращено остатков - 8429,0 тыс. рублей | J33: 75820202183020000151 | K33: =1145.4+8429 -> 9574.4 | L33: 9574.4 | M33: 1425040 | N33: 9574.4 | O33: Перечислено сельскохозяйственным товаропроизводителям в сроки и в порядке, утвержденном постановлением Администрации ПК от 09.04.2013 № 127-па | P33: Соглашение о предоставлении субсидий из федерального бюджета бюджету субъекта Российской Федерации от 11.02.2014 № 216/17 | Q33: отчеты предоставляются в соответствии с п. 2.2.7. Соглашения | R33: Застрахованные площади посевов (посадок) сельскохозяйственных культур, тыс.га. | S33: 97 | T33: 124.56 | U33: Средства субсидий на возмещение части затрат по уплате страховой премии по договорам сельскохозяйственного страхования включаются в оборот при с/х производстве
A34: Субсидии на оказание несвязанной поддержки сельскохозяйственным товаропроизводителям в области растениеводства в рамках подпрограммы "Развитие подотрасли растениеводства, переработки и реализации продукции растениеводства" государственной программы Российской Федерации "Государственная программа развития сельского хозяйства и регулирования рынков сельскохозяйственной продукции, сырья и продовольствия на 2013 - 2020 годы" | B34: Распоряжение Правительства РФ от 29.11.2014. № 2406-р "О распределении субсидий, предоставляемых в 2014 г. из федерального бюджета бюджетам субъектов РФ на софинансирование расходных обязательств субъектов РФ на оказание несвязанной поддержки сельскохозяйственным товаропроизводителям в области растениеводства" | C34: 129577.5 | D34: Постановление Правительства Российской Федерации от 27 декабря 2012 г. № 1431 «Об утверждении Правил предоставления и распределения субсидий из федерального бюджета бюджетам субъектов Российской Федерации на оказание несвязанной поддержки сельскохозяйственным товаропроизводителям в области растениеводства» | E34: Соглашение о предоставлении субсидий из федерального бюджета бюджету субъекта Российской Федерации от 11.02.2014 № 216/17 | F34: в соответствии с представленными реестрами выплаты субсидий сельскохозяйственным товаропроизводителям по данному направлению государственной поддержки за счет средств ФБ | G34: ФБ - 68,1 %; КБ - 31,9 % | H34: 248627 | I34: факт поступило из запланиров - 129577,5 тыс. рублей; возвращено остатков - 12651,2 тыс. рублей | J34: 75820202184020000151 | K34: =129577.5+12651.2 -> 142228.7 | L34: 142228.7 | M34: 1455041 | N34: 142228.7 | O34: Перечислено сельскохозяйственным товаропроизводителям в сроки и в порядке, утвержденном постановлением Администрации ПК от 27.03.2013 № 105-па | P34: Соглашение о предоставлении субсидий из федерального бюджета бюджету субъекта Российской Федерации от 11.02.2014 № 216/17 | Q34: отчеты предоставляются в соответствии с п. 2.2.7. Соглашения | R34: Уровень интенсивности использования посевных площадей в субъекте Российской Федерации, тонн/га | S34: 1.344 | T34: 1.34 | U34: Оказывается существенная финансовая помощь при проведении сезонных полевых работ
A35: Субсидии на поддержку племенного животноводства в рамках подпрограммы "Развитие подотрасли животноводства, переработки и реализации продукции животноводства" государственной программы Российской Федерации "Государственная программа развития сельского хозяйства и регулирования рынков сельскохозяйственной продукции, сырья и продовольствия на 2013 - 2020 годы" | B35: Распоряжение Правительства Российской Федерации от 28.01. 2014 № 81-р "О распределении средств выделяемых из федерального бюджета на софинансирование бюджетных обзятельств субъекта Российской Федерации связанных с поддержкой племенного животноводства | C35: 8403 | D35: Постановление Правительства Российской Федерации от 04.12.2012 № 1257 «О предоставлении и распределении субсидий из федерального бюджета бюджетам субъектов Российской Федерации на поддержку племенного животноводства Правила предоставления и распределения субсидий из федерального бюджета бюджетам субъектов Российской Федерации на поддержку племенного животноводства» | E35: Соглашение о предоставлении субсидий из федерального бюджета бюджету субъекта Российской Федерации от 11.02.2014 № 216/17 | F35: в соответствии с представленными реестрами выплаты субсидий сельскохозяйственным товаропроизводителям по данному направлению государственной поддержки за счет средств ФБ | G35: ФБ - 88,6 %; КБ - 11,4 % | H35: 3936.2 | J35: 75820202185020000151 | K35: 8403 | L35: 8403 | M35: 1465042 | N35: 8403 | O35: перечислено сельскохозяйственным товаропроизводителям в сроки и в порядке, утвержденном постановлением Администрации ПК от 09.04.2013 № 130-па | P35: Соглашение о предоставлении субсидий из федерального бюджета бюджету субъекта Российской Федерации от 11.02.2014 № 216/17 | Q35: отчеты предоставляются в соответствии с п. 2.2.7. Соглашения | R35: Численность племенного поголовья сельскохозяйственных животных, всего, тыс. усл. гол. | S35: 3.708 | T35: 3.521 | U35: Сохранение и увеличение поголовья племенных животных
A36: Субсидии на 1 килограмм реализованного и (или) отгруженного на собственную переработку молока в рамках подпрограммы "Развитие подотрасли животноводства, переработки и реализации продукции животноводства" государственной программы Российской Федерации "Государственная программа развития сельского хозяйства и регулирования рынков сельскохозяйственной продукции, сырья и продовольствия на 2013 - 2020 годы" | B36: Рапоряжение Правительства Российской Федерации от 14.05.2014 № 809-р об утверждении распределения из федерального бюджета субсидий на 1 килограмм реализованного и (или отгруженного на собственную переработку молока». | C36: 17637.5 | D36: Постановление Правительства Российской Федерации от 22.12.2012 № 1370 «Об утверждении Правил предоставления и распределения субсидий из федерального бюджета бюджетам субъектов Российской Федерации на возмещение части затрат сельскохозяйственных товаропроизводителей на 1 литр (килограмм) реализованного товарного молока» | E36: Соглашение о предоставлении субсидий из федерального бюджета бюджету субъекта Российской Федерации от 11.02.2014 № 216/17 | F36: в соответствии с представленными реестрами выплаты субсидий сельскохозяйственным товаропроизводителям по данному направлению государственной поддержки за счет средств ФБ | G36: ФБ - 88,6 %; КБ - 11,4 % | H36: 2270 | J36: 75820202186020000151 | K36: 17637.5 | L36: 17637.5 | M36: 1465043 | N36: 17637.5 | O36: перечислено сельскохозяйственным товаропроизводителям в сроки и в порядке, утвержденном постановлением Администрации ПК от 09.04.2013 № 130-па | Q36: отчеты предоставляются в соответствии с п. 2.2.7. Соглашения | R36: Объем производства молока, тыс. тонн; Молочная продуктивность коров, кг/гол в год; Выход телят, гол. на 100 гол. Коров | S36: 113,2 4106,0 73,0 | T36: 118,4 4997,0 74,0 | U36: Снижение затрат на производство молока,
A37: Субсидии на возмещение части процентной ставки по краткосрочным кредитам (займам) на развитие животноводства, переработки и реализации продукции животноводства в рамках подпрограммы "Развитие подотрасли животноводства, переработки и реализации продукции животноводства" государственной программы Российской Федерации "Государственная программа развития сельского хозяйства и регулирования рынков сельскохозяйственной продукции, сырья и продовольствия на 2013 - 2020 годы" | B37: Распоряжение Правительства Российской Федерации от 27.11.2014 № 2379-р "О распределении субсидий, предоставляемых в 2014 году из федерального бюджета бюджетам субъектов Российской Федерации на софинансирование расходных обязательств субъектов Российской Федерации, связанных с возмещением части процентной ставки по краткосрочным кредитам (займам) на развитие животноводства, переработки и реализации продукции животноводства | C37: 12506 | D37: Постановление Правительства Российской Федерации от 28.12.2012 № 1460 «Об утверждении Правил предоставления и распределения субсидий из федерального бюджета бюджетам субъектов Российской Федерации на возмещение части затрат на уплату процентов по кредитам, полученным в российских кредитных организациях, и займам, полученным в сельскохозяйственных кредитных потребительских кооперативах» | E37: Соглашение о предоставлении субсидий из федерального бюджета бюджету субъекта Российской Федерации от 11.02.2014 № 216/17 | F37: в соответствии с представленными реестрами выплаты субсидий сельскохозяйственным товаропроизводителям по данному направлению государственной поддержки за счет средств ФБ | G37: ФБ - 95,0 %; КБ - 5,0 % | H37: 14000 | I37: факт поступило из запланиров - 12309,7 тыс. рублей; возвращено остатков - 15770,9 тыс. рублей | J37: 75820202190020000151 | K37: =12309.7+15770.9 -> 28080.6 | L37: 28080.6 | M37: 1425047 | N37: 28080.6 | O37: Перечислено сельскохозяйственным товаропроизводителям в сроки и в порядке, утвержденном постановлением Администрации ПК от 09.04.2013 № 127-па | Q37: отчеты предоставляются в соответствии с п. 2.2.7. Соглашения | R37: Объем субсидируемых кредитов (займов), предусмотренных по кредитным договорам (договорам займа), заключенным на срок до 1 года на цели развития животноводства, тыс.руб. | S37: 159500 | T37: 892100.1 | U37: Возмещение части затрат по уплате процентов по кредитам
A38: Субсидии на возмещение части процентной ставки по инвестиционным кредитам (займам) на развитие животноводства, переработки и развития инфраструктуры и логистического обеспечения рынков продукции животноводства в рамках подпрограммы "Развитие подотрасли животноводства, переработки и реализации продукции животноводства" государственной программы Российской Федерации "Государственная программа развития сельского хозяйства и регулирования рынков сельскохозяйственной продукции, сырья и продовольствия на 2013 - 2020 годы" | B38: Распоряжение Правительства Российской Федерации от 27.11.2014 № 2357-р "О распределении субсидий предоставляемых в 2014 году из федерального бюджета на бюджету субъекта Российской Федерации на софинансирование бюджетных обязательств субъектов РФ, связанных с возмещением процентной ставки по ивестиционным кредитам на развитие животноводства, переработки и реализации продукции животноводства | C38: 338002.4 | D38: Постановление Правительства Российской Федерации от 28.12.2012 № 1460 «Об утверждении Правил предоставления и распределения субсидий из федерального бюджета бюджетам субъектов Российской Федерации на возмещение части затрат на уплату процентов по кредитам, полученным в российских кредитных организациях, и займам, полученным в сельскохозяйственных кредитных потребительских кооперативах» | E38: Соглашение о предоставлении субсидий из федерального бюджета бюджету субъекта Российской Федерации от 11.02.2014 № 216/17 | F38: в соответствии с представленными реестрами выплаты субсидий сельскохозяйственным товаропроизводителям по данному направлению государственной поддержки за счет средств ФБ | G38: ФБ - 95,0 %; КБ - 5,0 % | H38: 74688.5 | I38: факт поступило из запланиров - 327890,2 тыс. рублей; возвращено остатков - 7522,9 тыс. рублей | J38: 75820202191020000151 | K38: =327890.2+7522.9 -> 335413.1 | L38: 196150.6 | M38: 1425048 | N38: 196150.6 | O38: Перечислено сельскохозяйственным товаропроизводителям в сроки и в порядке, утвержденном постановлением Администрации ПК от 09.04.2013 № 127-па | Q38: отчеты предоставляются в соответствии с п. 2.2.7. Соглашения | R38: Объем субсидируемых инвестиционных кредитов (займов), предоставленных по инвестиционным кредитам (займам), полученным на цели развития животноводства, тыс.руб. | S38: 1597383.1 | T38: 3353032.6 | U38: Возмещение части затрат по уплате процентов по кредитам
A39: Субсидии на возмещение части затрат сельскохозяйственных товаропроизводителей на уплату страховой премии, начисленной по договору сельскохозяйственного страхования в области животноводства, в рамках подпрограммы "Развитие подотрасли животноводства, переработки и реализации продукции животноводства" государственной программы Российской Федерации "Государственная программа развития сельского хозяйства и регулирования рынков сельскохозяйственной продукции, сырья и продовольствия на 2013 - 2020 годы" | B39: Распоряжение Правительства Российской Федерации от 28 01 2014 № 80-р о распределении субсидий выделяемых из федерального бюджета на возмещение части затрат сельскохозяйственнных товаропроизводителей на уплату страховой премии начисленной по договорам сельскохозяйственного страхования в области животноводства | C39: 1054.6 | D39: Постановление Правительства Российской Федерации от 22 декабря 2012 г. № 1371 «Об утверждении Правил предоставления и распределения субсидий из федерального бюджета бюджетам субъектов Российской Федерации на возмещение части затрат сельскохозяйственных товаропроизводителей на уплату страховых премий по договорам сельскохозяйственного страхования» | E39: Соглашение о предоставлении субсидий из федерального бюджета бюджету субъекта Российской Федерации от 11.02.2014 № 216/17 | F39: в соответствии с представленными реестрами выплаты субсидий сельскохозяйственным товаропроизводителям по данному направлению государственной поддержки за счет средств ФБ | G39: ФБ - 88,6 %; КБ - 11,4 % | H39: 2307.1 | J39: 75820202192020000151 | K39: 1054.6 | L39: 1054.6 | M39: 1425049 | N39: 1054.6 | O39: Перечислено сельскохозяйственным товаропроизводителям в сроки и в порядке, утвержденном постановлением Администрации ПК от 09.04.2013 № 126-па | P39: Соглашение о предоставлении субсидий из федерального бюджета бюджету субъекта Российской Федерации от 11.02.2014 № 216/17 | Q39: отчеты предоставляются в соответствии с п. 2.2.7. Соглашения | R39: Застрахованное поголовье сельскохозяйственных животных, тыс.усл.гол | S39: 48 | T39: 0 | U39: Средства субсидий на возмещение части затрат по уплате страховой премии по договорам сельскохозяйственного страхования включаются в оборот при с/х производстве
A40: Субсидии на поддержку племенного крупного рогатого скота мясного направления в рамках подпрограммы "Развитие мясного скотоводства" государственной программы Российской Федерации "Государственная программа развития сельского хозяйства и регулирования рынков сельскохозяйственной продукции, сырья и продовольствия на 2013 - 2020 годы" | B40: Распоряжение Правительства Российской Федерации от 28 01 2014 № 81-р о паспределении средств выделяемых из федерального бюджета на софинансирование бюджетных обзятельств субъекта Российской Федерации связанных с поддержкой племенного животноводства крупного рогатого скота мясного направления | C40: 42.9 | D40: Постановление Правительства Российской Федерации от 04.12.2012 № 1257 «Правила предоставления и распределения субсидий из федерального бюджета бюджетам субъектов Российской Федерации на поддержку племенного животноводства» | E40: Соглашение о предоставлении субсидий из федерального бюджета бюджету субъекта Российской Федерации от 11.02.2014 № 216/17 | F40: в соответствии с представленными реестрами выплаты субсидий сельскохозяйственным товаропроизводителям по данному направлению государственной поддержки за счет средств ФБ | G40: ФБ - 88,6 %; КБ - 11,4 % | H40: 20.1 | I40: возвращ. остатки - 72,5 тыс. рублей | J40: 75820202193020000151 | K40: 72.5 | L40: 0 | M40: 1465050 | N40: 0 | Q40: отчеты предоставляются в соответствии с п. 2.2.7. Соглашения | R40: Реализация племенного молодняка крупного рогатого скота молочного и мясного направлений (тыс. голов). | S40: 0.178 | T40: 0.184 | U40: -
A41: Субсидии на поддержку начинающих фермеров в рамках подпрограммы "Поддержка малых форм хозяйствования" государственной программы развития сельского хозяйства и регулирования рынков сельскохозяйственной продукции, сырья и продовольствия на 2013 - 2020 годы" | B41: Рапоряжение Правительства Российской Федерации от 06.10.2014 № 1963-р об утверждении распределения субсидий, предоставляемых из федерального бюджета бюджетам субъектов РФ на софинансирование расходных обязательств связянных с реализацией мероприятий по предоставлению грантов на создание крестьянского (фермерского) хозяйства и единовременной помощи на бытовое обустройство начинающим фермерам. | C41: 36124 | D41: Постановление Правительства Российской Федерации от 28 февраля 2012 г. № 166 «Об утверждении Правил предоставления и распределения субсидий из федерального бюджета бюджетам субъектов Российской Федерации на поддержку начинающих фермеров» | E41: Соглашение о предоставлении субсидий из федерального бюджета бюджету субъекта Российской Федерации от 11.02.2014 № 216/17 | F41: в соответствии с представленными реестрами выплаты субсидий сельскохозяйственным товаропроизводителям по данному направлению государственной поддержки за счет средств ФБ | G41: ФБ - 68,0 %; КБ - 32,0 % | H41: 17000 | J41: 75820202196020000151 | K41: 34748.3 | L41: 34748.3 | M41: 1415053 | N41: 34748.3 | O41: Перечислено сельскохозяйственным товаропроизводителям в сроки и в порядке, утвержденном постановлением Администрации ПК от 20.05.2013 № 193-па | P41: Соглашение о предоставлении субсидий из федерального бюджета бюджету субъекта Российской Федерации от 11.02.2014 № 216/17 | Q41: отчеты предоставляются в соответствии с п. 2.2.7. Соглашения | R41: Прирост численности крестьянских (фермерских) хозяйств начинающих фермеров | S41: 36 | T41: 36 | U41: Финансовая устоичивость крестьянских фермерских хозяйств
A42: Субсидии на развитие семейных животноводческих ферм в рамках подпрограммы "Поддержка малых форм хозяйствования" государственной программы Российской Федерации "Государственная программа развития сельского хозяйства и регулирования рынков сельскохозяйственной продукции, сырья и продовольствия на 2013 - 2020 годы" | B42: Рапоряжение Правительства Российской Федерации от 06.10.2014 № 1961-р об утверждении распределения субсидий в2014 году,предоставляемых из федерального бюджета бюджетам субъектов РФ на софинансирование расходных обязательств связянных с реализацией мероприятий по предоставлению грантов на поддержку семейных животноводческих ферм. | C42: 41086 | D42: Постановление Правительства Российской Федерации от 28.02.2012 г. № 165 «Об утверждении Правил предоставления и распределения субсидий из федерального бюджета бюджетам субъектов Российской Федерации на развитие семейных животноводческих ферм» | E42: Соглашение о предоставлении субсидий из федерального бюджета бюджету субъекта Российской Федерации от 11.02.2014 № 216/17 | F42: в соответствии с представленными реестрами выплаты субсидий сельскохозяйственным товаропроизводителям по данному направлению государственной поддержки за счет средств ФБ | G42: ФБ - 54,0 %; КБ - 46,0 % | H42: 35000 | J42: 75820202197020000151 | K42: 41086 | L42: 41086 | M42: 1415054 | N42: 41086 | O42: Перечислено сельскохозяйственным товаропроизводителям в сроки и в порядке, утвержденном постановлением Администрации ПК от 20.05.2013 № 193-па | P42: Соглашение о предоставлении субсидий из федерального бюджета бюджету субъекта Российской Федерации от 11.02.2014 № 216/17 | Q42: отчеты предоставляются в соответствии с п. 2.2.7. Соглашения | R42: Прирост численности семейных животноводческих ферм | S42: 8 | T42: 8 | U42: Финансовая устоичивость семейных животноводческих ферм
A43: Субсидии на возмещение части процентной ставки по долгосрочным, среднесрочным и краткосрочным кредитам, взятым малыми формами хозяйствования, в рамках подпрограммы "Поддержка малых форм хозяйствования" государственной программы Российской Федерации "Государственная программа развития сельского хозяйства и регулирования рынков сельскохозяйственной продукции, сырья и продовольствия на 2013 - 2020 годы" | B43: Распоряжение Правительства Российской Федерации от 27.11.2014 № 2381-р "Распределение субсидий, предоставляемых в 2014 году из федерального бюджета бюджетам субъектов Российской Федерации на софинансирование расходных обязательств субъектов Российской Федерации, связанных с возмещением части процентной ставки по долгосрочным, среднесрочным и краткосрочным кредитам, взятым малыми формами хозяйствования" | C43: 4668.5 | D43: Постановление Правительства Российской Федерации от 28 декабря 2012 г. № 1460 «Об утверждении Правил предоставления и распределения субсидий из федерального бюджета бюджетам субъектов Российской Федерации на возмещение части затрат на уплату процентов по кредитам, полученным в российских кредитных организациях, и займам, полученным в сельскохозяйственных кредитных потребительских кооперативах» | E43: Соглашение о предоставлении субсидий из федерального бюджета бюджету субъекта Российской Федерации от 11.02.2014 № 216/17 | F43: в соответствии с представленными реестрами выплаты субсидий сельскохозяйственным товаропроизводителям по данному направлению государственной поддержки за счет средств ФБ | G43: ФБ - 95,0 %; КБ - 5,0 % | H43: 3000 | I43: факт поступило из запланиров - 4668,4 тыс. рублей; возвращено остатков - 2274,5 тыс. рублей | J43: 75820202198020000151 | K43: =4668.4+2274.5 -> 6942.9 | L43: 6942.9 | M43: 1425055 | N43: 6942.9 | O43: Перечислено сельскохозяйственным товаропроизводителям в сроки и в порядке, утвержденном постановлением Администрации ПК от 09.04.2013 № 127-па | P43: Соглашение о предоставлении субсидий из федерального бюджета бюджету субъекта Российской Федерации от 11.02.2014 № 216/17 | Q43: отчеты предоставляются в соответствии с п. 2.2.7. Соглашения | R43: Объем субсидируемых кредитов (займов), предоставленных по кредитам (займам), полученным гражданами, ведущими личное подсобное хозяйство по кредитным договорам (займам), тыс.руб. | S43: 87500 | T43: 81903.8 | U43: Возмещение части затрат по уплате процентов по кредитам
A44: Субсидии на возмещение части затрат крестьянских (фермерских) хозяйств, включая индивидуальных предпринимателей, при оформлении в собственность используемых ими земельных участков из земель сельскохозяйственного назначения в рамках подпрограммы "Поддержка малых форм хозяйствования" государственной программы Российской Федерации "Государственная программа развития сельского хозяйства и регулирования рынков сельскохозяйственной продукции, сырья и продовольствия на 2013 - 2020 годы" | B44: Распоряжение Министерства сельского хозяйства Российской Федерации от 12.12.2014 № 2534-р "О распределении в 2014 году субсидий, предоставляемых из федерального бюджета бюджетам субъектов Российской Федерации на возмещение части затрат крестьянских (фермерских) хозяйств, включая индивидуальных предпринимателей, при оформлении в собственность используемых ими земельных участков из земель сельскохозяйственного назначения> | C44: 1939 | D44: Постановление Правительства Российской Федерации от 26.12.2014 № 1522 «О внесении изменений в Правила предоставления и распределения субсидий из федерального бюджета бюджетам субъектов Российской Федерации на возмещение части затрат крестьянских (Фермерских) хозяйств, включая индивидуальных предпринимателей, при оформлении в собственность используемых ими земельных участков из земель сельскохозяйственного назначения» (постановление Правительтства Российской Федерации от 31.10.2011 № 874 "Об утверждении правил предоставления...) | E44: Соглашение о предоставлении субсидий из федерального бюджета бюджету субъекта Российской Федерации от 11.02.2014 № 216/17 | F44: в соответствии с представленными реестрами выплаты субсидий сельскохозяйственным товаропроизводителям по данному направлению государственной поддержки за счет средств ФБ | G44: ФБ - 54,5 %; КБ - 45,5 % | H44: 3000 | I44: 1920.2 | J44: 75820202199020000151 | K44: 1920.2 | L44: 40.2 | M44: 1475056 | N44: 40.2 | P44: Соглашение о предоставлении субсидий из федерального бюджета бюджету субъекта Российской Федерации от 11.02.2014 № 216/17 | Q44: отчеты предоставляются в соответствии с п. 2.2.7. Соглашения | R44: Площадь земельных участков, оформленных в собственность крестьянских (фермерских) хозяйств в текущем году, тыс.га. | S44: 3.5 | T44: 0.07 | U44: -
A45: Субсидии на реализацию мероприятий федеральной целевой программы "Устойчивое развитие сельских территорий на 2014 - 2017 годы и на период до 2020 года" государственной программы Российской Федерации "Государственная программа развития сельского хозяйства и регулирования рынков сельскохозяйственной продукции, сырья и продовольствия на 2013 - 2020 годы" | B45: Постановление Правительства Российской Федерации от 31.03.2014 № 479-р распределение субсидий в рамках программы «Устойчивое развитие сельских территорий на 2014-2017 годы и на период до 2020 года» | C45: 69378 | D45: Постановление Правительства Российской Федерации от 15.07.2013 № 598 «О федеральной целевой программе «Устойчивое развитие сельских территорий на 2014 - 2017 годы и на период до 2020 года» | E45: Соглашение о порядке и условиях предоставления субсидий из федерального бюджета бюджету Приморского края на реализацию мероприятий федеральной целевой программы "Устойчивое развитие сельских территорий на 2014-2017 годы и на период до 2020 года" на 2014 год | F45: по утвержденному списку участников программы | G45: ФБ - 30,0 %; КБ - 70,0 % | H45: 75000 | I45: - | J45: 758 2 02 02085 02 0000 151 | K45: 69000.7 | L45: 69000.7 | M45: 14Б5018 | N45: 69000.7 | O45: Средства участникам программы перечислены | P45: Соглашение о порядке и условиях предоставления субсидий из федерального бюджета бюджету Приморского края на реализацию мероприятий федеральной целевой программы «Устойчивое развитие сельских территорий на 2014-2017 года и на период до 2020 года». | Q45: отчеты предоставляются в соответствии с п. 2.2.7. Соглашением | R45: по фактической численности участников программы | S45: 90 | T45: 90 | U45: Улучшение жидищных условий граждан, проживающих в сельской местности
A46: Департамент образования и науки | C46: =C48+C55+C57+C58+C59+C60+C61+C47 -> 975716.1 | H46: =H48+H55+H57+H58+H59+H60+H61+H47 -> 938368.4 | K46: =K48+K55+K57+K58+K59+K60+K61+K47 -> 1327652.1 | L46: =L48+L55+L57+L58+L59+L60+L61+L47 -> 1011670.4 | N46: =N48+N55+N57+N58+N59+N60+N61+N47 -> 1011670.4
A47: Субсидии бюджетам субъектов Российской Федерации и муниципальных образований на ежемесячное денежное вознаграждение за классное руководство | K47: 1.1
A48: Субсидии на модернизацию региональных систем дошкольного образования в рамках подпрограммы "Развитие дошкольного, общего и дополнительного образования детей" государственной программы Российской Федерации "Развитие образования" на 2013 - 2020 годы | B48: Распоряжение от 14.04.2014 № 583-р распределение субсидий, предоставляемых в 2014 году из федерального бюджета бюджетам субъектов РФ на модернизацию региональных систем дошкольного образования в рамках подпрограммы "Развитие дошкольного, общего и дополнительного образования детей" государственной программы РФ "Развитие образования" на 2013-2020 годы | C48: =617794000/1000 -> 617794 | D48: постановления Правительства Российской Федерации 14.04.2014 №289 о порядке предоставления и распределения в 2014 году субсидий из федерального бюджета бюджетам субъектов Российской Федерации на модернизацию региональных систем дошкольного образования в рамках подпрограммы "Развитие дошкольного, общего и доп. образования детей" гос. программы РФ "Развитие образования на 2013-2020 годы" | E48: Соглашение 21.07.2014, №08.T07.24.0662 между Минестерством образования и науки РФ и Администрацией Приморского края о предоставлении субсидии из федерального бюджета бюджету Приморского края на модернизацию региональных систем дошкольного образования | F48: В 10-ти дневный срок с момента подписания Соглашения | G48: ФБ-80%, КБ-20% | H48: =617794000/1000 -> 617794 | I48: п/п от 31.01.2014 № 709, п/п от 25.07.2014 № 937 | J48: 75920202204020000000 | K48: =934246530/1000 -> 934246.53 | L48: =769497002.09/1000 -> 769497 | M48: 0215059 | N48: 769497 | O48: Приложение (052), Уведомления по расчетам между бюджетами по межбюджетным трансфертам № 42-46 | P48: ежеквартально (до 15 числа следующего за отчетным) | Q48: 15.10.2014, 15.01.2015 | R48: Количество мест для реализации программ дошкольного образования, созданных в ходе реализации утвержденного комплекса дополнительных мероприятий, в том числе с возможностью использования для реализации программ общего образования, созданных путем: | S48: 3423/1419 | T48: 3423/1329 | U48: =T48 -> 3423/1329
R49: Средняя стоимость создания одного места, в том числе в рамках строительства и реконструкции, созданного путем:
R50: строительства зданий дошкольных образовательных организаций, в том числе с возможностью использования для реализации программ общего образования | S50: 755580 | T50: 735921 | U50: нужны слова из пояснительной к отчету
R51: Отношение численности детей в возрасте от 3 до 7 лет, осваивающих образовательные программы дошкольного образования, к численности детей в возрасте от 3 до 7 лет, осваивающих образовательные программы дошкольного образования, и численности детей в возрасте от 3 до 7 лет, состоящих на учете для предоставления места в дошкольном образовательном учреждении | S51: 0.97 | T51: 1 | U51: =T51 -> 1
R52: Отношение численности детей в возрасте от 1,5 до 3 лет, осваивающих образовательные программы дошкольного образования, к численности детей в возрасте от 1,5 до 3 лет, осваивающих образовательные программы дошкольного образования, и численности детей в возрасте от 1,5 до 3 лет, состоящих на учете для предоставления места в дошкольном образовательном учреждении с предпочтительной датой приема в текущем году | S52: 0.34 | T52: 0.378 | U52: =T52 -> 0.378
R53: Отношение средней заработной платы педагогических работников дошкольной образовательной организации к средней заработной плате в сфере общего образования в соответствующем субъекте Российской Федерации | S53: 1 | T53: 1 | U53: =T53 -> 1
R54: Повышение доли педагогических и руководящих работников государственных (муниципальных) дошкольных образовательных организаций, прошедших в течение последних 3 лет повышение квалификации или профессиональную переподготовку, в общей численности педагогических и руководящих работников дошкольных образовательных организаций до 100 процентов к 2016 году | S54: 0.706 | T54: 0.771 | U54: =T54 -> 0.771
A55: Субсидии на поощрение лучших учителей в рамках подпрограммы "Развитие дошкольного, общего и дополнительного образования детей" государственной программы Российской Федерации "Развитие образования" на 2013 - 2020 годы | B55: Распоряжение Правительства РФ от 08.02.2014 N 156-р "О распределении субсидий из федерального бюджета бюджетам субъектов Российской Федерации на выплату денежного поощрения лучшим учителям на 2014 год" | C55: 2600 | D55: Постановление Правительства Российской Федерации от 09 февраля 2010 г. № 64 " О выплате денежного поощрения лучшим учителям" | E55: Соглашение между Министерством образования и науки Российской Федерации и Администрацией Приморского края о предоставлении субсидии из федерально бюджета буджету Приморского края на выплату денежного на поощрение лучшим учителям № 08.G21.24.060 | F55: после подписания соглашения | G55: Размер финансового обеспечения за счет средств бюджета Приморского края на выплату поощрения составляет 407 000 ( четыреста семь тысяч) рублей,Уровень софинансирования расходного обязательства субъекта Российской Федерации не может быть установлен выше 95 процентов и ниже 5 процентов расходного обязательства. ФБ-86,4%, КБ-13,6% | H55: 2600 | I55: п/п от 26.09.2014 № 566 | J55: 75920202067020000151 | K55: 2600 | L55: 2600 | M55: 0225088 | N55: 2600 | O55: Приложение (056) | P55: п.2.2.3 Соглашения " не позднее 15 ноября текущего года" | Q55: 42027 | R55: количество лучших учителей, которым выплачено денежное поощрение - 13 человек; | S55: 13 человек | T55: 13 человек | U55: 13 лучшим учителям выплачено денежное поощрение
R56: доля выпускников государственных (муниципальных) общеобразовательных учреждений, не получивших аттестат о среднем (полном) общем образовании – 1,12 проценты. | S56: 0.0112 | T56: 0.004 | U56: доля выпускников государственных (муниципальных) общеобразовательных учреждений, не получивших аттестат о среднем (полном) общем образовании не превышает 1,12%
A57: Субсидии на создание в общеобразовательных организациях, расположенных в сельской местности, условий для занятий физической культурой и спортом в рамках подпрограммы "Развитие дошкольного, общего и дополнительного образования детей" государственной программы Российской Федерации "Развитие образования" на 2013 - 2020 годы | B57: Распоряжение Правительства РФ от 31.03.2014 N 482-р (ред. от 01.10.2014 № 1944-р) <О распределении субсидий, предоставляемых в 2014 году из федерального бюджета бюджетам субъектов Российской Федерации на создание в общеобразовательных организациях, расположенных в сельской местности, условий для занятий физической культурой и спортом в рамках подпрограммы "Развитие дошкольного, общего и дополнительного обр... | C57: 36001.4 | D57: Постановление Правительства РФ от 31.03.2014 N 254 "Об утверждении Правил предоставления и распределения субсидий из федерального бюджета бюджетам субъектов Российской Федерации на создание в общеобразовательных организациях, расположенных в сельской местности, условий для занятий физической культурой и спортом" | E57: Соглашение от 02.07.2014 №09.G9.26.0049 о предоставлении в 2014 году субсидии из федерального бюджета бюджету Приморского края на создание в общеобразовательных организациях, расположенных в сельской местности, условий для занятий физической культурой и спортом" | F57: В целях определения размера и срока перечисления субсидии орган государственной власти субъекта Российской Федерации представляет в Министерство образования и науки Российской Федерации заявку о перечислении субсидии по форме и в срок, которые установлены указанным Министерством. | G57: Уровень софинансирования расходного обязательства субъекта Российской Федерации не может быть установлен выше 95 процентов и ниже 70 процентов расходного обязательства субъекта Российской Федерации, за исключением случаев, установленных абзацем седьмым настоящего пункта.ФБ-95%, КБ-5% | H57: 36001.4 | I57: п/п от 07.07.2014 № 751 п/п от 21.11.2014 № 923 | J57: 75920202215020000151 | K57: 36001.4 | L57: 25079.338 | M57: 759 0702 0225097 244 226 759 0702 0225097 244 310 759 0702 0225097 244 225 | N57: 25079.3 | O57: Приложение (169) | P57: Ежеквартально, не позднее 15-го числа месяца, следующего за отчетным кварталом" | Q57: 16.10.2014 14.01.2015 | R57: Увеличение доли учащихся, занимающихся физической культурой и спортом во внеурочное время, в общей численности учащихся школьного возраста, проживающих в сельской местности соответствующего субъекта Российской Федерации, по следующим уровням общего образования: | S57: 57 | T57: 57 | U57: Установленная соглашением доля учащихся, занимающихся физической культурой и спортом во внеурочное время, в общей численности учащихся школьного возраста, проживающих в сельской местности соответствующего субъекта Российской Федерации, по следующим уровням общего образования достигнута
A58: Субсидии на модернизацию региональных систем общего образования | I58: п/п от 18.04.2014 № 356 | J58: 75920202999020000151 | K58: 1899.4 | L58: 1899 | M58: 0225801 | N58: 1899
A59: Субсидия на финансовое обеспечение мероприятий федеральной целевой программы развития образования на 2011 - 2015 годы в рамках государственной программы Российской Федерации "Развитие образования" на 2013 - 2020 годы | B59: Распоряжение Правительства Российской Федерации от 31.01.2014 № 109-р "Распределение субсидий, предосталвяемых в 2014 году из федерального бюджета бюджетам субъектам Российской Федерации на финансовое обеспечение мероприятий Федеральной целевой программы развития образования на 2011-2015 годы государственной программы Российской Федерации "Развитие образования" на 2013-2020 годы (разработка и внедрение программ модернизации систем профессионального образования субъектов Российской Федерации) | C59: =24072700/1000 -> 24072.7 | D59: Правила предоставления и распределения субсидий из федерального бюджета бюджетам субъектов Российской Федерации на финансовое обеспечение мероприятий Федеральной целевой программы развития образования на 2011 - 2015 годы государственной программы Российской Федерации "Развитие образования" на 2013 - 2020 годы, утвержденные Постановлением Правительства Российской Федерации от 7 февраля 2011 г. № 61 "О Федеральной целевой программе развития образования на 2011 - 2015 годы" | E59: Соглашение о предоставлении субсидий из федерального бюджета бюджету Приморского края на поддержку реализации мероприятий Федеральной целевой программы развития образования на 2011-2015 годы № 06.600.24.0038 от 22.07.2014 г. | F59: соответствии с заявкой о перечислении субсидии (далее - заявка), представленной высшим исполнительным органом государственной власти субъекта Российской Федерации, предоставить субсидию при соблюдении условий, предусмотренных настоящим Соглашением | G59: Объем бюджетных ассигнований, предусмотренных в бюджете Приморского края на софинансирование расходного обязательства субъекта Российской Федерации, по данному Соглашению 42 728 000 (Сорок два миллиона семьсот двадцать восемь тысяч) рублей. | H59: =24072700/1000 -> 24072.7 | I59: п/п от 24.07.2014 №578 | J59: 75920202051020000151 | K59: 24072.7 | L59: 24072.7 | M59: 0245026 | N59: 24072.7 | O59: Заявки на кассовый расход: от 08.08.2014 № 00008329; от 15.08.2014 № 00008494 ; от 20.08.2014 № 00008636, от 04.09.2014 № 00009177, от 20.10.2014 № 00010771 | P59: п. 2.3.9. Соглашения "Ежеквартально, не позднее 15-го числа месяца, следующего за отчетным кварталом" | Q59: 14.01.2015г. | R59: Доля учреждений профессионального образования, внедривших новые программы и модели профессионального образования, разработанные в рамках Программы, в общем количестве учреждений профессионального образования | S59: 0.9 | T59: 0.9 | U59: 90 % професиональных образовательных учреждений, подведомственных департаменту образования и науки Приморского края, внедрили новые программы и модели профессионального образования, разработанные в рамках Программы
A60: Субсидии на мероприятия государственной программы Российской Федерации "Доступная среда" на 2011 - 2015 годы в рамках подпрограммы "Обеспечение доступности приоритетных объектов и услуг в приоритетных сферах жизнедеятельности инвалидов и других маломобильных групп населения" государственной программы Российской Федерации "Доступная среда" на 2011 - 2015 годы | B60: Федеральный закон от 02.12.2013 № 349-ФЗ "О федеральном бюджете на 2014 г. и плановый период 2015 и 2016 годов" | C60: 103721.3 | D60: Постановление Правительства РФ от 26.11.2012 N 1225"О предоставлении субсидий из федерального бюджета на реализацию мероприятий государственной программы Российской Федерации "Доступная среда" на 2011 - 2015 годы и признании утратившими силу некоторых постановлений Правительства Российской Федерации" | E60: Соглашение между Министерством образования и науки Российской Федерации и Администрацией Приморского края о предоставлении субсидии из федерального бюджета бюджету Приморского края на проведение мероприятий по формированию в субъекте Российской Федерации сети базовых общеобразовательных организаций, в которых созданы условия для инклюзивного образования детей - инвалидов | F60: 4 квартал | G60: Объем бюждетных ассигнований субъекта 44 451,99 . ФБ-70%, КБ-30% | H60: 103721.3 | I60: п/п от 10.11.2014 № 165 | J60: 75920202051020000151 | K60: 103721.3 | L60: 0 | M60: 0225027 | N60: 0 | P60: п. 2.3.7. Соглашения "Ежеквартально, до 15-го числа месяца, следующего за отчетным кварталом" | Q60: 15.01.2015 № 23-02-05/161 | R60: доля базовых общеобразовательных организаций, в которых создана универсальная безбарьерная среда для инклюзивного образования детей-инвалидов, в общем колличестве образовательных организаций в субъекте 13,4% | S60: 13,4 | T60: 14,7 | U60: в 14,7 % общеобразовательных организаций создана универсальная безбарьерная среда для инклюзивного образования детей-инвалидов
A61: Субсидии на предоставление жилых помещений детям-сиротам и детям, оставшимся без попечения родителей, лицам из их числа по договорам найма специализированных жилых помещений в рамках подпрограммы "Совершенствование социальной поддержки семьи и детей" государственной программы Российской Федерации "Социальная поддержка граждан" | B61: Объем субсидии из федерального бюджета бюджету субъекта Российской Федерации на 2014 год, утвержденный Федеральным законом от 2.12.2013 № 349-ФЗ "О федеральном бюджете на 2014 год и и плановый период 2015 и 2016 годов", тыс. рублей | C61: 191526.7 | D61: постановление Правительства Российской Федерации от 26 мая 2008 г. № 392 «О формировании, предоставлении и распределении субсидий из федерального бюджета бюджетам субъектов Российской Федерации» и от 31 декабря 2009 г. № 1203 «Об утверждении Правил предоставления и распределения субсидий из федерального бюджета бюджетам субъектов Российской Федерации на предоставление жилых помещений детям-сиротам и детям | E61: Соглашение от 11.07.2014 N 01-01-06/06-184 о предоставлении в 2014 году субсидии из федерального бюджета бюджету Приморского края на предоставление жилых помещений детям-сиротам и детям, оставшимся без попечения родителей, лицам из их числа по договорам найма специализированных жилых помещений | F61: Согласно заявки на перечисление субсидии из федерального бюджета бюджету Приморского края на предоставление жилых помещений детям-сиротам и детям, оставшимся без попечения родителей, лицам из их числа по договорам найма специализированных жилых помещений в 2014 году ( 2 квалтал 2014) | G61: соблюдение уровня софинансирования расходного обязательства Субъекта Российской Федерации за счет средств бюджета Субъекта Российской Федерации на уровне 56,4 процентов исходя из уровня софинансирования указанного расходного обязательства за счет Субсидии 43,6 процентов. | H61: 154179 | I61: п/п от 09.04.2014 №10 п/п от 15.07.2014 №781 | J61: 75920202173020000151 | K61: 225109.7 | L61: =188522377.55/1000 -> 188522.38 | M61: 0655082 | N61: =L61 -> 188522.38 | O61: Приложение (166) | P61: Ежеквартально (не позднее 15 числа месяца, следующего за отчетным кварталом) пр | Q61: отчет в срок заполняется на сайте Минфина РФ: 23.01.2015 14.10.2014 15,07,2014 | R61: Численность детей-сирот и лиц из их числа, обеспеченных жилыми помещениями по договорам найма специализированных жилых помещений на конец отчетного квартала (года) | S61: 238 | T61: 302 | U61: 126,89% Показатель Численности детей-сирот и лиц из их числа, обеспеченных жилыми помещениями по договорам найма специализированных жилых помещений на конец отчетного года-выполнен
A62: Департамент труда и социального развития | C62: =C63+C64+C65+C66+C68+C69+C67 -> 459848.5 | H62: =H63+H64+H65+H66+H68+H69+H67 -> 459848.5 | K62: =K63+K64+K65+K66+K68+K69+K67 -> 460052.2 | L62: =L63+L64+L65+L66+L68+L69+L67 -> 444415.15 | N62: =N63+N64+N65+N66+N68+N69+N67 -> 444415.15
A63: Субсидии на мероприятия по проведению оздоровительной кампании детей в рамках подпрограммы "Совершенствование социальной поддержки семьи и детей" государственной программы Российской Федерации "Социальная поддержка граждан" | B63: Федеральный закон от 2 декабря 2013 года № 349-ФЗ "О федеральном бюджете на 2014 год и плановый период 2015 и 2016 годов" | C63: 75794.9 | D63: Постановление Правительства РФ от 29.12.2009 N 1106 "О порядке предоставления из федерального бюджета субсидий бюджетам субъектов Российской Федерации на реализацию мероприятий по проведению оздоровительной кампании детей, находящихся в трудной жизненной ситуации" | E63: Соглашение «О предоставлении в 2014 году субсидии из федерального бюджета бюджету Приморского края на реализацию мероприятий по проведению оздоровительной кампании детей, находящихся в трудной жизненной ситуации» № 12-2/1106/59/6 от 10.02.2014 | H63: =K63 -> 75794.9 | I63: п/п от 19.02.14 № 636 | J63: 76020202005020000151 | K63: 75794.9 | L63: 75794.9 | M63: 0395065 | N63: =L63 -> 75794.9 | O63: массив платежных поручений | R63: количество направленных на отдых и озоровление детей, находящихся в трудной жизненной ситуации | S63: 9074 | T63: 9074
A64: Субсидии на ежемесячную денежную выплату, назначаемую в случае рождения третьего ребенка или последующих детей до достижения ребенком возраста трех лет, в рамках подпрограммы "Совершенствование социальной поддержки семьи и детей" государственной программы Российской Федерации "Социальная поддержка граждан" | B64: Распоряжение Правительства РФ от 17.12.2013 N 2382-р (ред. от 04.11.2014) "О распределении в 2014 году субсидий из федерального бюджета бюджетам субъектов Российской Федерации на софинансирование расходных обязательств субъектов Российской Федерации, возникающих при назначении ежемесячной денежной выплаты нуждающимся в поддержке семьям в связи с рождением третьего или последующих детей" | C64: 335848 | D64: Постановление Правительства РФ от 31 октября 2012 г. N 1112 "Об утверждении Правил предоставления и распределения субсидий из федерального бюджета бюджетам субъектов Российской Федерации на софинансирование расходных обязательств субъектов Российской Федерации, возникающих при назначении ежемесячной денежной выплаты, предусмотренной пунктом 2 Указа Президента Российской Федерации от 7 мая 2012 г. N 606 "О мерах по реализации демографической политики Российской Федерации" | E64: Соглашение от 13(22).01.2014 № 12-2/606/36/2 | F64: Соглашением не определена, предоставлялась ежеквартально | G64: 1) наличие в бюджете бюджетных ассигнований в объеме 163320,85 тыс.руб.; 2) формирование и ведение в реестра получателей ЕДВ; 3) показатель результативности предоставления субсидии, т.е. отношение численности третьих и последующих детей, родившихся в отчетном финансовом году, к численности детей указанной категории, родившихся в году предшествующем отчетному году, должен был составлять не менее 1,047. | H64: 335848 | I64: от 20.01.14 п/п 268; от 26.03.14 п/п 518; от 26.06.14 п/п 948 | J64: 76020202172020000151 | K64: 335848 | L64: 335813.77 | M64: 0395084 | N64: =L64 -> 335813.77 | O64: массив платежных поручений | P64: ежемесячно, не позднее 15-го числа месяца, следующего за отчетным | Q64: в соответствии с установленными сроками | R64: отношение численности третьих и последующих детей, родившихся в отчетном финансовом году, к численности детей указанной категории, родившихся в году предшествующем отчетному году | S64: 1.047 | T64: 1,11 | U64: Рост рождаемости третьих и последующих детей.
A65: Субсидии на мероприятия государственной программы Российской Федерации "Доступная среда" на 2011 - 2015 годы в рамках подпрограммы "Обеспечение доступности приоритетных объектов и услуг в приоритетных сферах жизнедеятельности инвалидов и других маломобильных групп населения" государственной программы Российской Федерации "Доступная среда" на 2011 - 2015 годы | B65: Распоряжение Правительства Российской Федерации от 31 марта 2014 года №484-р "О утверждении распределения субсидий, предоставляемых в 2014 году из федерального бюджета бюджетам субъектов Российской Федерации на софинансирование расходов на реализацию мероприятий, включенных в программы субъектов Российской Федерации, разработанные на основе примерной программы субъекта Российской Федерации по обеспечению доступности приоритетных объектов и услуг в приоритетных сферах жизнедеятельности инвалидов и других маломобильных групп населения; Федеральный закон от 02 декабря 2013 года №349-ФЗ "О федеральном бюджете на 2014 год и на плановый период 2015 и 2016 годов" | C65: 27415.8 | D65: Постановление от 26 ноября 2012 года №1225 "О предоставлении субсидий из федерального бюджета на реализацию мероприятий государственной программы «Доступная среда» на 2011-2015 годы" | E65: Соглашение между Министерством труда и социальной защиты Российской Федерации и Администрацией Приморского края о предоставлении в 2014 году субсидии из федерального бюджета бюджету Приморского края на софинансирование расходов на реализацию мероприятий, включенных в программу Приморского края от 19.06.2014 № 14-С-13-ГП-48 | F65: один раз в год в течение 10 рабочих дней со дня заключения соглашения | G65: софинансируемые за счет средств краевого бюджета в размере 50%: выделить средства, предусмотренные в консолидированном бюджете Приморского края на финансирвоание мероприятий Программы Субъекта, в размере 27 415 800 рублей; | H65: 27415.8 | I65: п/п от 25.06.14 № 299 | J65: 76020202051020000151 | K65: 27415.8 | L65: 14148.152 | M65: 0355027 | N65: =L65 -> 14148.152 | O65: массив платежных поручений | P65: Отчет об осуществлении расходов - ежеквартально, до 15 числа месяца, следующего за отчетным периодом, отчет о достижении значения показателя результативности - до 20 января очередного финансового года | Q65: в соответствии с установленными сроками | R65: Доля доступных для инвалидов и других МГН приоритетных объектов социальной, транспортной, инженерной инфраструктуры в общем количестве приоритетных объектов в Приморском крае | S65: 24.6 | T65: 25 | U65: По состоянию на конец 2014 году в реестр объектов объектов социальной инфраструктуры края включено 3647. В 2014 году мероприятия по адаптации объектов социальной инфраструктуры на условиях софинансирования проведены на 141 объекте. Количество доступных для инвалидов объектов увеличилось с 770 до 911.
A66: Субсидии на реализацию дополнительных мероприятий в сфере занятости населения в рамках подпрограммы "Активная политика занятости населения и социальная поддержка безработных граждан" государственной программы Российской Федерации "Содействие занятости населения" | B66: Федеральный закон от 02 декабря 2013 года №349-ФЗ "О федеральном бюджете на 2014 год и на плановый период 2015 и 2016 годов" | C66: 13961.1 | D66: Постановление Правительства РФ от 20 декабря 2013 года № 1198 ( в ред. от 22 августа 2014 года № 841) "Об утверждении Правил предоставления и распределения в 2014 и 2015 годах субсидий из федерального бюджета бюджетам субъектов РФ на реализацию дополнительных мероприятий в сфере занятости населения» | E66: Соглашение между Федеральной службой по труду и занятости и Администрацией Приморского края от 13.03.2014 №78/2014/8 о предоставлении в 2014 году субсидии из федерального бюджета бюджету Приморского края на реализацию дополнительных мероприятий в сфере занятости; Дополнительное соглашение №78-1/2014/27 к Соглашению от 13 марта 2014 г. № 78/2014 о предоставлении в 2014 году субсидии из федерального бюджета бюджету Приморского края на реализацию дополнительных мероприятий в сфере занятости населения | F66: первый этап субсидии в размере 70% перечисляется по заявке субъекта РФ в 5 дневный срок, второй этап по заяке субъекта после освоения 50% первого транша в 5 дневный срок, третий этап - субъектам, получившим субсидию по первому и второму этапу до подписания дополнительно-го соглашения | G66: 5 % - краевой бюджет; 95 % - федеральный бюджет | H66: 13961.1 | I66: п/п от 19.03.2014 № 616, от 08.09.2014 № 971 (факт поступило из запланиров - 13961,1 тыс. рублей; возвращено остатков - 203,7 тыс. рублей | J66: 76020202101020000151 | K66: =13961.1+203.7 -> 14164.8 | L66: 11829.626 | M66: 0495083 | N66: =L66 -> 11829.626 | O66: массив платежных поручений | R66: отношение численности трудоустроенных инвалидов на оборудованные (оснащенные) для них рабочие места к общей численности инвалидов в трудоспособном возрасте; численность инвалидов, трудоустроенных на оборудованные (оснащенные) для них рабочие места; численность инвалидов, инвалидов, использующих кресла-коляски | S66: 0,3 %; 146 человек, в том числе 5 инвалидов, использующих кресла-коляски | T66: 0,3 %; 149 человек, в том числе 3 инвалида, использующих кресла-коляски | U66: 11829,626 тыс. рублей (84,7% от предусмотренного финансирования)
A67: 4. Субсидии на реализацию мероприятий, предусмотренных региональной программой переселения, включенной в Государственную программу по оказанию содействия добровольному переселению в Российскую Федерацию соотечественников, проживающих за рубежом, в рамках подпрограммы "Оказание содействия добровольному переселению в Российскую Федерацию соотечественников, проживающих за рубежом" государственной программы Российской Федерации "Содействие занятости населения" | B67: Распоряжение Правительства РФ от 01.12.2014 N 2423-р "Об утверждении распределения субсидий, предоставляемых в 2014 году из федерального бюджета бюджетам субъектов Российской Федерации на софинансирование мероприятий, предусмотренных региональными программами переселения"; Распоряжение Правительства РФ от 22.03.2014 N 427-р "О распределении субсидий бюджетам субъектов Российской Федерации по итогам реализации в 2013 году региональных программ переселения, направленных на выполнение Государственной программы по оказанию содействия добровольному переселению в Российскую Федерацию соотечественников, проживающих за рубежом" | C67: 1573.2 | D67: Постановление Правительства Российской Федерации от 21.10.2011 № 852 "Об утверждении правил распределения и предоставления субсидий из федерального бюджета бюджетам субъектов Российской Федерации на реализацию мероприятий, предусмотренных региональными программами переселения, включенными в Государственную программу по оказанию содействия добровольному переселению в Российскую Федерацию соотечественников, проживающих за рубежом". | E67: Соглашение от 23.12.2014 № КР-1/14-20064/36, ФМС России, Соглашение от 18.06.2014 № 181 | H67: =K67 -> 1573.2 | I67: п/п от 26.06.14 № 244 | J67: 76020202046020000151 | K67: 1573.2 | L67: 1573.2 | M67: 0415086 | N67: =L67 -> 1573.2 | O67: п/п 120706 от 20.10.2014; п/п 120708 от 20.10.2014, п/п 349854 от 14.11.2014; п/п 361593 от 17.11.2014; п/п 541882 от 04.12.2014; п/п 541886 от 04.12.2014; п/п 541885 от 04.12.2014; п/п 879042 от 30.12.2014; п/п 879033 от 30.12.2014; п/п 875707 от 30.12.2014 | R67: Численность участников Госпрограммы по переселению соотечественников - востребованных на территориях вселения квалифицированных специалистов, прибывших из-за рубежа, или имеющих несовершеннолетних детей, получивших единовременную выплату на жилищное обустройство в период их адаптации до получения гражданства Российской Федерации, составит к концу 2017 года не менее 150 человек; | U67: 155 человек
A68: Субсидии бюджету Приморского края на софинансирование расходных обязательств Приморского края, связанных с реализацией мероприятий социальной программы «Социальная поддержка пенсионеров Приморского края в 2014 году», направленных на укрепление материально-технической базы учреждений социального обслуживания*** | B68: Распоряжение Правления Пенсионного фонда Российской Федерации от 9 июня 2014 года № 235-р «О распределении субсидий для обеспечения социальных программ субъектам Российской Федерации» | C68: 4376.1 | D68: Постановление Правительства Российской Федерации от 10.06.2011 № 456 «О порядке финансового обеспечения социальных программ субъектов Российской Федерации, связанных с укреплением материально-технической базы учреждений социального обслуживания населения и оказанием адресной социальной помощи неработающим пенсионерам, являющимся получателями трудовых пенсий по старости и по инвалидности» | E68: Соглашение о предоставлении Пенсионным фондом Российской Федерации субсидии бюджету Приморского края на софинансирование расходных обязательств Приморского края от 12.08.2014 № 38/01 | F68: единевременное предоставление | G68: не менее 50 процентов общего объема средств, предусмотренных на финансовое обеспечение мероприятий | H68: 4376.1 | I68: п/п от 25.12.2014 № 878 | J68: 76020202118020000151 | K68: 4376.1 | L68: 4376.1 | M68: 0345209 | N68: 4376.1 | O68: п/п от 30.12.2014 № 884035 | P68: ежемесячно до 15 числа месяца, следующего за отчетным | Q68: за декабрь 31.12.2014 | R68: Улучшение качества предоставления социальных услуг и приведение в соответствие с нормами санитарно-бытового обслуживания помещений стационарных учреждений социального обслуживания (количество учреждений) | S68: 1 | T68: 1 | U68: В КГБУСО "ЕДДИ" проведен ремонт штукатурки стен, потолков, замена обоев, окраска стен, замена дверных полотен, ремонт пола, замена деревянных окон на пластиковые в жилых корпусах № 1, 2,3; проведен ремонт перекрытия и кровли столовой, установлены противопожарные двери в жилых корпусах, отремонтирована пристройка к жилому корпусу № 3
C69: 879.4 | H69: 879.39912 | I69: п/п от 16.12.2014 № 279 | K69: 879.39912 | L69: 879.39912 | M69: 0345209 | N69: 879.39912 | O69: п/п от 24.12.2014 № 768112 | U69: Оказание адресной социальной помощи неработающим пенсионерам, являющимся получателями трудовых пенсий по старости и по инвалидности
A70: Департамент здравоохранения | C70: =C72+C73+C74+C75+C76+C77+C78+C71 -> 811534.7 | H70: =H72+H73+H74+H75+H76+H77+H78+H71 -> 321572.63 | K70: =K72+K73+K74+K75+K76+K77+K78+K71 -> 813245.3 | L70: =L72+L73+L74+L75+L76+L77+L78+L71 -> 794110.53 | N70: =N72+N73+N74+N75+N76+N77+N78+N71 -> 794110.53
A71: Субсидии бюджетам субъектов Российской Федерации и муниципальных образований на финансовое обеспечение оказания дополнительной медицинской помощи, оказываемой врачами-терапевтами участковыми, врачами-педиатрами участковыми, врачами общей практики (семейными врачами), медицинскими сестрами участковыми врачей-терапевтов участковых, врачей-педиатров участковых, медицинскими сестрами врачей общей практики (семейных врачей) | I71: возвращено по акту проверки | K71: 84.5 | L71: 0
A72: Субсидии на мероприятия по оказанию высокотехнологичных видов медицинской помощи в рамках подпрограммы "Совершенствование оказания специализированной, включая высокотехнологичную, медицинской помощи, скорой, в том числе скорой специализированной, медицинской помощи, медицинской эвакуации" | B72: Распоряжение Правительства РФ от 26.02.2014 г. № 264-р "О распределение субсидий, предоставляемых в 2014 году из Федерального бюджета бюджетам субъектов Российской Федерации на софинансирование расходных обязательств субъектов Российской Федерации, возникающих при оказании высокотехнологичной медицинской помощи гражданам Российской Федерации" | C72: 8189.6 | D72: Постановление Правительства РФ от 21.12.2011 № 1062 «О предоставлении субсидий из федерального бюджета бюджетам субъектов Российской Федерации на софинансирование расходных обязательств субъектов Российской Федерации, возникающих при оказании высокотехнологичной медицинской помощи гражданам Российской Федерации» | E72: Соглашение о предоставлении в 2014 году субсидии из федерального бюджета бюджету Приморского края, возникающих при оказании высокотехнологичной медицинской помощи гражданам Российской Федерации от 23.04.2014/29.04.2014 № ВИП-СУ-17/14/12 | F72: 1/2 часть от общего размера Субсидии - в течение 20 раб. дней со дня предоставления заявки на перечисления Субсидии; остаток от общего размера Субсидии - в 3 кв. 2014 года в течение 20 раб. дней после получения Минздравом отчетов | G72: наличие в бюджете субъекта РФ бюджетных ассигнований в размере 38 906,0 тыс. руб. | H72: 38906 | I72: п/п от 19.05.2014 № 331, от 30.07.2014 № 442 | J72: 20202054020000151 | K72: 8189.6 | L72: 8189.6 | M72: 0125070 | N72: =7067.3+1122.3 -> 8189.6 | O72: согласно реестра заявок на кассовый расход на 2л. | P72: ежеквартально, не позднее 15-го числа месяца, следующего за отчетным | Q72: в соответствии с установленными сроками | R72: Оказание высокотехнологичной медицинской помощи на условиях предоставления субсидии в целях софинансирования расходов, возникающих при оказании гражданам Российской Федерации высокотехнологичной медицинской помощи, не включенной в базовую программу обязательного медицинского страхования (95 человек) | S72: 234 | T72: 234
A73: Субсидии на реализацию мероприятий, направленных на совершенствование организации медицинской помощи пострадавшим при дорожно-транспортных происшествиях, в рамках подпрограммы "Совершенствование оказания специализированной, включая высокотехнологичную, медицинской помощи, скорой, в том числе скорой специализированной, медицинской помощи, медицинской эвакуации" государственной программы Российской Федерации "Развитие здравоохранения" | B73: Федеральный закон от 02.12.2013 № 349-ФЗ «О федеральном бюджете на 2014 год и на плановый период 2015 и 2016 годов» | C73: 216959 | D73: Постановление Правительства РФ от 26.12.11 № 1143 «О порядке предоставления и распределения субсидий из федерального бюджета бюджетам субъектов Российской Федерации на софинансирование расходных обязательств субъектов Российской Федерации, связанных с реализацией мероприятий, направленных на совершенствование организации медицинской помощи пострадавшим при дорожно-транспортных происшествиях» | E73: Соглашение о предоставлении в 2014 году субсидии из федерального бюджета бюджету Приморского края на софинансирование расходных обязательств Приморского края, связанных с реализацией мероприятий, направленных на совершенствование организации медицинской помощи пострадавшим при дорожно-транспортных происшествиях от 09.06.2014 № 198/ДТП-2014-1143 | F73: в течение 15 раб. дней с даты получения Министерством заявки о перечислении субсидии | G73: наличие в бюджете субъекта РФ бюджетных ассигнований в размере 39 797,2 тыс. руб. | H73: 39797.21 | I73: п/п от 24.09.2014 № 932 | J73: 20202093020000151 | K73: 216959 | L73: 210285.51 | M73: 0125074 | N73: 210285.51 | O73: согласно реестра заявок на кассовый расход на 44 л. | P73: ежеквартально, не позднее 10-го числа месяца, следующего за отчетным, до 01 февраля 2015 года | Q73: в соответствии с установленными сроками | R73: Смертность от транспортных травм всех видов (кол-во случаев на 100 тыс.чел.) Снижение смертности от ДТП (%) | S73: 13,6 5,0 | T73: 13,6 7,48 | U73: Перевыполнение показателя связано с лечением пациентов в соответствии с мировыми стандартами
A74: Субсидии на реализацию мероприятий, направленных на совершенствование медицинской помощи больным с онкологическими заболеваниями, в рамках подпрограммы "Совершенствование оказания специализированной, включая высокотехнологичную, медицинской помощи, скорой, в том числе скорой специализированной, медицинской помощи, медицинской эвакуации" государственной программы Российской Федерации "Развитие здравоохранения" | B74: Федеральный закон от 02.12.2013 № 349-ФЗ «О федеральном бюджете на 2014 год и на плановый период 2015 и 2016 годов» | C74: 468684 | D74: Постановление Правительства РФ от 27.12.2011 № 1164 «О финансовом обеспечении за счет бюджетных ассигнований федерального бюджета мероприятий, направленных на совершенствование медицинской помощи больным с онкологическими заболеваниями» | E74: Соглашение о предоставлении в 2014 году субсидии из федерального бюджета бюджету Приморского края на софинансирование расходных обязательств Приморского края, связанных с реализацией мероприятий, направленных на совершенствованиемедицинской помощи больным с онкологическими заболеваниями от 17.03.2014 № 161/О-204-1164 | F74: в течение 15 раб. дней с даты получения Министерством заявки о перечислении субсидии | G74: наличие в бюджете субъекта РФ бюджетных ассигнований в размере 85 971,6 тыс. руб. | H74: 85971.62 | I74: п/п от 01.08.2014 № 385 | J74: 20202106020000151 | K74: 468684 | L74: 456968.33 | M74: 0125077 | N74: 456968.33 | O74: согласно реестра заявок на кассовый расход на 10 л. | P74: ежеквартально, не позднее 10-го числа месяца, следующего за отчетным, до 01 февраля 2015 года | Q74: в соответствии с установленными сроками | R74: Смертность новообразований, в том числе злокачественных (кол-во случаев на 100 тыс.чел.) Снижение смертности новообразований, в том числе злокачественных (%) | S74: 206,4 2,5 | T74: 216,8 0,9 | U74: Недостижение показателя связано с поздней обращаемостью и выявляемостью, соответственно
A75: Субсидии на реализацию отдельных мероприятий государственной программы Российской Федерации "Развитие здравоохранения" в рамках подпрограммы "Совершенствование оказания специализированной, включая высокотехнологичную, медицинской помощи, скорой, в том числе скорой специализированной, медицинской помощи, медицинской эвакуации" государственной программы Российской Федерации "Развитие здравоохранения" | B75: Федеральный закон от 02.12.2013 № 349-ФЗ «О федеральном бюджете на 2014 год и на плановый период 2015 и 2016 годов» | C75: 18604 | D75: Постановление Правительства РФ от 27.12.2011 № 1585 «Об утверждении правил предоставления и распределения субсидий из федерального бюджета бюджетам субъектов РФ на реализацию отдельных мероприятий государственной программы РФ «Развитие здравоохранения» | E75: Соглашение о предоставлении субсидии из федерального бюджета бюджету Приморского края на реализацию отдельных мероприятий государственной программы Российской Федерации "Развитие здравоохранения" от 14.08.2015/ 24.09.2015 № С-25-20/53 | H75: 18604 | I75: п/п от 09.10.2014 № 859 | J75: 20202208020000151 | K75: 18604 | L75: 18537.76 | M75: 0125382 | N75: 18537.76 | O75: согласно реестра заявок на кассовый расход на 7 л.
A76: Субсидии на закупки оборудования и расходных материалов для неонатального и аудиологического скрининга в рамках подпрограммы "Охрана здоровья матери и ребенка" государственной программы Российской Федерации "Развитие здравоохранения" | B76: Федеральный закон от 02.12.2013 № 349-ФЗ «О федеральном бюджете на 2014 год и на плановый период 2015 и 2016 годов» | C76: 7994.3 | D76: Постановление Правительства РФ от 27.12.2010 № 1140 «О порядке предоставления субсидий из федерального бюджета бюджетам субъектов Российской Федерации на закупку оборудования и расходных материалов для неонатального и аудиологического скрининга в учреждениях государственной и муниципальной систем здравоохранения» | E76: Соглашение о предоставлении в 2014 году субсидии из федерального бюджета бюджету Приморского края на на закупку оборудования и расходных материалов для неонатального и аудиологического скрининга в учреждениях государственной и муниципальной систем здравоохранения от 25.06.2014 № 15/77на-2014 | F76: в течение 10 раб. дней со дня заключения Соглашения | G76: наличие в бюджете субъекта РФ бюджетных ассигнований в размере 40 000,0 тыс. руб. | H76: 40000 | I76: п/п от 18.07.2014 № 88 (факт поступило из запланиров - 7994,3 тыс. рублей; возвращено остатков - 75,2 тыс. рублей | J76: 20202128020000151 | K76: =7994.3+75.2 -> 8069.5 | L76: 8049.5 | M76: 0125073 | N76: 8049.5 | O76: согласно реестра заявок на кассовый расход на 4 л. | P76: ежеквартально, не позднее 10-го числа месяца, следующего за отчетным, до 01 февраля 2015 года | Q76: в соответствии с установленными сроками | R76: Доля обследованных новорожденных при проведении неонатального и аудиологического скрининга в общем числе родившихся в субъекте в 2014 году (%) | S76: 98 | T76: 98
A77: Субсидии на мероприятия по пренатальной (дородовой) диагностике в рамках подпрограммы "Охрана здоровья матери и ребенка" государственной программы Российской Федерации "Развитие здравоохранения" | B77: Федеральный закон от 02.12.2013 № 349-ФЗ «О федеральном бюджете на 2014 год и на плановый период 2015 и 2016 годов» | C77: 9191.4 | D77: Постановление Правительства РФ от 27.12.2010 № 1141 «О порядке предоставления субсидий из федерального бюджета бюджетам субъектов Российской Федерации на финансовое обеспечение мероприятий, направленных на проведение пренатальной (дородовой) диагностики нарушений развития ребенка» | E77: Соглашение о предоставлении в 2014 году субсидии из федерального бюджета бюджету Приморского края нафинансовое обеспечение мероприятий, направленных на проведение пренатальной (дородовой) диагностики нарушений развития ребенка от 19.06.2014 № 15/77п-2014 | F77: в течение 10 раб. дней со дня заключения Соглашения | G77: наличие в бюджете субъекта РФ бюджетных ассигнований в размере 80 000,0 тыс. руб. | H77: 80000 | I77: п/п от 28.01.2014 № 210290 (факт поступило из запланиров - 9191,4 тыс. рублей; возвращено остатков - 1550,9 тыс. рублей) | J77: 20202129020000151 | K77: =9191.4+1550.9 -> 10742.3 | L77: 10453.31 | M77: 0125079 | N77: =300+10153.31 -> 10453.31 | O77: согласно реестра заявок на кассовый расход на 6 л. | P77: ежеквартально, не позднее 10-го числа месяца, следующего за отчетным, до 01 февраля 2015 года | Q77: в соответствии с установленными сроками | R77: Доля беременных, которым проведена пренатальная (дородовая) диагностика (ультрозвуковая диагностика, биохимический скрининг на маркеры в крови беременной, молекулярно-генетические исследования) в первом триместре беременности, в общем числе беременных, в ставших на учет в учреждении здравоохранения в первом триместре беременности (%) кол-во оборудования, предусмотренного Перечнем, введенного в эксплуатацию в 2014 году (ед.) | S77: 92 16 | T77: 92
A78: Субсидии на мероприятия по развитию службы крови в рамках подпрограммы "Совершенствование оказания специализированной, включая высокотехнологичную, медицинской помощи, скорой, в том числе скорой специализированной, медицинской помощи, медицинской эвакуации" государственной программы Российской Федерации "Развитие здравоохранения" | B78: Федеральный закон от 02.12.2013 № 349-ФЗ «О федеральном бюджете на 2014 год и на плановый период 2015 и 2016 годов» | C78: 81912.4 | D78: Постановление Правительства РФ от 27.12.2012 № 1447 «О финансовом обеспечении за счет бюджетных ассигнований федерального бюджета мероприятий по развитию службы крови» | E78: Соглашение о предоставлении в 2014 году субсидии из федерального бюджета бюджету Приморскогона софинансирование расходных обязательств Приморского края, связанных с реализацией мероприятий по развитию службы крови | F78: в течение 15 раб. дней с даты получения заявки о перечислении субсидии | G78: наличие в бюджете субъекта РФ бюджетных ассигнований в размере 18 293,8 тыс. руб. | H78: 18293.8 | I78: 12.09.2014 № 120 | J78: 20202161020000151 | K78: 81912.4 | L78: 81626.52 | M78: 0125075 | N78: 81626.52 | O78: согласно реестра заявок на кассовый расход на 6 л. | P78: ежеквартально, не позднее 10-го числа месяца, следующего за отчетным, до 01 февраля 2015 года | Q78: в соответствии с установленными сроками | R78: Увеличение объема заготовки компонентов донорской крови автоматическими методами на 1% Увеличение чила доноров и ее компонентов (на 1000 челоловек населения) | S78: 4,8 11,7 | T78: 3,8 12,0 | U78: Недостижение показателя связано с тем, что программа запущена в декабре 2014 года
A79: Департамент лесного хозяйства | C79: =C80 -> 10482.4 | H79: =H80 -> 6000 | K79: =K80 -> 7337.7 | L79: =L80 -> 0 | N79: =N80 -> 0
A80: Субсидии на приобретение специализированной лесопожарной техники и оборудования в рамках подпрограммы "Охрана и защита лесов" государственной программы Российской Федерации "Развитие лесного хозяйства" на 2013 - 2020 годы | B80: Распоряжение Правительства РФ от 26.06.2014 N 1150-р "Об утверждении распределения на 2014 год и на плановый период 2015 и 2016 годов субсидий, предоставляемых из федерального бюджета бюджетам субъектов Российской Федерации на приобретение специализированной лесопожарной техники и оборудования в рамках подпрограммы "Охрана и защита лесов" государственной программы Российской Федерации "Развитие лесного хозяйства" на 2013 - 2020 годы" | C80: 10482.4 | E80: Соглашение о предоставлении из федерального бюджета субсидий бюджетам субъектов Российской Федерации на приобретение специализированной лесопожарной техники и оборудования от 15.10.2014 № НК-21/151согл | F80: 4 квартал 2014г. | G80: Субъект Российской Федерации обеспечивает финансирование расходных обязательств за счет средств бюджета субъекта Российской Федерации | H80: 6000 | I80: п/п от 24.10.2014 № 817 | J80: 76320202124020000151 | K80: 7337.7 | L80: 0 | M80: 2915131 | N80: 0 | P80: 15-го числа месяца,след. за отчетным месяцем | Q80: 15-го числа месяца,след. за отчетным месяцем
A81: Департамент физической культуры и спорта | C81: =C82 -> 7030.2 | H81: =H82 -> 10768.9 | K81: =K82 -> 7030.2 | L81: =L82 -> 7030.2 | N81: =N82 -> 7030.2
A82: Субсидии на адресную финансовую поддержку спортивных организаций, осуществляющих подготовку спортивного резерва для сборных команд Российской Федерации, в рамках подпрограммы "Развитие спорта высших достижений и системы подготовки спортивного резерва" государственной программы Российской Федерации "Развитие физической культуры и спорта" | B82: Распоряжение Правительства Российской Федерации от 14.04.2014 № 584-р "О распределении субсидий, предоставляемых в 2014 году бюджетам субъектов Российской Федерации на оказание адресной финансовой поддержки спортивным организациям, осуществляющим подготовку спортивного резерва для сборных команд Российской Федерации | C82: 7030.2 | D82: постановление Правительства РФ от 30.05.2013 № 456 "Об утверждении Правил предоставления субсидий из федерального бюджета бюджетам субъектов Российской Федерации на оказание адресной финансовой поддержки спортивным организациям, осуществляющим подготовку спортивного резерва для сборных команд Российской Федерации" | E82: Соглашение от 09.06.2014 № 367 о предоставлении субсидии из федерального бюджета бюджету Приморского края на оказание адресной финансовой поддержки спортивным организациям, осуществляющим подготовку спортивного резерва для сборных команд Российской Федерации | F82: в течение 10 дней после подписания соглашения на основании заявки | G82: софинансирование из краевого бюджета | H82: 10768.9 | I82: № 163 от 14.07.2014 | J82: 76420202133020000151 | K82: 7030.2 | L82: 7030.2 | M82: 0925081 | N82: 7030.2 | O82: п/поручение от 25.09.2014 № 811750; п/поручение от 25.09.2014 № 811747 | P82: Ежеквартально, не позднее 15 числа месяца, следующего за отчетным кварталом, в соответствии с Инструкцией о порядке составления и представления годовой, квартальной и месячной отчетности об исполнении бюджетов бюджетной системы РФ, утвержденной приказом минфина России от 28.12.2010 № 191н (в редакции приказа от 16.02.2012 № 138н) | Q82: 15.10.2014; 28.01.2015 | R82: а) количество занимающихся в группах спортивного совершенствования (СС) и высшего спортивного мастерства (ВСМ) в отчетном финансовом году (человек); в) количество специалистов в сфере физической культуры и спорта, успешно прошедших курсы повышения квалификации или переподготовки в течение последних 4-х лет (человек); с) количество спортсменов, подготовленных и включенных в списки кандидатов в спортивные сборные команды РФ по базовым видам спорта (человек); d) количество спортсменов, обеспеченных питанием и проживанием при проведении первенства России (человек); | S82: а) 74; в) 14; с) 30; d)18; е) 103; f) 101 | T82: а) 85; в) 14; с) 69; d) 29 е) 103; f) 112
A83: Департамент по жилищно-коммунальному хозяйству и топливным ресурсам | C83: =C84 -> 500000 | H83: =H84 -> 500000 | K83: =K84 -> 500000 | L83: =L84 -> 145803.2 | M83: =M84 -> 1335013 | N83: =N84 -> 150000
A84: Субсидии на реализацию региональных программ в области энергосбережения и повышения энергетической эффективности в рамках подпрограммы "Энергосбережение и повышение энергетической эффективности" государственной программы Российской Федерации "Энергоэффективность и развитие энергетики" | B84: распоряжение Правительства Российской Федерации от 02.04.2015 г. № 499-р | C84: 500000 | D84: постановление Правительства Российской Федерации от 05.09.2011 г. № 746 " | E84: Соглашение от 05.06.2014 г. № 14/1403.3015013.521/15/84, Дополнительное соглашение от 20.05.15 г. № 1 | F84: после подписания Соглашения и подачи заявки Приморским краем | G84: 0.599 | H84: 500000 | I84: п/п от 18.06.2014 № 938 | J84: 76820202210020000151 | K84: 500000 | L84: 145803.2 | M84: 1335013 | N84: 150000 | O84: п/п от 30.09.2014 № 850005, № 858064 | P84: ежеквартально не позднее 25-го числа месяца, следующего за отчетным кварталом | Q84: 25.07.2014 25.10.2014 25.01.2015 | R84: Потребление жидкого топлива (мазут) на нужды ЖКХ, тонн | S84: 353000 | T84: 350922.73 | U84: Произошло снижение потребления жидкого топлива (мазут) на нужды ЖКХ до 350922,73 тонны
A85: Департамент по делам молодежи | C85: =C86 -> 105963 | H85: =H86 -> 105963 | K85: =K86 -> 116593.3 | L85: =L86 -> 65475.9 | N85: =N86 -> 105963
A86: Субсидии на мероприятия подпрограммы "Обеспечение жильем молодых семей" в рамках федеральной целевой программы "Жилище" на 2011 - 2015 годы государственной программы Российской Федерации "Обеспечение доступным и комфортным жильем и коммунальными услугами граждан Российской Федерации" | B86: Распоряжение Правительства РФ от 22.04.2014 №652-р | C86: 105963 | D86: Постановление Правительства РФ от 17.12.2010 № 1050 "О федеральной целевой прораммы "Жилище" на 2011-2015 годы" | E86: Соглашение № 05-190/с о предоставлении в 2014 году субсидии из федерального бюджета бюджету Приморского края на софинансирование расходных обязательств субъекта Российской Федерации на предоставление социальных выплат молодым семьям на приобретение (строительство) жилья в рамках подпрограммы «Обеспечение жильем молодых семей» федеральной целевой программы «Жилище» на 2011 – 2015 годы | F86: 41843 | G86: 35,28%-ФБ | H86: 105963 | I86: п/п № 895 от 23.07.2014 (факт поступило из запланиров - 105963,0 тыс. рублей; возвращено остатков - 10630,3 тыс. рублей) | J86: 774 2 02 02051 02 0000 151 | K86: =105963+10630.3 -> 116593.3 | L86: 65475.9 | M86: 0635020 | N86: 105963 | O86: п/п от 27.09.2014 № 895 | P86: Ежемесячно, до 15-го числа месяца, следующего за отчетным, сведения о расходовании средств федерального бюджета, предоставленных на реализацию Подпрограммы (Приложение № 3 к настоящему Соглашению), сведения об использовании Субсидии из федерального бюджета на выполнение мероприятий Подпрограммы в соответствующем году (Приложение № 4 к настоящему Соглашению), сведения о привлеченных внебюджетных источниках финансирования мероприятий Подпрограммы в соответствующем году (Приложение № 5 к настоящему Соглашению). | Q86: 42019 | R86: Количество молодых семей, улучшивших жилищные условия при оказании содействия за счет средств федерального бюджета, бюджета субъекта РФ и местных бюджетов | S86: 347 | T86: 198
A87: Департамент градостроительства | C87: =C88+C89+C90 -> 0 | H87: =H88+H89+H90 -> 922100 | K87: =K88+K89+K90 -> 1748656.5 | L87: =L88+L89+L90 -> 1159683 | N87: =N88+N89+N90 -> 1159683
A88: Субсидии на софинансирование капитальных вложений в объекты государственной собственности субъектов Российской Федерации в рамках подпрограммы "Совершенствование оказания специализированной, включая высокотехнологичную, медицинской помощи, скорой, в том числе скорой специализированной, медицинской помощи, медицинской эвакуации" государственной программы Российской Федерации "Развитие здравоохранения" | B88: Постановление Правительства РФ от 22.07.2011 № 608 | C88: 0 | D88: Постановление Правительства РФ от 18 сентября 2012 года № 941 "О внесении изменений в Правила предоставления субсидий из федерального бюджета бюджетам субъектов Российской Федерации на софинансирование объектов капитального строительства государственной собственности субъектов Российской Федерации в сфере здравоохранения и социального развития, не включенных в федеральные целевые программы, бюджетные инвестиции в которые осуществляются из бюджнтов субъектов Российской Федерации, и (или) на предоставление соответствующих субсидий из бюджетов субъектов Российской Федерации на софинансирование объектов капитального строительства муниципальной собственности в сфере здравоохранения и социального развития, не включенных в федеральные целевые программы, бюджетные инвестиции в которые осуществляются из местных бюджетов" | E88: Соглашение от 27.12.2012г. № 050 (Сртоительство и реконструкция объектов капитального строительства в области здравоохранения) | F88: единоразово | G88: 0.0528 | I88: остатки прошлых лет | J88: 77520202077020000151 | K88: 826456.5 | L88: 277086.7 | M88: 0125111 | N88: 277086.7 | O88: зкр 223-225/30.06.14; зкр 263,226,317/13,08.14; зкр 347-348/28.08.14; зкр 375/18.09.14; зкр 488,524/14.11.14; зкр 690/26.12.14 | P88: ежеквартально | Q88: на 01.07.2014; на 01.10.2014; на 01.01.2015 | R88: - | S88: - | T88: -
A89: Субсидии бюджетам субъектов Российской Федерации и муниципальных образований в рамках федеральной целевой программы "Экономическое и социальное развитие Дальнего Востока и Забайкалья на период до 2013 года" на развитие г. Владивостока как центра международного сотрудничества в Азиатско-Тихоокеанском регионе | I89: возвращ ост - 147961,3 тыс. рублей; восстановл - 916,0 тыс. рублей; перечисл в ФБ - 148777,3 тыс. рублей, ост - 100,0 тыс. рублей | K89: =147961.3+916-148777.3 -> 100
A90: Финансовое обеспечение мероприятий по экономическому и социальному развитию Дальнего Востока и Забайкалья на период до 2013 года в рамках федеральной целевой программы "Экономическое и социальное развитие Дальнего Востока и Байкальского региона на период до 2018 года" государственной программы Российской Федерации "Социально-экономическое развитие Дальнего Востока и Байкальского региона" | B90: Постановление Правительства РФ от 27.12.2014 № 1563 | C90: 0 | D90: - | E90: Соглашение от 15.11.2013г. № Д02-235/ЕС/ГС/с (Реализация мер-ий ФЦП "Экономическое и социальное развитие Дальнего Востока и Забайкалья на период до 2013 года") | F90: единоразово | G90: 0.2798 | H90: 922100 | I90: возвращены остатки | J90: - | K90: 922100 | L90: 882596.3 | M90: 34Ж5214 | N90: 882596.3 | O90: зкр 570-572/11.12.14; зкр 643,647/26.12.14 | P90: - | Q90: - | R90: протяженность труб водовода | S90: 19495 | T90: -
A91: Департамент экономики и стратегического развития | C91: =C92 -> 261337.4 | H91: =H92 -> 261337.4 | K91: =K92 -> 261337.4 | L91: =L92 -> 252258.9 | N91: =N92 -> 252258.9
A92: Субсидии на государственную поддержку малого и среднего предпринимательства, включая крестьянские (фермерские) хозяйства, в рамках подпрограммы "Развитие малого и среднего предпринимательства" государственной программы Российской Федерации "Экономическое развитие и инновационная экономика", всего | B92: Распоряжение Правительства РФ от 31.03.2014 г. № 476-р (ред. от 06.09.2014) "О распределении субсидий, предоставляемых в 2014 году из федерального бюджета бюджетам субъектов Российской Федерации на государственную поддержку малого и среднего предпринимательства, включая крестьянские (фермерские) хозяйства" | C92: 261337.4 | D92: Постановление Правительства РФ от 27.02.2009 г. № 178 "О распределении и предоставлении субсидий из федерального бюджета бюджетам субъектов Российской Федерации на государственную поддержку малого и среднего предпринимательства, включая крестьянские (фермерские) хозяйства" | E92: Соглашение от 09.09.2014 г. № 036-МБ-14 между Минэкономразвития России и Администрацией Приморского края о предоставлении субсидий из федерального бюджета бюджету Приморского края на государственную поддержку малого и среднего предпринимательства, включая крестьянские (фермерские) хозяйства | F92: III-IV кварталы 2014 г., но не позднее 28.12.2014 г. включительно | G92: МБТ перечисляются по результатам фактического расходования средств краевого бюджета на гос.поддержку МСП на основании согласованной Минэкономразвития России справки-расчета на использование субсидии из ФБ; соблюдение уровня софинансирования расходного обязательства Приморского края за счет МБТ не менее установленного приказом Минэкономразвития России от 08.07.2014 г. № 432 | H92: 261337.4 | I92: п/п от 25.09.2014 № 606 | J92: 784 2 02 02009 02 0000 151 | K92: 261337.4 | L92: 252258.9 | M92: 1725064 | N92: 252258.9 | O92: Платежные поручения, подтверждающие перечисление субсидий получателям поддержки | P92: ежеквартально до 10-го числа месяца, следующего за отчетным периодом; годовая отчетность - до 15.01.2015 г. | Q92: отчетность предоставлена в срок | R92: Количество субъектов малого и среднего предпринимательства (включая индивидуальных предпринимателей) в расчете на 1 тыс. человек населения Приморского края ед.; Доля среднесписочной численности работников (без внешних совместителей), занятых на микропредприятиях, малых и средних предприятиях и у индивидуальных предпринимателей, в общей численности занятого населения, %; Количество субъектов малого и среднего предпринимательства, получивших государственную поддержку, ед.; Количество вновь созданных рабочих мест (включая вновь зарегистрированных индивидуальных предпринимателей), ед. | S92: 42,1 27,3 1204 344 | T92: 43,0 26,8 1781 519 | U92: 1)оказана поддержка 1306 субъектам малого и среднего предпринимательства, в том числе заключено 16 экспортных контрактов, организовано участие экспортно-ориентированных субъектов МСП в 6 зарубежных выставках, 4 бизнес-миссиях в страны АТР, подготовлены 12 обзоров потенциальных рынков сбыта иностранных государств в интересах 10 субъектов МСП края, проведено 6 конференций и 56 семинаров для субъектов МСП; 2)выдано 105 поручительств по обязательствам субъектов малого предпринимательства на общую сумму 405 млн. руб., что позволило дополнительно увеличить объем кредитования малого бизнеса на 853 млн. руб; 3)В 2014 году 49 субъектов малого и среднего предпринимательства края получили субсидии на возмещение затрат по договорам лизинга, что позволило привлечь более 326 млн. руб. на модернизацию основных средств и развитие предприятий; 4)В 2014 году по результатам 2-х проведенных конкурсов бизнес-пректов по созданию дошкольных образовательных центров из 20 поступивших заявок было отобрано 8 бизнес-проектов индивидуальных предпринимателей. К сентябрю текущего года 8 дошкольных образовательных центров, прошедших конкурсный отбор в 2014 году, планируют принять не менее 300 детей. Реализация мероприятия позволит сократить очередь в детские сады и обеспечить детей качественным дошкольным образованием, а также даст дополнительный импульс развитию малого бизнеса в социальной сфере; 5)Софинансирование муниципальных программ развития малого и среднего предпринимательства в 2014 году за счет средств краевого и федерального бюджетов позволило дополнительно оказать поддержку 296-ти субъектам малого и среднего бизнеса, сохранить 1956 рабочих мест, создать 469 новых рабочих мест (в том числе 66 из числа безработных).

Sheet Субвенции
T1: Приложение 2 (2014 год) (продолжение)
A2: Информация об исполнении межбюджетных трансфертов (МБТ), предоставляемых их федерального бюджета (ФБ)
A3: за 2014 год
U4: (тыс. рублей )
A5: Наименование МБТ | B5: Распределение МБТ из ФБ | D5: Постановление Правительства РФ об утверждении правил предоставления и распределения МБТ (дата, №, наименование) | E5: Основания для предоставления бюджетных ассигнований (соглашение (договор) о предоставлении МБТ из ФБ (при наличии) | I5: Фактически поступило в краевой бюджет | L5: Кассовое исполнение* | N5: Фактически перечислено бюджетных ассигнований получателю | P5: Срок предоставления отчета органом исполнительной власти ПК федеральному органу | R5: Показатели результативности использования МБТ (целевые показатели и/или индикаторы государственных программ Приморского края) | U5: Достигнутый результат от использования бюджетных ассигнований**
B6: нормативный правовой акт Правительства РФ (дата, №, наименование) | C6: объем | E6: дата, №, наименование | F6: условия перечисления МБТ в краевой бюджет | H6: объем | I6: № и дата п/поручения | J6: код доходов по БК | K6: объем | L6: объем | M6: код целевой статьи по БК | N6: объем | O6: дата, №,3 вид документа | P6: по соглашению (договору) | Q6: фактическая дата * | R6: наименование показателя | S6: значения показателя за год
F7: периодичность (сроки, даты) | G7: условия софинансирования | S7: план | T7: факт
A8: 1 | B8: 2 | C8: 3 | D8: 4 | E8: 5 | F8: 6 | G8: 7 | H8: 8 | I8: 9 | J8: 10 | K8: 11 | L8: 12 | M8: 13 | N8: 14 | O8: 15 | P8: 16 | Q8: 17 | R8: 18 | S8: 19 | T8: 20 | U8: 21
A9: Субвенции всего | C9: =C11+C28+C41+C45+C70+C74 -> 4236741.3 | H9: =H11+H28+H41+H45+H70+H74 -> 3633194.2 | K9: =K11+K24+K28+K41+K45+K70+K74 -> 4568208.2 | L9: =L11+L24+L28+L41+L45+L70+L74 -> 4484172.4 | N9: =N11+N24+N28+N41+N45+N70+N74 -> 4484172.4
A10: Департамент финансов Приморского края
A11: Субвенции | C11: =C12 -> 177674.2 | H11: =H12 -> 0 | K11: =K12 -> 177674.2 | L11: =L12 -> 173965.92 | N11: 173965.92
A12: Единая субвенция бюджетам субъектов Российской Федерации всего | B12: Федеральный закон от 02.12.2013 № 349-ФЗ «О федеральном бюджете на 2014 год и на плановый период 2015 и 2016 годов | C12: =C14+C15+C16+C17+C18+C19+C20+C21+C22 -> 177674.2 | D12: Постановление Правительства РФ от 27.03.2013 № 275 "Об утверждении правил формирования и предоставления из федерального бюджета единой субвенции бюджетам субъектов Российской Федерации" | I12: № 651 от 07.02.2014 | J12: 75220203998020000151 | K12: 177674.2 | L12: =L14+L15+L16+L17+L18+L19+L20+L21+L22 -> 173965.92 | N12: 173965.92
A13: в том числе по направлениям расходов
A14: Осуществление переданных органам государственной власти субъектов Российской Федерации в соответствии с частью 1 статьи 7 Федерального закона "Об образовании в Российской Федерации" полномочий Российской Федерации в сфере образования | C14: 12510.4 | L14: 12083.815 | M14: 02959Г1
A15: Осуществление переданных органам государственной власти субъектов Российской Федерации в соответствии с пунктом 3 статьи 25 Федерального закона "Об основах системы профилактики безнадзорности и правонарушений несовершеннолетних" полномочий Российской Федерации по осуществлению деятельности, связанной с перевозкой между субъектами Российской Федерации, а также в пределах территорий государств - участников Содружества Независимых Государств несовершеннолетних, самовольно ушедших из семей, детских домов, школ-интернатов, специальных учебно-воспитательных и иных детских учреждений | C15: 764.5 | L15: 140.9235 | M15: 0335941
A16: Осуществление переданных органам государственной власти субъектов Российской Федерации в соответствии с частью 1 статьи 15 Федерального закона "Об основах охраны здоровья граждан в Российской Федерации" полномочий Российской Федерации в сфере охраны здоровья | C16: 4460.6 | L16: 4289.4912 | M16: 01159Б1
A17: Осуществление переданных органам государственной власти субъектов Российской Федерации в соответствии с пунктом 1 статьи 9.1 Федерального закона "Об объектах культурного наследия (памятниках истории и культуры) народов Российской Федерации" полномочий Российской Федерации в отношении объектов культурного наследия | C17: 3476.6 | L17: 3309.9127 | M17: 0595951
A18: Осуществление переданных органам государственной власти субъектов Российской Федерации в соответствии с пунктом 1 статьи 4 Федерального закона "Об актах гражданского состояния" полномочий Российской Федерации по государственной регистрации актов гражданского состояния | C18: 133076.7 | L18: 131867.79 | M18: 9995931
A19: Осуществление переданных органам государственной власти субъектов Российской Федерации в соответствии с частью первой статьи 6 Федерального закона "О животном мире" полномочий Российской Федерации в области охраны и использования объектов животного мира (за исключением охотничьих ресурсов и водных биологических ресурсов) | C19: 238.6 | L19: 0 | M19: 0835921
A20: Осуществление переданных органам государственной власти субъектов Российской Федерации в соответствии с частью 1 статьи 33 Федерального закона "Об охоте и о сохранении охотничьих ресурсов и о внесении изменений в отдельные законодательные акты Российской Федерации" полномочий Российской Федерации в области охраны и использования охотничьих ресурсов (за исключением полномочий Российской Федерации по федеральному государственному охотничьему надзору, выдаче разрешений на добычу охотничьих ресурсов и заключению охотхозяйственных соглашений) | C20: 256.4 | L20: 93.4185 | M20: 0835991
A21: Осуществление переданных органам государственной власти субъектов Российской Федерации в соответствии с частью 1 статьи 33 Федерального закона "Об охоте и о сохранении охотничьих ресурсов и о внесении изменений в отдельные законодательные акты Российской Федерации" полномочий Российской Федерации в области охраны и использования охотничьих ресурсов по федеральному государственному охотничьему надзору, выдаче разрешений на добычу охотничьих ресурсов и заключению охотхозяйственных соглашений | C21: 22412.3 | L21: 21712.151 | M21: 0845981
A22: Осуществление переданных органам государственной власти субъектов Российской Федерации в соответствии с частью первой статьи 6 Федерального закона "О животном мире" полномочий Российской Федерации в области организации, регулирования и охраны водных биологических ресурсов | C22: 478.1 | L22: 468.419 | M22: 1535911
A23: Департамент образования и науки Приморского края
A24: Субвенции всего | C24: =C26 -> 23216.9 | H24: =H26 -> 23216.9 | K24: =K26 -> 19106.563 | L24: =L26 -> 19106.563 | N24: =N26 -> 19106.563
A25: в том числе по направлениям расходов
A26: Субвенции на выплату единовременного пособия при всех формах устройства детей, лишенных родительского попечения, в семью в рамках подпрограммы "Совершенствование социальной поддержки семьи и детей" государственной программы Российской Федерации "Социальная поддержка граждан" | B26: Федеральный закон от 02.12.2013 № 349-ФЗ "О федеральном бюджете на 2014 г. и плановый период 2015 и 2016 годов" | C26: =23216900/1000 -> 23216.9 | D26: постановления Правительства Российской Федерации от 27.12.2010 года № 1119 «О предоставлении субвенций из федерального бюджета бюджетам субъектов Российской Федерации на выплату единовременных пособий при всех формах устройства детей, лишенных родительского попечения, в семью» | E26: Приказ министерства образования и науки Российской Федерации от 03.02.2014 № 79 " О передаче полномочий средств федерального бюджета по перечислению сйбъектам Российской Федерации межбюджетных трансфертов" | H26: =23216900/1000 -> 23216.9 | I26: 31.03.2014 №11, 09.04.2014 №775, 10.04.2014 №260, 21.04.2014 №149, 22.04.2014 №626, 29.04.2014 №27, 05.05.2014 №575, 07.05.2014 №232, 08.05.2014 №407, 20.05.2014 №738, 26.05.2014 № 595, 03.06.2014 №379, 06.06.2014 №380, 11.06.2014 №856, 20.06.2014 №621, 25.06.2014 №331, 18.07.2014 №19, 23.07.2014 №583, 29.07.2014 №949, 02.08.2014 №365945, 07.08.2014 №408697, 13.08.2014 № 451634, 18.08.2014 №485930, 22.08.2014 №530646, 28.08.2014 №571062, 02.09.2014 №609638, 05.09.2014№644429, 11.09.2014 №688443, 23.09.2014 №779249, 30.09.2014 №843896, 07.10.2014 №893413, 09.10.2014 №25885, 27.10.2014 №174953, 29.10.2014 №199622, 05.11.2014 №254076, 05.11.2014 №254073, 06.11.2014 №262341, 11.11.2014 №301893, 20.11.2014 №242, 01.12.2014 №496859, 05.12.2014 №817, 10.12.2014 №592305, 18.12.2014 №32, 25.12.2014 №771479, 26.12.2014 №832590, 30.12.2014 №858245. | J26: 75920203020020000151 | K26: =19106563.04/1000 -> 19106.563 | L26: =19106563.04/1000 -> 19106.563 | M26: 75910040395260313262 | N26: =19106563.04/1000 -> 19106.563 | O26: Приложение (206) | P26: ежеквартально, не позднее 15-го числа месяца, следующего за отчетным кварталом, отчет о расходах бюджета | Q26: 15.04.2014 № 23/2846, 15.07.2014 № 23/5644, 14.10.2015 № 23/ 8409, 16.01.2015 № 23/198 | U26: выплачено в полном объеме по заявления граждан
A27: Департамент труда и социального развития Приморского края
A28: Субвенции всего | C28: =SUM(C30:C38) -> 3749056.6 | D28: =SUM(D30:D38) -> 0 | E28: =SUM(E30:E38) -> 0 | F28: =SUM(F30:F38) -> 0 | G28: =SUM(G30:G38) -> 0 | H28: =SUM(H30:H38) -> 3604829.1 | K28: =SUM(K30:K38) -> 3604829.1 | L28: =SUM(L30:L38) -> 3567798.7 | M28: =SUM(M30:M38) -> 0 | N28: =SUM(N30:N38) -> 3567798.7 | O28: =SUM(O30:O38) -> 0 | P28: =SUM(P30:P38) -> 0 | R28: =SUM(R30:R38) -> 0 | S28: =SUM(S30:S38) -> 0 | T28: =SUM(T30:T38) -> 0 | U28: =SUM(U30:U38) -> 0
A29: в том числе по направлениям расходов
A30: Субвенции на выплату государственного единовременного пособия и ежемесячной денежной компенсации гражданам при возникновении поствакцинальных осложнений в соответствии с Федеральным законом от 17 сентября 1998 года № 157-ФЗ "Об иммунопрофилактике инфекционных болезней" в рамках подпрограммы "Развитие мер социальной поддержки отдельных категорий граждан" государственной программы Российской Федерации "Социальная поддержка граждан" | B30: Федеральный Закон от 02.12.2013 № 349-ФЗ "О Федеральном бюджете на 2014 год и плановый период 2015 и 2016 годов" | C30: 56 | D30: Постановление Правительства РФ от 21.09.2005 N 579 "О порядке предоставления субвенций из федерального бюджета бюджетам субъектов Российской Федерации на реализацию полномочий по выплате гражданам государственных единовременных пособий и ежемесячных денежных компенсаций при возникновении поствакцинальных осложнений" | H30: =K30 -> 56 | I30: от 25.04.14 п/п 761, от 30.05.14 п/п 705, от 20.06.14 п/п 620, от 28.07.14 п/п 954, от 14.06.14 п/п 59 | J30: 76020203011020000151 | K30: 56 | L30: 56 | M30: 0395240 | N30: =L30 -> 56 | O30: от 25.04.2014 п/п № 439966, п/п 439965, п/п 439964, п/п 439963, от 30.05.2014 п/п 732219, п/п 732218, п/п 732221, п/п 732220, от 20.06.2014 п/п 896600, п/п 896599, п/п 896614, п/п 896608, от 28.07.2014 п/п 316149, п/п 316146, п/п 316145, п/п 316151, от 14.08.2014 п/п 466040, п/п 466039, п/п 466041, п/п 466042, от 17.10.2014 п/п 105268, п/п 105266, от 23.10.2014 п/п 154219, п/п 154220, от 17.11.2014 п/п 360338, п/п 360357, п/п 360351, п/п 360355, от 11.12.2014 п/п 610660, п/п 610683, п/п 610647, п/п 610654, от 29.12.2014 п/п 836507 | P30: В соответствии с Постановлением Правительства РФ от 21.09.2005 N 579 - ежеквартально, не позднее 15-го числа месяца, следующего за отчетным периодом. | Q30: в соответствии с установленными сроками
A31: Субвенции на осуществление полномочий по обеспечению жильем отдельных категорий граждан, установленных Федеральным законом от 12 января 1995 года № 5-ФЗ "О ветеранах", в соответствии с Указом Президента Российской Федерации от 7 мая 2008 года № 714 "Об обеспечении жильем ветеранов Великой Отечественной войны 1941 - 1945 годов" в рамках подпрограммы "Создание условий для обеспечения доступным и комфортным жильем граждан России" государственной программы Российской Федерации "Обеспечение доступным и комфортным жильем и коммунальными услугами граждан Российской Федерации" | B31: Федеральный закон от 02.12.2013 № 349-ФЗ "О федеральном бюджете на 2014 год и на плановый период 2015 и 2016 годов" | C31: 86747 | D31: Постановление Правительства Российской Федерации от 15.10.2005 № 614 "Об утверждении Правил предоставления субвенций из федерального бюджета бюджетам субъектов Российской Федерации на реализацию передаваемых полномочий Российской Федерации по обеспечению жильем ветеранов, инвалидов и семей, имеющих детей-инвалидов" | E31: Соглашение о предоставлении в 2014 году субвенций из федерального бюджета бюджету субъекта Российской Федерации на обеспечение жильем нуждающихся в улучшении жилищных условий отдельных категорий граждан, установленных Федеральным законом от 12.01.1995 № 5-ФЗ "О ветеранах" и Федедральным законом от 24.11.1995 № 181-ФЗ "О социальной защите инвалидов в Российской Федерации" (исх. № 11/1308 от 03.03.2014) | F31: 1 раз в год | H31: 86747 | I31: от 07.04.14 п/п 770 | J31: 76020203069020000151 | K31: 86747 | L31: 85793.76 | M31: 0395134 | N31: =L31 -> 85793.76 | O31: п/п 387069 от 18.04.14; п/п 631006, п/п 631004, п/п 631005 от 20.05.14; п/п 643217, п/п 643213, п/п 643214, п/п 643212, п/п 643216, п/п 643215, п/п 643218 от 21.05.2014; п/п 653429 от 22.05.2014; п/п 663689 , п/п 663737, п/п 663694 от 23.05.2014; п/п 676326 от 26.05.2014; п/п 705974, п/п 705973, п/п 705956, п/п 705990, п/п 705989 от 28.05.2014; п/п 740909 от 30.05.2014; п/п 772248 от 04.06.2014; п/п 787835, п/п 787897 от 05.06.2014; п/п 824260, п/п 824274 от 10.06.2014; п/п 853766, п/п 853765, п/п 853891 от 16.06.2014; п/п 26842, п/п 26841, п/п 26838, п/п 26836, п/п 26837, п/п 26839, п/п 26897 от 24.06.2014; п/п 55490, п/п 57045 от 26.06.2014; п/п 75786 от 27.06.2014; п/п 94379, п/п 94375, п/п 94378, п/п 94376, п/п 94377 от 30.06.2014; п/п 124225, п/п 124224, п/п 124223, п/п 122708 от 03.07.2014; п/п 204182, п/п 204183 от 14.07.2014; п/п 231071 от 16.07.2014; п/п 308992 от 25.07.2014; п/п 401172 от 06.08.2014; п/п 617835 от 02.09.2014; п/п 696971 и п/п 696972 от 11.09.2014 | P31: ежеквартальный отчет не позднее 15-го числа месяца, следующего за отчетным кварталом | Q31: 42020 | R31: Обеспечение жильем отдельных категорий граждан, установленных Федеральным законом от 12 января 1995 года № 5-ФЗ "О ветеранах", в соответствии с Указом Президента Российской Федерации от 7 мая 2008 года № 714 "Об обеспечении жильем ветеранов Великой Отечественной войны 1941 - 1945 годов"
A32: Субвенции на осуществление полномочий по обеспечению жильем отдельных категорий граждан, установленных федеральными законами от 12 января 1995 года № 5-ФЗ "О ветеранах" и от 24 ноября 1995 года № 181-ФЗ "О социальной защите инвалидов в Российской Федерации", в рамках подпрограммы "Создание условий для обеспечения доступным и комфортным жильем граждан России" государственной программы Российской Федерации "Обеспечение доступным и комфортным жильем и коммунальными услугами граждан Российской Федерации" | B32: Федеральный закон от 02.12.2013 № 349-ФЗ "О федеральном бюджете на 2014 год и на плановый период 2015 и 2016 годов" | C32: 20621 | D32: Постановление Правительства РФ от 15 октября 2005 г. N 614 "Об утверждении Правил предоставления субвенций из федерального бюджета бюджетам субъектов Российской Федерации на реализацию передаваемых полномочий Российской Федерации по обеспечению жильем ветеранов, инвалидов и семей, имеющих детей-инвалидов"; Постановление Правительства РФ от 27.03.2006 N 169 "Об утверждении Методики распределения между субъектами Российской Федерации субвенций из Федерального фонда компенсаций на реализацию федеральных полномочий по обеспечению жильем отдельных категорий граждан, установленных Федеральными законами "О ветеранах" и "О социальной защите инвалидов в Российской Федерации" | E32: Соглашение о предоставлении в 2014 году субвенций из федерального бюджета бюджету субъекта Российской Федерации на обеспечение жильем нуждающихся в улучшении жилищных условий отдельных категорий граждан, установленных Федеральным законом от 12.01.1995 № 5-ФЗ "О ветеранах" и Федедральным законом от 24.11.1995 № 181-ФЗ "О социальной защите инвалидов в Российской Федерации" (исх. № 11/1308 от 03.03.2014) | F32: 1 раз в год | H32: 20621 | I32: от 08.04.14 п/п 185 | J32: 76020203070020000151 | K32: 20621 | L32: 9045.126 | M32: 0395135 | N32: =L32 -> 9045.126 | O32: п/п 387068 от 18.04.2014; п/п 387067 от 18.04.2014; п/п 230706 от 16.07.2014; п/п 537851 от 22.08.2014; п/п 36035 от 09.10.2014; п/п 108734 от 17.10.2014; п/п 211598 от 29.10.2014; п/п 211597 от 29.10.2014; п/п 332345 от 13.11.2014; п/п 411770 от 21.11.2014; п/п 817138 от 26.12.2014 | P32: ежеквартальный отчет не позднее 15-го числа месяца, следующего за отчетным кварталом | Q32: 42020 | R32: Обеспечение жильем отдельных категорий граждан, установленных федеральными законами от 12 января 1995 года № 5-ФЗ "О ветеранах" и от 24 ноября 1995 года № 181-ФЗ "О социальной защите инвалидов в Российской Федерации"
A33: Субвенции на оплату жилищно-коммунальных услуг отдельным категориям граждан в рамках подпрограммы "Развитие мер социальной поддержки отдельных категорий граждан" государственной программы Российской Федерации "Социальная поддержка граждан" | B33: Федеральный Закон от 02.12.2013 № 349-ФЗ "О Федеральном бюджете на 2014 год и плановый период 2015 и 2016 годов" | C33: 1864615.8 | D33: Постановление Правительства РФ от 12 декабря 2007 г. N 861 "Об утверждении методики распределения субвенций из федерального бюджета между бюджетами субъектов Российской Федерации на оплату жилищно-коммунальных услуг отдельным категориям граждан и Правил предоставления субвенций из федерального бюджета бюджетам субъектов Российской Федерации на оплату жилищно-коммунальных услуг отдельным категориям граждан и осуществления расходов бюджетов субъектов Российской Федерации, источником финансового обеспечения которых являются указанные субвенции" | H33: =K33 -> 1798284.1 | I33: 07.02.14 п/п 812, 11.02.14 п/п 598, 12.02.14 п/п 189, 26.02.14 п/п 372, 20.03.14 п/п 631, 28.03.14 п/п 843, 31.03.14 п/п 13, 08.04.14 п/п 988, 09.04.14 п/п776, 10.04.14 п/п 262, 24.04.14 п/п 215, 13.05.14 п/п 536, 14.05.14 п/п 748, 27.05.14 п/п 825, 11.06.14 п/п 863, 27.06.14 п/п 784, 10.07.14 п/п 227, 25.07.14 п/п 682, 12.08.14 п/п 447, 26.08.14 п/п 180, 12.09.14 п/п 404 | J33: 76020203001020000151 | K33: 1798284.1 | L33: 1798297.4 | M33: 0395250 | N33: =L33 -> 1798297.4 | O33: массив платежных поручений | P33: В соответствии с Приказом Минфина России от 27.12.2007 №158н -ежеквартально, до 15 числа месяца, следующего за отчетным кварталом. | Q33: В установленные сроки
A34: Субвенции на выплату единовременного пособия беременной жене военнослужащего, проходящего военную службу по призыву, а также ежемесячного пособия на ребенка военнослужащего, проходящего военную службу по призыву, в соответствии с Федеральным законом от 19 мая 1995 года № 81-ФЗ "О государственных пособиях гражданам, имеющим детей" в рамках подпрограммы "Совершенствование социальной поддержки семьи и детей" государственной программы Российской Федерации "Социальная поддержка граждан" | B34: Федеральный Закон от 02.12.2013 № 349-ФЗ "О Федеральном бюджете на 2014 год и плановый период 2015 и 2016 годов" | C34: 38703 | D34: Постановление Правительства РФ от 4 февраля 2009 г. N 97 "О порядке предоставления субвенций из федерального бюджета бюджетам субъектов Российской Федерации и бюджету г. Байконура на выплату единовременного пособия беременной жене военнослужащего, проходящего военную службу по призыву, и ежемесячного пособия на ребенка военнослужащего, проходящего военную службу по призыву" | H34: =K34 -> 18129.578 | I34: от 15.01.14 п/п 793, от 15.05.14 п/п 225, от 16.05.14 п/п 592, от 27.05.14 п/п 828 | J34: 76020203053020000151 | K34: 18129.578 | L34: 18129.578 | M34: 0395270 | N34: =L34 -> 18129.578 | P34: В соответствии с Постановлением Правительства РФ от 04.02.2009 № 97 - Ежемесячно, не позднее 15-го числа месяца, следующего за отчетным и ежеквартально, не позднее 15-го числа месяца, следующего за отчетным периодом. | Q34: в соответствии с установленными сроками
A35: Субвенции на выплату государственных пособий лицам, не подлежащим обязательному социальному страхованию на случай временной нетрудоспособности и в связи с материнством, и лицам, уволенным в связи с ликвидацией организаций (прекращением деятельности, полномочий физическими лицами), в соответствии с Федеральным законом от 19 мая 1995 года № 81-ФЗ "О государственных пособиях гражданам, имеющим детей" в рамках подпрограммы "Совершенствование социальной поддержки семьи и детей" государственной программы Российской Федерации "Социальная поддержка граждан" | B35: Федеральный Закон от 02.12.2013 № 349-ФЗ "О Федеральном бюджете на 2014 год и плановый период 2015 и 2016 годов", Распоряжение Правительства РФ от 15 декабря 2014 г. N 2551-р О распределении на 2014 г. субвенций бюджетам субъектов РФ и г. Байконура на выплату государственных пособий лицам, не подлежащим обязательному социальному страхованию на случай временной нетрудоспособности и в связи с материнством, и лицам, уволенным в связи с ликвидацией организаций (прекращением деятельности, полномочий физическими лицами), в соответствии со статьей 41 Федерального закона "О государственных пособиях гражданам, имеющим детей" | C35: 950141.3 | D35: Постановление Правительства РФ от 08.10.2013 N 893 "О порядке предоставления субвенций, предоставляемых бюджетам субъектов Российской Федерации и бюджету г. Байконура из федерального бюджета в целях финансового обеспечения расходных обязательств субъектов Российской Федерации, возникающих при выполнении полномочий Российской Федерации, на выплату отдельных видов государственных пособий лицам, не подлежащим обязательному социальному страхованию на случай временной нетрудоспособности и в связи с материнством, а также лицам, уволенным в связи с ликвидацией организаций (прекращением деятельности, полномочий физическими лицами)" | H35: =K35 -> 950107.69 | I35: от 14.01.14 п/п 843, от 21.04.14 п/п 153, от 29.04.14 п/п 31, от 13.05.14 п/п 537, от 26.05.14 п/п 598, от 11.06.14 п/п 867, от 23.06.14 п/п 847, от 10.07.14 п/п 228, от 25.07.14 п/п 683, от 12.08.14 п/п 449, от 25.08.14 п/п 677, от 11.09.14 п/п 444 | J35: 76020203122020000151 | K35: 950107.69 | L35: 949656.71 | M35: 0395381, 0395383, 0395384, 0395385 | N35: =L35 -> 949656.71 | O35: массив платежных поручений | P35: В соответствии с Постановлением Правительства РФ от 08.10.2013 N 893 - ежемесячно, не позднее 10-го числа месяца, следующего за отчетным | Q35: в соответствии с установленными сроками
A36: Субвенции на социальные выплаты безработным гражданам в соответствии с Законом Российской Федерации от 19 апреля 1991 года № 1032-I "О занятости населения в Российской Федерации" в рамках подпрограммы "Активная политика занятости населения и социальная поддержка безработных граждан" государственной программы Российской Федерации "Содействие занятости населения" | B36: Федеральный закон от 02.12.2013 N 349-ФЗ "О федеральном бюджете на 2014 год и на плановый период 2015 и 2016 годов" | C36: 719830.5 | D36: Постановление Правительства РФ от 22.01.2007 N 36 "Об утверждении Правил предоставления субвенций из федерального бюджета бюджетам субъектов Российской Федерации на осуществление переданного полномочия Российской Федерации по осуществлению социальных выплат гражданам, признанным в установленном порядке безработными" | H36: =K36 -> 663000 | I36: от 13.01.14 п/п 215, от 24.01.14 п/п 670, от 24.02.14 п/п 314, от 20.03.14 п/п 898, от 18.04.14 п/п 206, от 21.05.14 п/п 802, от 19.06.14 п/п 844, от 23.06.14 п/п 847, от 21.07.14 п/п 866, от 19.08.14 п/п 572 | J36: 76020203025020000151 | K36: 663000 | L36: 642049.76 | M36: 0495290 | N36: =L36 -> 642049.76 | O36: массив платежных поручений | P36: В соответствии с Приказом Минтруда РФ от 01.03.2012 № 189н - ежеквартально, не позднее 15 числа месяца следующего за отчетным кварталом, по итогам года - не позднее 20 января года, следующего за отчетным | Q36: в соответствии с установленными сроками
A37: Субвенции на осуществление переданного полномочия Российской Федерации по осуществлению ежегодной денежной выплаты лицам, награжденным нагрудным знаком "Почетный донор России", в рамках подпрограммы "Развитие мер социальной поддержки отдельных категорий граждан" государственной программы Российской Федерации "Социальная поддержка граждан" | B37: Федеральный Закон от 02.12.2013 № 349-ФЗ "О Федеральном бюджете на 2014 год и плановый период 2015 и 2016 годов" | C37: 67852.8 | D37: Постановление Правительства Российской Федерации от 9 марта 2013 года N 197 "О предоставлении субвенций из федерального бюджета бюджетам субъектов Российской Федерации на осуществление переданного полномочия Российской Федерации по осуществлению ежегодной денежной выплаты лицам, награжденным нагрудным знаком "Почетный донор России" | H37: =K37 -> 67852.8 | I37: от 12.02.14 п/п 341 | J37: 76020203004020000151 | K37: 67852.8 | L37: 64739.328 | M37: 0395220 | N37: =L37 -> 64739.328 | O37: массив платежных поручений | P37: В соответствии с Приказом Федерального медико-биологического агентства от 05.08.2013 № 200 - ежеквартально, не позднее 15 числа месяца, следующего за отчетным кварталом. | Q37: в соответствии с установленными сроками
A38: Субвенции на выплату инвалидам компенсаций страховых премий по договорам обязательного страхования гражданской ответственности владельцев транспортных средств в соответствии с Федеральным законом от 25 апреля 2002 года № 40-ФЗ "Об обязательном страховании гражданской ответственности владельцев транспортных средств" в рамках подпрограммы "Совершенствование механизма предоставления услуг в сфере реабилитации и государственной системы медико-социальной экспертизы" государственной программы Российской Федерации "Доступная среда" на 2011 - 2015 годы | B38: Федеральный Закон от 02.12.2013 № 349-ФЗ "О Федеральном бюджете на 2014 год и плановый период 2015 и 2016 годов" | C38: 489.2 | D38: Постановление Правительства РФ от 19 августа 2005 г. N 528 "О порядке предоставления из федерального бюджета субвенций бюджетам субъектов Российской Федерации на реализацию полномочий по выплате инвалидам (в том числе детям-инвалидам), имеющим транспортные средства в соответствии с медицинскими показаниями, или их законным представителям компенсации уплаченной ими страховой премии по договору обязательного страхования гражданской ответственности владельцев транспортных средств" | H38: =K38 -> 30.97633 | I38: от 20.03.14 п/п 632, 16.04.14 п/п 86, от 19.06.14 п/п 686, от 17.07.14 п/п 714, от 20.08.14 п/п 349, от 17.09.14 п/п 441 | J38: 76020203012020000151 | K38: 30.97633 | L38: 30.97633 | M38: 0395280 | N38: =L38 -> 30.97633 | O38: от 20.03.2014 п/п141352, 141348, 141349, 141354, 141355, 141345, 141350, 141347, 141356, 141351, 141353, 141346; от 16.04.2014 п/п 356609, 356610, 356611, 356608, от 16.05.2014 п/п 604372, 604373, от 19.06.2014 п/п 882286, 882284, 882285; от 17.07.2014 п/п 237007, 237006, 237005, от 20.08.2014 п/п 510977, 510978, 510975, 510976, от 25.08.2014 п/п 544229, 544294, от 28.08.2014 п/п 576520, 576522, от 17.09.2014 п/п 736436, 736437; от 06.10.2014 п/п 894475, 894476; от 16.10.2014 п/п 91889, от 21.10.2014 п/п 129665, 129664; от 23.10.2014 п/п 154218; от 16.12.2014 п/п 655740, 655746, 655743, 655744, 655745, 655742, 655741 | P38: В соответствии с Постановлением Правительства РФ от 19.08.2005 № 528 - ежеквартально, не позднее 15-го числа месяца, следующего за отчетным периодом | Q38: в соответствии с установленными сроками
A39: 10. Субвенции бюджетам субъектов Российской Федерации на перевозку несовершеннолетних, самовольно ушедших из семей, детских домов, школ-интернатов, специальных учебно-воспитательных и иных детских учреждений | B39: В 2014 году субвенция на перевозку несовершеннолетних, самовольно ушедших из семей, детских домов, школ-интернатов, специальных учебно-воспитательных и иных детских учреждений предоставлялась в составе Единой субвенции
A40: Департамент здравоохранения Приморского края
A41: Субвенции всего | C41: =C43 -> 281645.4 | K41: =K43 -> 281645.4 | L41: =L43 -> 281645.4 | N41: =N43 -> 281645.4
A42: в том числе по направлениям расходов
A43: на оказание отдельным категориям граждан государственной социальной помощи по обеспечению лекарственными препаратами, медицинскими изделиями, а также специализированными продуктами лечебного питания для детей-инвалидов | B43: Распоряжение Правительства РФ от 2465-р от 21.12.2013 (измен. от 2464-р от 16.12.2014, от 07.10.2014 № 1973-р, от 09.08.2014 № 1492-р) | C43: 281645.4 | D43: Постановление Правительства РФ от 27.08.2014 г. № 865 «Об утверждении правил предоставления субвенций из федерального бюджета бюджетам субъектов РФ и бюджету г. Байконура на финансовое обеспечение оказания отдельным категориям граждан социальной услуги по обеспечению лекарственными препаратами для медицинского применения по рецептам на лекарственные препараты, медицинскими изделиями по рецептам на медицинские изделия, а также специализированными продуктами лечебного питания для детей-инвалидов и о признании утратившими силу некоторых актов Правительства РФ | I43: 28.01.2014 № 210295 | J43: 20203068020000151 | K43: 281645.4 | L43: 281645.4 | M43: 0123093 | N43: =20160.63+261484.77 -> 281645.4 | O43: согласно реестра заявок на кассовый расход на 104 л.
A44: Департамент лесного хозяйства Приморского края
A45: Субвенции всего | K45: =SUM(K47:K53) -> 423843.79 | L45: =SUM(L47:L53) -> 395706.15 | N45: =SUM(N47:N53) -> 395706.15
A46: в том числе по направлениям расходов
A47: Субвенции на осуществление отдельных полномочий в области лесных отношений подпрограммы "Охрана и защита лесов" государственной программы Российской Федерации "Развитие лесного хозяйства" на 2013 - 2020 годы | B47: Распоряжение Правительства РФ от 6 мая 2008 г. № 671-р | D47: Постановление Правительства РФ от 15 апреля 2014 года № 318 Об утверждении государственной программы Российской Федерации "Развитие лесного хозяйства" на 2013-2020 годы | I47: пл.пор. от 16.01.2014 № 221; 06.03.2014 № 566; 17.09.2014 № 285; 25.12.2014 № 800 | J47: 76320203018020000151 | K47: 126642.5 | L47: 104642.5 | M47: 2915129 | N47: 104642.5 | O47: перечисление в течении года расходными расписаниями
R48: Доля лесных пожаров, возникших по вине граждан, в общем количестве лесных пожаров | S48: 68.9 | T48: 55.6 | U48: В связи с погодными условиями количество пожаров возникших по вине граждан - 404 шт.
R49: Доля лесных пожаров, ликвидированных в течение первых суток со дня обнаружения (по количеству случаев), в общем количестве лесных пожаров | S49: 78.7 | T49: 77.7 | U49: В 2014 году 579 пожаров, ликвидированных в течение первых суток с момента обнаружения . (Всего в 2014 году число пожаров составило 727.
R50: Доля крупных лесных пожаров в общем количестве лесных пожаров | S50: 23.3 | T50: 24.3 | U50: В связи с погодными условиями и труднодоступностью местности возникшего возгорания,- количество крупных пожаров составило 177 шт., по сравнению с прошлым годом (2 шт.)
R51: Отношение площади проведенных санитарно-оздоровительных мероприятий к площади погибших и поврежденных лесов (годовой) | S51: 24.1 | T51: 100 | U51: Проведено больше санитарно-оздоровительных мероприятий чем запланировано
A52: Субвенции на осуществление отдельных полномочий в области лесных отношений в рамках подпрограммы "Обеспечение использования лесов" государственной программы Российской Федерации "Развитие лесного хозяйства" на 2013 - 2020 годы | D52: Постановление Правительства РФ от 15 апреля 2014 года № 318 Об утверждении государственной программы Российской Федерации "Развитие лесного хозяйства" на 2013-2020 годы | I52: пл.пор. от 16.01.2014 № 62; 06.03.2014 № 736; 11.04.2014 № 249; 11.06.2014 № 410; 23.09.2014 № 662 | J52: 76320203018020000151 | K52: 60500 | L52: 60500 | M52: 2925129 | N52: 60500 | O52: перечисление в течении года расходными расписаниями
A53: Субвенции на осуществление отдельных полномочий в области лесных отношений в рамках подпрограммы "Обеспечение реализации государственной программы Российской Федерации "Развитие лесного хозяйства" на 2013 - 2020 годы" | D53: Постановление Правительства РФ от 15 апреля 2014 года № 318 Об утверждении государственной программы Российской Федерации "Развитие лесного хозяйства" на 2013-2020 годы | I53: пл.пор. от 16.01.2014 № 241; 06.03.2014 № 582; 11.06.2014 № 390; 19.09.2014 № 132; 03.10.2014 № 287; 24.11.2014 № 213 | J53: 76320203018020000151 | K53: 236701.29 | L53: 230563.65 | M53: 2945129 | N53: 230563.65 | O53: перечисление в течении года расходными расписаниями
R54: Доля площади лесов, выбывших из состава покрытых лесной растительностью земель лесного фонда в связи с воздействием пожаров, вредных организмов, рубок и других факторов, в общей площади покрытых лесной растительностью земель лесного фонда (годовой) | S54: 0.111 | T54: 0.002 | U54: В связи с погодными условиями и труднодоступностью местности возникшего возгорания,- количество крупных пожаров составило 177 шт., по сравнению с прошлым годом (2 шт.)
R55: Лесистость территории Приморского края | S55: 77.6 | T55: 77.5
R56: Доля площади ценных лесных насаждений в составе покрытых лесной растительностью земель лесного фонда | S56: 88.6 | T56: 78.05
R57: Отношение фактического объема заготовки древесины к установленному допустимому объему изъятия древесины | S57: 53 | T57: 56.4 | U57: Лесной фонд, покрытый лесной растительностью, находящийся в ведении департамента лесного хозяйства, составляет 12 763,6 тыс.га. Объем заготовки древесины составил 2 794,0 тыс. куб. м., что на 364 тыс.куб.м. больше,чем в 2013 году
R58: Доля лесных пожаров, возникших по вине граждан, в общем количестве лесных пожаров | S58: 60.6 | T58: 55.6 | U58: В связи с погодными условиями количество пожаров возникших по вине граждан - 404 шт.
R59: Доля лесных пожаров, ликвидированных в течение первых суток со дня обнаружения (по количеству случаев), в общем количестве лесных пожаров | S59: 79.5 | T59: 77.7 | U59: В 2014 году 579 пожаров, ликвидированных в течение первых суток с момента обнаружения . (Всего в 2014 году число пожаров составило 727.
R60: Доля крупных лесных пожаров в общем количестве лесных пожаров | S60: 23.3 | T60: 24.2 | U60: В связи с погодными условиями и труднодоступностью местности возникшего возгорания и малоснежной зимой.
R61: Отношение площади проведенных санитарно-оздоровительных мероприятий к площади погибших и поврежденных лесов (годовой) | S61: 25.6 | T61: 100 | U61: Проведено больше санитарно-оздоровительных мероприятий чем запланировано
R62: Доля площадей земель лесного фонда, переданных в аренду, в общей площади земель лесного фонда | S62: 93.7 | T62: 93.7
R63: Доля объема заготовки древесины выборочными рубками в общем объеме заготовки древесины | S63: 72.9 | T63: 78.8 | U63: В связи с утвержденными планами рубок на 2014 год
R64: Отношение количества случаев с установленными нарушителями лесного законодательства к общему количеству зарегистрированных случаев нарушения лесного законодательства (годовой) | S64: 51.7 | T64: 30.4 | U64: Несвоевременное выявление незаконных рубок, вследствие недостаточной технической оснащенности лесничеств автомобильным транспортом повышенной проходимости, необходимым для более регулярного патрулирования лесов
R65: Отношение суммы возмещенного ущерба от нарушений лесного законодательства к сумме нанесенного ущерба от нарушений лесного законодательства | S65: 4.1 | T65: 1.2 | U65: Низкий показатель принудительного взыскания судебными приставами ущерба по вступившим в законную силу решениям судов с осужденных лиц, обусловлен отсутствием имущества у лиц совершивших незаконную рубку насаждений
R66: Отношение площади искусственного лесовосстановления к площади выбытия лесов в результате сплошных рубок | S66: 17.3 | T66: 12.1 | U66: При планирование данного показателя была заниженна площадь сплошных рубок, так как данный показатель не возможно точно спланировать
R67: Темп прироста реальной среднемесячной заработной платы с учетом индекса потребительских цен | S67: 6.2 | T67: 5 | U67: В 2014 году, в соотвествиии с законом Приморского края от 19.12.2013 № 334-КЗ "о краевом бюджете на 2014 год и плановый период 2015 и 2016 годов, работникам краевых государственных учреждений по отраслевой системе оплаты труда было проиндексированно путем увеличения в 1,05 раза окладов.
R68: Удельный вес численности высококвалифицированных работников в общей численности квалифицированных работников в Приморском крае | S68: 30.8 | T68: 49.3 | U68: Ввиду того, что показатели брались из расчета всего фактической численности сотрулников ддепартамента лесного хозяйства ПК и высоковалифицированных работников всего по штатному расписанию
A69: Департамент по координации правоохранительной деятельности, исполнения административного законодательства и обеспечения деятельности мировых судей Приморского края
A70: Субвенции всего | C70: =C71+C72 -> 28365.1 | H70: =H71+H72 -> 28365.1 | K70: =K71+K72 -> 28365.1 | L70: =L71+L72 -> 28173.1 | N70: =N71+N72 -> 28173.1
A71: Субвенция на осуществление федеральных полномочий по первичному воинскому учету на территориях, где отсутствуют военные комиссариаты | B71: Федеральный закон от 02.12.2013 г. №349-ФЗ "О федеральном бюджете на 2014 год и на плановый период 2015 и 2016 годов" | C71: 27106.2 | D71: Постановление от 29.04.2006 г. № 258 "О субвенциях на осуществление полномочий по первичному воинскому учету на территориях, где отсутствуют военные комиссариаты" | E71: Постановление от 29.04.2006 г. № 258 "О субвенциях на осуществление полномочий по первичному воинскому учету на территориях, где отсутствуют военные комиссариаты" | F71: один раз в год | H71: 27106.2 | I71: Платежное поручение № 123 от 27.03.2014 г. сумма - 13553,1 тыс. руб. Платежное поручение № 847 от 07.07.2014 г. сумма - 13553,1 тыс. руб. | J71: 785 2 02 03015 02 0000 151 | K71: 27106.2 | L71: 27082.4 | M71: 9995118 | N71: 27082.4 | P71: ежеквартально 15 числа месяца следующего за отчетным | Q71: 15.04.2014г.10.07.2014г. 15.10.2014г. 20.01.2015г. | U71: Исполнение переданных полномочий: осуществление первичного воинского учета на территориях, где отсутствуют военные комиссариаты.
A72: Субвенции на осуществление государственных полномочий по составлению (изменению) списков кандидатов в присяжные заседатели федеральных судов общей юрисдикции РФ | B72: Приказ Судебного департамента при Верховном Суде РФ от 18.02.2009 г. №24 "О предоставлении субвенций на осуществление государственных полномочий по составлению (изменению, дополнению) списков кандидатов в присяжные заседатели федеральных судов общей юрисдикции в РФ". | C72: 1258.9 | D72: Постановление Правительства Российской Федерации от 23.05.2005 г. № 320 «Об утверждении правил финансового обеспечения переданных исполнительно-распорядительным органам муниципальных образований государственных полномочий по составлению списков кандидатов в присяжные заседатели федеральных судов общей юрисдикции в Российской Федерации» | E72: Постановление Правительства Российской Федерации от 23.05.2005 г. № 320 «Об утверждении правил финансового обеспечения переданных исполнительно-распорядительным органам муниципальных образований государственных полномочий по составлению списков кандидатов в присяжные заседатели федеральных судов общей юрисдикции в Российской Федерации» | F72: один раз в год | H72: 1258.9 | I72: Приморский краевой суд: платежное поручение № 961 от 11.04.2014 г. сумма -991,8 тыс. руб. Тихоокеанский флотский военный суд: платежное поручение № 411 от 16.04.2014 г. сумма-86,0 тыс. руб., платежное № 4 от 22.04.2014 г. сумма - 0,03 тыс. руб. 3 окружной военный суд : платежное поручение №599 от 10.04.2014 г. сумма - 181,1 тыс. руб. | J72: 785 2 02 03007 02 0000 151 | K72: 1258.9 | L72: 1090.7 | M72: 9995120 | N72: 1090.7 | P72: ежеквартально 05 числа месяца следующего за отчетным | Q72: 05.04.2014г.05.07.2014г. 05.10.2014г. 05.01.2015г. | U72: Исполнение переданных полномочий: уточнение и дополнение списковкандидатов в присяжные заседатели.
A73: Департамент природных ресурсов и охраны окружающей среды Приморского края
A74: Субвенции всего | H74: =H75 -> 0 | K74: =K75 -> 32744 | L74: =L75 -> 17776.54 | N74: =N75 -> 17776.54
A75: Субвенции на осуществление органами государственной власти субъекта Российской Федерации переданных полномочий в области водных отношений | B75: Федеральный закон от 02.12.2013 г. №349-ФЗ "О федеральном бюджете на 2014 год и на плановый период 2015 и 2016 годов" | D75: Распоряжение Правительства РФ от 27 августа 2009 г. N 1235-р | F75: один раз в год | K75: 32744 | L75: 17776.54 | M75: 0845128 | N75: 17776.54 | P75: ежеквартально 15 числа месяца следующего за отчетным
A76: *Примечание:
A77: Отклонение показателей кассового исполнения приложения 1 и приложения 2 по информации департамента финансов связаны с неосвоением муниципальными образованиями Приморского края в полном объеме средств единой субвенции.

Sheet Иные мбт
T1: Приложение 2 (2014 год) (продолжение)
A2: Информация об исполнении межбюджетных трансфертов (МБТ), предоставляемых их федерального бюджета (ФБ)
A3: за 2014 год
U4: (тыс. рублей )
A5: Наименование МБТ | B5: Распределение МБТ из ФБ | D5: Постановление Правительства РФ об утверждении правил предоставления и распределения МБТ (дата, №, наименование) | E5: Основания для предоставления бюджетных ассигнований (соглашение (договор) о предоставлении МБТ из ФБ (при наличии) | I5: Фактически поступило в краевой бюджет | L5: Кассовое исполнение | N5: Фактически перечислено бюджетных ассигнований получателю | P5: Срок предоставления отчета органом исполнительной власти ПК федеральному органу | R5: Показатели результативности использования МБТ (целевые показатели и/или индикаторы государственных программ Приморского края) | U5: Достигнутый результат от использования бюджетных ассигнований
B6: нормативный правовой акт Правительства РФ (дата, №, наименование) | C6: объем | E6: дата, №, наименование | F6: условия перечисления МБТ в краевой бюджет | H6: объем | I6: № и дата п/поручения | J6: код доходов по БК | K6: объем | L6: объем | M6: код целевой статьи по БК | N6: объем | O6: дата, №,3 вид документа | P6: по соглашению (договору) | Q6: фактическая дата * | R6: наименование показателя | S6: значения показателя за год
F7: периодичность (сроки, даты) | G7: условия софинансирования | S7: план | T7: факт
A8: 1 | B8: 2 | C8: 3 | D8: 4 | E8: 5 | F8: 6 | G8: 7 | H8: 8 | I8: 9 | J8: 10 | K8: 11 | L8: 12 | M8: 13 | N8: 14 | O8: 15 | P8: 16 | Q8: 17 | R8: 18 | S8: 19 | T8: 20 | U8: 21
A9: Иные межбюджетные трансферты, всего | C9: =C11+C16+C21+C23+C32+C39+C49+C52+C56+C60+C64+C69+C71 -> 3058787.7 | H9: =H11+H16+H21+H23+H32+H39+H49+H52+H56+H60+H64+H69+H71 -> 2872057.1 | K9: =K11+K16+K21+K23+K32+K39+K49+K52+K56+K60+K64+K69+K71 -> 3016771.2 | L9: =L11+L16+L21+L23+L32+L39+L49+L52+L56+L60+L64+L69+L71 -> 2304314.2 | N9: =N11+N16+N21+N23+N32+N39+N49+N52+N56+N60+N64+N69+N71 -> 2313203.8
A10: Администрация Приморского края
A11: Иные МБТ всего | C11: =C13+C14 -> 11752.27 | H11: =H13+H14 -> 11752.27 | K11: =K13+K14 -> 11752.27 | L11: =L13+L14 -> 11752.27 | N11: =N13+N14 -> 11752.27 | R11: - | S11: - | T11: - | U11: -
A12: в том числе по направлениям расходов
A13: Межбюджетные трансферты, передаваемые бюджетам субъектоам РФ на содержание депутатов Государственной Думы и их помощников | B13: Федеральный закон от 08.05.1994 года № 3-ФЗ "О статусе члена Совета Федерации и статусе депутата ГД ФС РФ" | C13: 10292.22 | E13: соглашение 38 от 21.07.2009 года "О материальном обеспечении деятельности депутатов ГД и их помощников на соответствующей территории" | F13: ежемесячно | G13: - | H13: =C13 -> 10292.22 | I13: =H13 -> 10292.22 | J13: 20204001020000151 | K13: =I13 -> 10292.22 | L13: =K13 -> 10292.22 | M13: 9995141 | N13: =C13 -> 10292.22 | O13: платежные поручения: 49 от 23.01.14, 149 от 06.02.14, 450 от 17.02.14, 663 от 25.02.14, 152 от 14.03.14, 433 от 21.03.14, 917 от 11.04.14, 255 от 21.04.14,728 от 15.05.14, 862 от 23.05.14, 242 от 16.06.14, 304 от 16.06.14, 913 от 26.06.14, 185 от 14.07.14, 494 от 23.07.14, 420 от 31.07.14, 792 от 18.08.14, 795 от 20.08.14, 994 от 27.08.14, 231 от 05.09.14, 712 от 19.09.14, 658 от 24.09.14, 374 от 03.10.14, 454 от 23.10.14, 318 от 28.10.14,195 от 07.11.14, 270 от 12.11.14, 439 от 12.11.14, 289 от 18.11.14, 480 от 24.11.14, 656 от 26.11.14, 987 от 15.12.14, 114 от 17.12.14, 518 от 19.12.14, 8 от 22.12.14, | P13: ежеквартально до 20 числа | Q13: ежеквартально 15 числа
A14: Межбюджетные трансферты, передаваемые бюджетам субъектоам РФ на содержание членов Совета Федерации и их помощников | B14: Федеральный закон от 08.05.1994 года № 3-ФЗ "О статусе члена Совета Федерации и статусе депутата ГД ФС РФ" | C14: 1460.05 | E14: - | F14: ежемесячно | G14: - | H14: =C14 -> 1460.05 | I14: =H14 -> 1460.05 | J14: 2020400202000151 | K14: =I14 -> 1460.05 | L14: =K14 -> 1460.05 | M14: 9995142 | N14: =C14 -> 1460.05 | O14: платежные поручения: 755 от 27.01.14, 763 от 07.02.14, 618 от 20.02.14,976 от 21.02.14, 610 от 06.03.14, 423 от 26.03.14, 687 от 09.04.14, 176 от 16,04.14, 163 от 16.05.14, 169 от 19.05.14, 592 от 22.05.14, 381 от 19.06.14, 995 от 23.06.14, 348 от 17.07.14, 488 от 21.07.14, 901 от 30.07.14, 107 от 16.12.14, 122 от 17.12.14, 997 от 22.12.14, | P14: ежеквартально 10 числа | Q14: ежеквартально 10 числа
A15: Департамент финансов Приморского края
A16: Иные МБТ всего | C16: =C18 -> 26614 | H16: =H18 -> 26614 | K16: =K18+K19+K20 -> 35533.93 | L16: =L18+L19+L20 -> 28652.45 | N16: =N18+N19+N20 -> 35533.93
A17: в том числе по направлениям расходов
A18: 1. Иные межбюджетные трансферты на переселение граждан из закрытых административно-территориальных образований | B18: Федеральный закон "О федеральном бюджете на 2014 год и на плановый период 2015 и 2016 годов" от 02.12.2013 № 349-ФЗ | C18: =1855+24759 -> 26614 | D18: Постановление Правительства РФ от 18.04.2005 № 232 "Об утверждении правил компенсации дополнительных расходов и (или) потерь бюджетов закрытых административно-территориальных образований, связанных с особым режимом безопасного функционирования" | H18: 26614 | I18: № 242 от 20.01.2014; № 903 от 02.04.2014. | J18: 75220204010020000151 | K18: 28796.54 | L18: 25343.9 | M18: 1745159 | N18: 28796.54 | O18: зкр № 24 от 24.01.2014, 26 от 24.01.2014, 330 от 07.07.2014
A19: Иные межбюджетные трансферты на развитие и поддержку социальной и инженерной инфраструктуры закрытых административно-территориальных образований | K19: 1330.05 | L19: 1310.1 | N19: 1330.05
A20: Иные межбюджетные трансферты на реализацию программ местного развития и обеспечение занятости для шахтерских городов и поселков в рамках подпрограммы "Реструктуризация и развитие угольной промышленности" государственной программы Российской Федерации "Энергоэффективность и развитие энергетики" | K20: 5407.34 | L20: 1998.45 | N20: 5407.34
A21: Законодательное Собрание Приморского края | C21: =C22 -> 0 | H21: =H22 -> 0 | K21: =K22 -> 515.59 | L21: =L22 -> 515.59 | N21: =N22 -> 0
A22: Иные межбюджетные трансферты на обеспечение членов Совета Федерации и их помощников в субъектах Российской Федерации по непрограммному направлению расходов "Члены Совета Федерации и их помощники" в рамках непрограммного направления деятельности "Совет Федерации Федерального Собрания Российской Федерации" | K22: 515.59 | L22: 515.59
A23: Департамент дорожного хозяйства Приморского края | C23: =C25+C26+C27 -> 527387.6 | D23: =D25+D26+D27 -> 0 | H23: =H25+H26+H27 -> 527387.6 | K23: =K25+K26+K27 -> 528970.3 | L23: =L25+L26+L27 -> 414959.52 | N23: =N25+N26+N27 -> 414959.52
A24: в том числе по направлениям расходов
A25: 1 Межбюджетные трансферты из Резервного фонда Правительства Российской Федерации на частичное воостановление поврежденных в результате крупномасштабного наводнения автомобильных дорог регионального или межмуниципального, местного значения и мостов | B25: Распоряжение Правительства Российской Федерации от 09.10.2013 №1825-р, от 21.12.2013 №2462-р | C25: 375900 | H25: 375900 | I25: Платежное поручение от 25.03.2014 №190 | J25: 754 2020 4999020 000 151 | K25: 377482.7 | L25: 327504.9 | M25: 754 0409 1225168 244 225 (д.к. 750) | N25: 327504.9 | P25: - | Q25: - | R25: - | S25: - | T25: - | U25: Произведены аварийно - восстановительные работы на автомобильных дорогах и мостовых сооружениях Артемовского городского округа и Тернейского муниципального района Приморского края
A26: 2 Иные межбюджетные трансферты за счет средств резервного фонда Правительства Российской Федерации в рамках непрограммного направления деятельности "Реализация функций иных федеральных органов государственной власти" | B26: Распоряжение Правительства Российской Федерации от 26.08.2014 №1632-р | C26: 151487.6 | E26: - | F26: - | G26: - | H26: 151487.6 | I26: Платежное поручение от 11.09.2014 №56 | J26: 754 2020 4999020 000 151 | K26: 151487.6 | L26: 87454.624 | M26: 754 0409 1225106 244 225 (д.к. 750) | N26: 87454.624 | O26: *** | P26: - | Q26: - | R26: - | S26: - | T26: - | U26: Произведены аварийно - восстановительные работы на автомобильных дорогах: Дальнереченск-Ариадное, Ракитное-Маревка, Подъезд к Подгорное, регуляция км 213+220 Находка-Лазо-Ольга-Кавалерово, Рудная Пристань-Терней, Терней-Малая Кема
A31: Департамент культуры Приморского края | C31: =C32 -> 18785.989 | H31: =H32 -> 18785.989 | K31: =K32 -> 18785.989 | L31: =L32 -> 1250 | N31: =N32 -> 1250
A32: Иные МБТ всего | C32: =C34+C35+C36+C37 -> 18785.989 | H32: =H34+H35+H36+H37 -> 18785.989 | K32: =K34+K35+K36+K37 -> 18785.989 | L32: =L34+L35+L36+L37 -> 1250 | N32: =N34+N35+N36+N37 -> 1250
A33: в том числе по направлениям расходов
A34: 1. Иные межбюджетные трансферты на государственную поддержку муниципальных учреждений культуры в рамках подпрограммы "Искусство" государственной программы Российской Федерации "Развитие культуры и туризма"на 2013-2020 годы | B34: Распоряжение Правительства Российской Федерации от 19.03.2014 № 394-р | C34: 800 | D34: Постановление Правительства Российской Федерации от 25.01.2013 № 30 "О порядке распределения и предоставления из федерального бюджета бюджетам субъектов Российской Федерации иных межбюджетных трансфертов для последующего предоставления иных межбюджетных трансфертов из бюджета субъекта Российской Федерации местным бюджетам на выплату денежного поощрения лучшим муниципальным учреждениям культуры, находящимся на территориях сельских поселений, и их работникам" | E34: Соглашение № 917-01-41/13-14 от 22.04.2014 | F34: - | G34: - | H34: 800 | I34: Платежное поручение № 238 от 05.05.2014 | J34: 76520204052020000151 | K34: 800 | L34: 800 | M34: 0595147 | N34: 800 | O34: Платежные поручения: 30.07.2014 № 346016; 30.07.2014 № 346013; 30.07.2014 № 347400; 30.07.2014 № 346015; 30.07.2014 № 346019; 30.07.2014 № 347404; 12.08.2014 № 450981; 04.09.2014 № 640837. | P34: 41958 | Q34: 41974 | R34: - | S34: - | T34: - | U34: -
A35: 2. Иные межбюджетные трансферты на государственную поддержку лучших работников муниципальных учреждений культуры, находящихся на территориях сельских поселений, в рамках подпрограммы "Искусство" государственной программы Российской Федерации "Развитие культуры и туризма"на 2013-2020 годы | B35: Распоряжение Правительства Российской Федерации от 19.03.2014 № 394-р | C35: 450 | E35: Соглашение № 917-01-41/13-14 от 22.04.2014 | F35: - | G35: - | H35: 450 | I35: Платежное поручение № 236 от 05.05.2014 | J35: 20204041020000151 | K35: 450 | L35: 450 | M35: 0595148 | N35: 450 | O35: Платежные поручения: 30.07.2014 № 347403; 30.07.2014 № 346012; 30.07.2014 № 347401; 30.07.2014 № 346018; 30.07.2014 № 346014; 30.07.2014 № 347402; 12.08.2014 № 450980; 02.09.2014 № 618166; 29.09.2014 № 837807. | P35: 41958 | Q35: 41974 | R35: - | S35: - | T35: - | U35: -
A36: 3. Иные межбюджетные трансферты на подключение общедоступных библиотек Российской Федерации к информационно-телекоммуникационной сети Интернет и развитие системы библиотечного дела с учетом задачи расширения информационных технологий и оцифровки в рамках подпрограммы "Наследие" государственной программы Российской Федерации "Развитие культуры и туризма" | B36: Распоряжение Статс-секретаря - Заместителя Министра Культуры Российской Федерации Г.П. Ивлиева от 26.06.2014 № 19П-ГИ | C36: 1135.989 | D36: Постановление Правительства Российской Федерации от 30.12.2011 года № 1238 "Об утверждении правил предоставления из федерального бюджета бюджетам субъектов Российской Федерации иных межбюджетных трансфертов на проведение мероприятий по подключению общедоступных библиотек Российской Федерации к сети Интернет и развитие системы библиотечного дела с учетом задачи расширения информационных технологий и оцифровки | E36: Соглашение № 4600-01-41/06-14 от 22.10.2014 | F36: В течении 20 дней со дня подписания соглашения. | G36: - | H36: 1135.989 | I36: Платежное поручение № 705 от 27.10.2014 | J36: 76520204070020000151 | K36: 1135.989 | L36: 0 | M36: 0595146 | N36: 0 | P36: 42024 | Q36: 42027 | R36: Количество библиотек, проведших мероприятия по подключению общедоступных библиотек Российской Федерации к сети Интернет и развитие системы библиотечного дела с учетом задачи расширения информационных технологий и оцифровки получивших доступ к сети Интернет | S36: 110 | T36: 0 | U36: -
A37: 4. Иные межбюджетные трансферты на государственную поддержку (грант) комплексного развития региональных и муниципальных учреждений культуры в рамках подпрограммы "Искусство" государственной программы Российской Федерации "Развитие культуры и туризма"на 2013-2020 годы | B37: Распоряжение Правительства Российской Федерации от 27.09.2014 № 1909-р | C37: 16400 | D37: Постановление Правительства Российской Федерации от 15.05.2014 года № 439 "О порядке распределения и предоставления в 2014 году из федерального бюджета бюджетам субъектов Российской Федерации иных межбюджетных трансфертов на государственную поддержку (грант) комплексного развития региональных и муниципальных учреждений культуры в рамках подпрограмм "Наследие" и "Искусство" государственной программы Российской Федерации "Развитие культуры и туризма". | E37: Соглашение № 5119-01-41/13-14 от 14.11.2014 | F37: - | G37: - | H37: 16400 | I37: Платежное поручение № 503 от 21.11.2014 | J37: 76520204070020000151 | K37: 16400 | L37: 0 | M37: 0595190 | N37: 0 | P37: 41993 | Q37: 42033 | R37: 1. Рост числа культурно-массовых мероприятий по всем видам учреждений культуры в субъекте РФ 2. Рост посещаемости культурно-массовых мероприятий, проводимых государственными и муниципальными учреждениями культуры 3. Рост количества граждан, проживающих на территории соответствующего субъекта РФ, которым предоставляются услуги специализированного автотранспорта | S37: 0,12 % 0,56% 4,00% | T37: 0 0 0 | U37: -
A38: Департамент здравоохранения Приморского края | C38: =C39 -> 474133.7 | K38: =K39 -> 503759.91 | L38: =L39 -> 478694.62 | N38: =N39 -> 478694.62
A39: Иные МБТ всего | C39: =C41+C42+C43+C44+C45+C46+C47+C48 -> 474133.7 | H39: =H41+H42+H43+H44+H45+H46+H47+H48 -> 474133.7 | K39: =K41+K42+K43+K44+K45+K46+K47+K48 -> 503759.91 | L39: =L41+L42+L43+L44+L45+L46+L47+L48 -> 478694.62 | N39: =N41+N42+N43+N44+N45+N46+N47+N48 -> 478694.62
A40: в том числе по направлениям расходов
A41: на осуществление организационных мероприятий по обеспечению лиц лекарственными препаратами, предназначенными для лечения больных злокачественными новообразованиями лимфоидной, кроветворной и родственных им тканей, гемофилией, муковисцидозом, гипофизарным нанизмом, болезнью Гоше, рассеянным склерозом, а также после трансплантации органов и (или) тканей | B41: Федеральный закон от 02.12.2013 № 349-ФЗ «О федеральном бюджете на 2014 год и на плановый период 2015 и 2016 годов» | C41: 12159.8 | D41: Постановление Правительства РФ от 18.09.2014 № 955 «Об утверждении правил предоставления из федерального бюджета иных межбюджетных трансфертов бюджетам субъектов РФ и бюджету г. Байконура на осуществление организационных мероприятий по обеспечению лиц лекарственными препаратами, предназначенными для лечения больных злокачественными новообразованиями лимфоидной, кроветворной и родственных им тканей, гемофилией, муковисцидозом, гипофизарным нанизмом, болезнью Гоше, рассеянным склерозом, а также после трансплантации органов и (или) тканей» | H41: 12159.8 | I41: 26.09.2014 № 632 | J41: 20204062020000151 | K41: 12159.8 | L41: 12159.8 | M41: 0125133 | N41: 12159.8 | O41: согласно реестра заявок на кассовый расход на 18 л.
A42: на реализацию отдельных полномочий в области лекарственного обеспечения | B42: Федеральный закон от 02.12.2013 № 349-ФЗ «О федеральном бюджете на 2014 год и на плановый период 2015 и 2016 годов» | C42: 133013.2 | H42: 133013.2 | I42: 05.02.2014 № 914 | J42: 20204017020000151 | K42: 139632.19 | L42: 139363.13 | M42: 0125161 | N42: =88748.75+6429.71+44184.67 -> 139363.13 | O42: согласно реестра заявок на кассовый расход на 44 л.
A43: на реализацию мероприятий по профилактике ВИЧ-инфекции и гепатитов B и C | B43: Федеральный закон от 02.12.2013 № 349-ФЗ «О федеральном бюджете на 2014 год и на плановый период 2015 и 2016 годов» | C43: 2265.7 | D43: Постановление Правительства РФ от 27.12.2012 № 1438 «О финансовом обеспечении закупок диагностических средств и антивирусных препаратов для профилактики, выявления, мониторинга лечения и лечения лиц, инфицированных вирусами иммунодефицита человека и гепатитов В и С, а также о реализации мероприятий по профилактике ВИЧ-инфекции и гепатитов В и С» | H43: 2265.7 | I43: 26.03.2014 № 776 | J43: 20204066020000151 | K43: 2265.7 | L43: 2094.49 | M43: 0125179 | N43: 2094.49 | O43: согласно реестра заявок на кассовый расход на 4 л.
A44: на финансовое обеспечение закупок антивирусных препаратов для профилактики и лечения лиц, инфицированных вирусами иммунодефицита человека и гепатитов B и C | B44: Федеральный закон от 02.12.2013 № 349-ФЗ «О федеральном бюджете на 2014 год и на плановый период 2015 и 2016 годов» | C44: 189286.6 | D44: Постановление Правительства РФ от 27.12.2012 № 1438 «О финансовом обеспечении закупок диагностических средств и антивирусных препаратов для профилактики, выявления, мониторинга лечения и лечения лиц, инфицированных вирусами иммунодефицита человека и гепатитов В и С, а также о реализации мероприятий по профилактике ВИЧ-инфекции и гепатитов В и С» | H44: 189286.6 | I44: 20.02.2014 № 173 | J44: 20204055020000151 | K44: 196730.18 | L44: 195756.67 | M44: 0125072 | N44: 195756.67 | O44: согласно реестра заявок на кассовый расход на 14 л. | P44: ежеквартально, не позднее 10-го числа месяца, следующего за отчетным | Q44: в соответствии с установленными сроками
A45: на финансовое обеспечение закупок антибактериальных и противотуберкулезных лекарственных препаратов (второго ряда), применяемых при лечении больных туберкулезом с множественной лекарственной устойчивостью возбудителя, и диагностических средств для выявления, определения чувствительности микобактерии туберкулеза и мониторинга лечения больных туберкулезом с множественной лекарственной устойчивостью возбудителя | B45: Федеральный закон от 02.12.2013 № 349-ФЗ «О федеральном бюджете на 2014 год и на плановый период 2015 и 2016 годов» | C45: 96367.9 | D45: Постановление Правительства РФ от 16.10.2013 № 928 «О финансовом обеспечении мероприятий, направленных на обследование населения с целью выявления туберкулеза, лечение больных туберкулезом, а также профилактических мероприятий» | E45: Соглашение о предоставлении в 2014 году иных межбюджетных трансфертов из федерального бюджета бюджету Приморского края на финансовое обеспечение закупок антибактериальных и противотуберкулезных лекарственных препаратов (второго ряда), применяемых при лечении больных туберкулезом с множественной лекарственной устойчивостью возбудителя, и диагностических средств для выявления, определения чувствительности микобактерии туберкулеза и мониторинга лечения больных туберкулезом с множественной лекарственной устойчивостью возбудителя от 17.03.2014 № 106/ЛТ-2014-928 | F45: единовременно в течение 20 дней со дня заключения соглашения | G45: - | H45: 96367.9 | I45: 09.04.2014 № 206 | J45: 20204064020000151 | K45: 98007.77 | L45: 97754 | M45: 0125174 | N45: 97754 | O45: согласно реестра заявок на кассовый расход на 8 л. | P45: ежеквартально, не позднее 10-го числа месяца, следующего за отчетным | Q45: в соответствии с установленными сроками | R45: Заболеваемость (на 100 тыс.чел.) Смертность (на 100 тыс.чел.) | S45: 172,3 26,0 | T45: 133,7 21,9
A46: на компенсацию расходов, связанных с оказанием в 2014 году медицинскими организациями, подведомственными органам исполнительной власти субъектов Российской Федерации и органам местного самоуправления, гражданам Украины и лицам без гражданства медицинской помощи и проведением профилактических прививок, включенных в календарь профилактических прививок по эпидемическим показаниям, по иным непрограммным мероприятиям | B46: Распоряжение Правительства РФ от 06.12.2014 № 2481-р | C46: 10861 | D46: Постановление Правительства РФ от 31.10.2014 № 1134 «Об оказании в 2014 - 2015 годах медицинской помощи на территории РФ гражданам Украины и лицам без гражданства, постоянно проживавшим на территории Украины, вынужденно покинувшим территорию Украины и прибывшим на территорию РФ в экстренном массовом порядке, и компенсации за счет средств федерального бюджета расходов, связанных с оказанием им в 2014 - 2015 годах медицинской помощи, а также затрат по проведению указанным лицам профилактических прививок, включенных в календарь профилактических прививок по эпидемическим показаниям» | H46: 10861 | I46: 17.12.2014 № 182 | J46: 20204087020000151 | K46: 10861 | L46: 0 | M46: 9995422 | N46: 0
A47: на финансовое обеспечение закупок компьютерного и сетевого оборудования с лицензионным программным обеспечением для реализации мероприятий по развитию службы крови | B47: Федеральный закон от 02.12.2013 № 349-ФЗ «О федеральном бюджете на 2014 год и на плановый период 2015 и 2016 годов» | C47: 21752.8 | D47: Постановление Правительства РФ от27.12.12 № 1447 «О финансовом обеспечении за счет бюджетных ассигнований федерального бюджета мероприятий по развитию службы крови» | E47: Соглашение о предоставлении в 2014 году иных межбюджетных трансфертов из федерального бюджета бюджету Приморского края на финансовое обеспечение закупок компьютерного и сетевого оборудования с лицензионным программным обеспечением для реализации мероприятий по развитию службы крови от 30.04.2014/14.05.2014 № 8/13 | F47: в течение 30 дней с даты получения заявки о перечислении иных межбюджетных трансфертов | H47: 21752.8 | I47: 10.09.2014 № 434 | J47: 20204065020000151 | K47: 21752.8 | L47: 9653.03 | M47: 0125175 | N47: 9653.03 | O47: согласно реестра заявок на кассовый расход на 1 л. | P47: ежеквартально, не позднее 10-го числа месяца, следующего за отчетным, до 01 февраля 2015 года | Q47: в соответствии с установленными сроками | R47: обеспечено внесение в базу данных донорства крови и ее компонентов информации о 100% лиц, обратившихся к Получателям для осуществления донорской функции обеспечен перенос 100% информации о донорах и лицах, отведенных от донорства, из имеющихся электронных архивов Получателей в базу данных донорства крови и ее компонентов; проведен инструктаж 100% специалистов Получателей, задействованных согласно штатному расписанию в процессах обращения донорской крови | S47: 100 100 100 | T47: 100 100 100
A48: на реализацию отдельных полномочий в области лекарственного обеспечения населения закрытых административно-территориальных образований, обслуживаемых федеральными государственными бюджетными учреждениями здравоохранения, находящимися в ведении Федерального медико-биологического агентства | B48: Федеральный закон от 02.12.2013 № 349-ФЗ «О федеральном бюджете на 2014 год и на плановый период 2015 и 2016 годов» | C48: 8426.7 | D48: Постановление Правительства РФ от 09.04.2014 № 280 «Об утверждении правил предоставления из федерального бюджета иных межбюджетных трансфертов бюджетам субъектов РФ на реализацию отдельных полномочий в области лекарственного обеспечения населения закрытых административно-территориальных образований, обслуживаемых федеральными государственными бюджетными учреждениями здравоохранения, находящимися в ведении Федерального медико-биологического агентства» | E48: Соглашение о предоставлении в 2014 году из федерального бюджета бюджету Приморского края иных межбюджетных трансфертовна реализацию отдельных полномочий в области лекарственного обеспечения населения закрытых административно-территориальных образований, обслуживаемых федеральными государственными бюджетными учреждениями здравоохранения, находящимися в ведении Федерального медико-биологического агентства от 13.10.2014 № 11/ЛС | F48: единовременно в течение 10 дней со дня заключения соглашения | G48: - | H48: 8426.7 | I48: 14.10.2014 № 882 | J48: 20204047020000151 | K48: 22350.47 | L48: 21913.5 | M48: 0125197 | N48: 21913.5 | O48: согласно реестра заявок на кассовый расход на 14 л.
A49: Департамент по жилищно-коммунальному хозяйству и топливным ресурсам Приморского края | C49: =C50 -> 1861.5 | H49: =H50 -> 1861.5 | K49: =K50 -> 1861.5 | L49: =L50 -> 0 | N49: =N50 -> 0
A50: 1. Иные межбюджетные трансферты на реализацию мероприятий по предоставлению мер социальной поддержки гражданам, утратившим жилые помещения, а также гражданам, являющимся собственниками или нанимателями поврежденных жилых помещений в результате чрезвычайной ситуации, вызванной крупномасштабным наводнением в августе-сентябре 2013 года, предусмотренной федеральной целевой программы "жилище" на 2011-2015 годы | B50: постановление Правительства Российской Федерации от 17 декабря 2010 г. № 1050 "О федеральной целевой программе "Жилище" на 2011 - 2015 годы" | C50: 1861.5 | D50: постановление Правительства Российской Федерации от 17 декабря 2010 г. № 1050 "О федеральной целевой программе "Жилище" на 2011 - 2015 годы" | E50: Соглашение от 03.12.2014 г. № 05-373/С | F50: - | G50: - | H50: 1861.5 | I50: платежное поручение от 04.12.2014 г. № 382 | J50: 76820204069020000000 | K50: 1861.5 | L50: 0 | M50: 9995169 | N50: 0 | O50: - | P50: ежемесячно в срок до 15 числа месяца, следующего за отчетным | Q50: 15.12.2014 15.01.2015 | R50: - | S50: - | T50: - | U50: -
A51: Департамент образования и науки Приморского края | C51: =C52 -> 8781.8 | H51: =H52 -> 8797.55 | K51: =K52 -> 9619.72 | L51: =L52 -> 9491.72 | N51: =N52 -> 9527.15
A52: Иные МБТ всего | C52: =C54+C55 -> 8781.8 | H52: =H54+H55 -> 8797.55 | K52: =K54+K55 -> 9619.72 | L52: =L54+L55 -> 9491.72 | N52: =N54+N55 -> 9527.15
A53: в том числе по направлениям расходов
A54: 1. Стипендии Президента Российской Федерации и Правительства Российской Федерации для обучающихся по направлениям подготовки (специальностям), соответствующим приоритетным направлениям модернизации и технологического развития экономики Российской Федерации, в рамках подпрограммы "Развитие профессионального образования" государственной программы Российской Федерации "Развитие образования" на 2013 - 2020 годы | B54: Распоряжение Правительства РФ от 22 января 2014 г. N 55-р О распределении в 2014 г. иных межбюджетных трансфертов из федерального бюджета бюджетам субъектов РФ на выплату стипендий Правительства РФ для лиц, обучающихся по очной форме обучения по образовательным программам среднего профессионального образования, имеющим государственную аккредитацию, соответствующим приоритетным направлениям модернизации и технологического развития экономики РФ, в профессиональных образовательных организациях и образовательных организациях высшего образования, находящихся в ведении органов государственной власти субъектов РФ, Распоряжение Правительства РФ от 7 октября 2014 г. N 1972-р О распределении в 2014 г. иных межбюджетных трансфертов из федерального бюджета бюджетам субъектов РФ на выплату стипендий Правительства РФ для лиц, обучающихся по очной форме обучения по образовательным программам среднего профессионального образования, имеющим государственную аккредитацию, соответствующим приоритетным направлениям модернизации и технологического развития экономики РФ, в профессиональных образовательных организациях и образовательных организациях высшего образования находящихся в ведении органов государственной власти субъектов РФ, и в муниципальных профессиональных образовательных организациях и образовательных организациях высшего образования | C54: =2564800/1000 -> 2564.8 | D54: Постановление Правительства Российской Федерации от 31 января 2012 г. № 71 "Об утверждении Правил предоставления из федерального бюджета иных межбюджетных трансфертов бюджетам субъектов Российской Федерации на выплату стипендий Правительства Российской Федерации для лиц, обучающихся по очной форме обучения по основным профессиональным образовательным программам начального профессионального и среднего профессионального образования, имеющим государственную аккредитацию, соответствующим приоритетным направлениям модернизации и технологического развития экономики Российской Федерации, в образовательных учреждениях профессионального образования, находящихся в ведении органов государственной власти субъектов Российской Федерации, и в муниципальных образовательных учреждениях профессионального образования" | E54: Соглашение между Министерством образования и науки Российской Федерации и Администрацией Приморского края о предоставлении из федерального бюджета иных межбюджетных трансфертов бюджету Приморского края на выплату стипендий Правительства Российской Федерации для лиц, обучающихся по очной форме обучения по основным профессиональным образовательным программам среднего профессионального образования, имеющим государственную аккредитацию, соответствующим приоритетным направлениям модернизации и технологического развития экономики Российской Федерации, в профессиональных образовательных организациях и образовательных организациях высшего образования, находящихся в ведении органов государственной власти субъекта Российской Федерации, и в муниципальных профессиональных образовательных организациях и образовательных организациях высшего образования № 06.F04.24.0027 от 25.04.2014 г., Соглашение между Министерством образования и науки Российской Федерации и Администрацией Приморского края о предоставлении из федерального бюджета иных межбюджетных трансфертов бюджету Приморского края на выплату стипендий Правительства Российской Федерации для лиц, обучающихся по очной форме обучения по основным профессиональным образовательным программам среднего профессионального образования, имеющим государственную аккредитацию, соответствующим приоритетным направлениям модернизации и технологического развития экономики Российской Федерации, в профессиональных образовательных организациях и образовательных организациях высшего образования, находящихся в ведении органов государственной власти субъекта Российской Федерации, и в муниципальных профессиональных образовательных организациях и образовательных организациях высшего образования № 06.F05.24.0014 от 01.12.2014 г. | F54: до 31.08.2014, до 31.12.2014 | G54: - | H54: =2564800/1000 -> 2564.8 | I54: 07.05.2014 №22, 16.05.2014 №254, 16.05.2014 №225, 03.12.2014 №476. | J54: 75920204042020000151 | K54: 3422.4 | L54: =3294400/1000 -> 3294.4 | M54: 759 0704 0243893 340 290 | N54: =3294400/1000 -> 3294.4 | O54: Приложение (064) | P54: п. 2.3.4. Соглашения "Ежеквартально не позднее 15 числа месяца, следующего за отчетным кварталом" | Q54: 22.10.2014г.; 15.01.2015г. | R54: не предусмотрено
A55: 2.Иные межбюджетные трансферты на финансовое обеспечение мероприятий, связанных с отдыхом и оздоровлением детей в организациях отдыха детей и их оздоровления, расположенных в Республике Крым и г.Севастополе | B55: Распоряжение Правительства РФ от 10.06.2014 N 1028-р (ред. от 17.12.2014) <О распределении в 2014 году иных межбюджетных трансфертов из федерального бюджета бюджетам субъектов Российской Федерации на финансовое обеспечение мероприятий, связанных с отдыхом и оздоровлением детей в организациях отдыха детей и их оздоровления, расположенных в Республике Крым и г. Севастополе> | C55: 6217 | D55: Постановление Правительства РФ от 30.04.2014 N 402 (ред. от 27.11.2014) "О предоставлении в 2014 году из федерального бюджета бюджетам субъектов Российской Федерации иных межбюджетных трансфертов на финансовое обеспечение мероприятий, связанных с отдыхом и оздоровлением детей в организациях отдыха детей и их оздоровления, расположенных в Республике Крым и г. Севастополе" (вместе с "Правилами предо... | E55: Гос. контрак.№ 38-К от 14.08.2014 на оказание услуг по обеспечению отдыха и оздоровления детей в Республике Крым и городе федерального значения Севастополь в 2014 году | F55: на основании заявок уполномоченных органов исполнительной власти субъектов Российской Федерации, представленных в Министерство труда и социальной защиты Российской Федерации до 25 мая 2014 г. | G55: - | H55: 6232.75 | I55: п\п от 17.06.2014 №348 | J55: 75920204076020000151 | K55: 6197.32 | L55: =6197320/1000 -> 6197.32 | M55: 759 0707 0235139 244 226 | N55: =6232.75 -> 6232.75 | O55: Заявка на кассовый расход от 29.07.2014 №00007818 | P55: ежемесячно, с июня по сентябрь, не позднее 10-го числа месяца, следующего за отчетным | Q55: 10.07.2014; 07.08.2014; 26.08 2014; 06.10. 2014; 28.01.2015 (октябрь, ноябрь, декабрь). | R55: Численность оздоровленных детей в организациях отдыха детей и их оздоровления, расположенных на территории Республики Крым и г. Севастополя (человек) | S55: 140 | T55: 140 | U55: 100% Количество оздоровленных детей в организациях отдыха детей и их оздоровления, расположенных на территории Республики Крым и г. Севастополя (человек), соответствует установленому
A56: Департамент гражданской защиты Приморского края | C56: =495000+C59 -> 593280.2 | H56: =H57 -> 111907 | K56: =K57 -> 114954.18 | L56: =L57 -> 103432.2 | N56: =N57 -> 111907
A57: в том числе по направлениям расходов | H57: =H58+H59 -> 111907 | K57: =K58+K59 -> 114954.18 | L57: =L58+L59 -> 103432.2 | N57: =N58+N59 -> 111907
A58: 1. На аварийно-восстановительные и аварийно-спасательные работы | B58: Распоряжения ПРФ от 15.08.2013 №1431-р; от 05.09.2013 №1592-р | C58: до 495000 | D58: Постановление ПРФ от 15.02.2014 №110 | H58: 103190.2 | I58: пп№654 от 19.03.2014 на 49007,6;пп№457 от 30.04.2014 на 43553,4; пп№278 от 20.11.2014 на 10629,2 | J58: 76920204999020000151 | K58: 106237.38 | L58: 95795.3 | M58: 9995104 | N58: 103190.2 | O58: №56 от 14.04.14;№44 от 10.04.14;№55 от 14.04.14;№48 от 10.04.14;№49 от 10.04.14;№50 от 10.04.14;№51 от 10.04.14;№53 от 14.04.14;№58 от 14.04.14;№52 от 14.04.14;№96-114 от 11.06.2014 | P58: по запросам:Счётной палаты РФ от 28.04.2014 №ЗИ 13-78/13-02;от 11.07.2014 №ЗИ 14-78/14-09; от 14.11.2014 №ЗИ 01-3507/14-03; Росавтодор от 30.10.2014 об-32/1420; Минвостокразвития от 17.12.2014 №5575-2.4.18 | Q58: 10.06.2014;28.08.2014;30.01.2015;04.12.2014;15.01.2015 | R58: Внепрограммное мероприятие | U58: Выполнены работы по восстановлению разрушенных мостов и дорог в результате ЧС
A59: 2. На финансовое обеспечение граждан Украины в пунктах временного размещения на территории Приморского края | B59: Распоряжение ПРФ от 06.01.2015 №6-р | C59: 98280.2 | D59: Постановление ПРФ от 22.07.2014 №692 | E59: Соглашение КР-1/4-17725/34 от 18.11.2014 | F59: по состоянию на 01.09.2014 | H59: 8716.8 | I59: пп№250 от 25.11.2014 на 8716,8 | J59: 76920204081020000151 | K59: 8716.8 | L59: 7636.9 | M59: 9995224 | N59: 8716.8 | P59: Ежемесячно до 10 числа | Q59: Ежемесячно до 10 числа | R59: Внепрограммное мероприятие | U59: Участие граждан Украины в государственной федеральной программе "Переселение соотечественников" и получение российского гражданства
A60: Департамент информатизации и телекоммуникаций Приморского края | C60: =C61 -> 82832.6 | H60: =H61 -> 82832.6 | K60: =K61 -> 41416.3 | L60: =L61 -> 40306.82 | N60: =N61 -> 40306.82
A61: в том числе по направлениям расходов | C61: =C62 -> 82832.6 | H61: =H62 -> 82832.6 | K61: =K62 -> 41416.3 | L61: =L62 -> 40306.82 | N61: =N62 -> 40306.82
A62: 1. Иные межбюджетные трансферты из федерального бюджета бюджету Приморского краяна завершение работ по созданию сети многофункциональных центров предоставления государтсвенных и муниципальных услуг | B62: Распоряжение Правительства Российской Федерации № 1058-р от 16.06.2014 "О распределении иных межбюджетных трансфертов, предоставляемых в 2014-2015 годах из феедрального бюджета бюджетам субъектов Российской Федерации на завершение работ по созданию сети многофункциональных центров предоставления государтсвенных и муниципальных услуг" | C62: 82832.6 | D62: Постановление Правительства Российской Федерации от 17.01.2014 № 36 "Об утверждении правил распределения и предоставления в 2014-2015 годах иных межбюджетных трансфертов из федерального бюджета бюджетам субъектов Российской Федерации на завершение работ по созданию сети многофункциональных центров предоставления государственных и муниципальных услуг" | E62: Соглашение № с-639-ОФ/Д09 от 10.11.2014 | F62: в 2014 году – в течение 30 календарных дней со дня подписания настоящего Соглашения | G62: - | H62: 82832.6 | I62: платежное поручение № 565 от 18.11.2014 | J62: 755 202 04061 02 0000 151 | K62: 41416.3 | L62: 40306.82 | M62: 1115392 | N62: =L62 -> 40306.82 | P62: 1. отчет о выполнении мероприятий, направленных на завершение работ по созданию сети многофункциональных центров предоставления государственных и муниципальных услуг, по состоянию на 1 апреля, 1 июля, 1 октября, 1 января в срок до 25-го числа месяца, следующего за отчетным кварталом; 2. отчет о достигнутых значениях показателей результативности предоставления иного межбюджетного трансферта из федерального бюджета бюджету субъекта Российской Федерации на завершение работ по созданию сети многофункциональных центров предоставления государственных и муниципальных услуг , по состоянию на 1 января года, следующего за отчетным годом, в срок до 25 января года, следующего за отчетным годом. | Q62: 1. № 11/8732 от 03.12.2014; 2. № 11/637 от 02.02.2015 | R62: 1. Доля граждан, имеющих доступ к получению государственных и муниципальных услуг по принципу "одного окна" по месту пребывания МФЦ; 2. Количество окон обслуживания многофункциональных центров, созданных в установленые сроки, которые соответствуют требованиям Правил организации деятельности многофункциональных центров и в которых организованно предоставление государственных услуг в соответствии с перечнем государтсвенных услуг - не менее 423 окон обслуживания. | S62: 1. 40%; 2. 213 | T62: 1. 47%; 2. 208 | U62: Значение показателя соответствующего выполнения Указу Президента Российской Федерации от 07 мая 2012 года №601 «Об основных направлениях совершенствования системы государственного управления» необходимо достичь к концу 2015 года.
A63: Департамент труда и социального развития Приморского края | C63: =C64 -> 1177829.9 | H63: =H64 -> 1218044.2 | K63: =K64 -> 1218044.2 | L63: =L64 -> 1206997.3 | N63: =N64 -> 1206997.3
A64: Иные МБТ всего | C64: =C66+C67+C68 -> 1177829.9 | H64: =H66+H67+H68 -> 1218044.2 | K64: =K66+K67+K68 -> 1218044.2 | L64: =L66+L67+L68 -> 1206997.3 | N64: =N66+N67+N68 -> 1206997.3
A65: в том числе по направлениям расходов
A66: 1. Иные межбюджетные трансферты на единовременное денежное поощрение при награждении орденом "Родительская слава" в рамках подпрограммы "Совершенствование социальной поддержки семьи и детей" государственной программы Российской Федерации "Социальная поддержка граждан" | B66: Указ Президента РФ В.В. Путина от 30.04.2014 № 285 "О награждении государственными наградами РФ", Федеральный Закон от 02.12.2013 № 349-ФЗ "О Федеральном бюджете на 2014 год и плановый период 2015 и 2016 годов" | C66: 101.5 | D66: Постановление Правительства РФ от 12 января 2009 г. N 19 "О порядке выплаты единовременного денежного поощрения одному из родителей (усыновителей) при награждении орденом "Родительская слава" и предоставления иных межбюджетных трансфертов из федерального бюджета бюджетам субъектов Российской Федерации на выплату единовременного денежного поощрения лицам, награжденным орденом "Родительская слава" | G66: 1 | H66: =K66 -> 101.5 | I66: от 26.05.14 п/п 873 | J66: 76020204020020000151 | K66: 101.5 | L66: 101.5 | M66: 0395155 | N66: =L66 -> 101.5 | O66: от 17.06.2014 № п/п 858830 и п/п 858832 | P66: В соответствии с Приказом Министерства здравоохранения и социального развития РФ от 02.02.2009 N 36н - до 15-го числа месяца, следующего за месяцем, в котором осуществлена выплата | Q66: в соответствии с установленными сроками
A67: 2. Иные межбюджетные трансферты на выплату региональной доплаты к пенсии в рамках непрограммного направления деятельности "Развитие пенсионной системы" | B67: Приказ Минтруда России от 24.01.2014 N 34н (ред. от 28.11.2014) "О распределении на 2014 год иных межбюджетных трансфертов из федерального бюджета бюджетам субъектов Российской Федерации на осуществление региональной социальной доплаты к пенсии" | C67: 1177674.4 | D67: Постановление Правительства РФ от 11 ноября 2009 г. N 915 "О предоставлении иных межбюджетных трансфертов из федерального бюджета бюджетам субъектов Российской Федерации на выплату региональных социальных доплат к пенсии" | G67: 0.75 | H67: =K67 -> 1217888.8 | I67: от 21.02.14 п/п 511, 26.03.14 п/п 489, 01.07.14 п/п 371 | J67: 76020204026020000151 | K67: 1217888.8 | L67: 1206844.6 | M67: 0395153 | N67: =L67 -> 1206844.6 | O67: массив платежных поручений | P67: В соответствии с Постановлением Правительства РФ от 11.11.2009 N 915 - не позднее 20-го числа месяца, следующего за отчетным периодом (ежеквартально) | Q67: 20.01.2014 16.04.2014 21.07.2014 (20.07. 2014 - вых. день) 09.10.2014 19.01.2015
A68: 3. Иные межбюджетные трансферты для оказания адресной финансовой помощи гражданам Украины, имеющим статус беженца или получившим временное убежище на территории Российской Федерации и проживающим в жилых помещениях граждан Российской Федерации | B68: Распоряжением Правительства РФ от 02.09.2014 № 1687-р (в ред. от 26.12.2014 № 2727-ра) "О распределении иных межбюджетных трансфертов, предоставляемых в 2014 году из федерального бюджета бюджетам субъектов Российской Федерации для оказания адресной финансовой помощи гражданам Украины, имеющим статус беженца или получившим временное убежище на территории Российской Федерации и проживающим в жилых помещениях граждан Российской Федерации, по состоянию на 31 июля 2014 г." | C68: 54 | D68: Постановлением Правительства Российской Федерации от 22 июля 2014 года N 693 "О предоставлении иных межбюджетных трансфертов из федерального бюджета бюджетам субъектов Российской Федерации для оказания адресной финансовой помощи гражданам Украины, имеющим статус беженца или получившим временное убежище на территории Российской Федерации и проживающим в жилых помещениях граждан Российской Федерации, в 2014 году" | E68: Соглашение о предоставлении иных межбюджетных трансфертов из федерального бюджета бюджетам субъектов Российской Федерации на оказание адресной финансовой помощи гражданам Украины, имеющим статус беженца или получившим временное убежище на территории Российской Федерации и проживающим в жилых помещениях граждан Российской Федерации, в 2014 году от 13.11.2014 № КР-1/4-17451/33 | F68: 1 раз в год | G68: В случае установления факта проживания граждан Украины, имеющих статус беженца или получившхм временное убежище на территории Российской Федерации, в жилых помещениях граждан Российской Федерации | H68: 54 | I68: от 19.12.14 п/п 125 | J68: 76020204080020000151 | K68: 54 | L68: 51.18 | M68: 9995225 | N68: =L68 -> 51.18 | O68: от 25.12.2014 п/п №794986; 794999; 794985; 794988; 794990; 794982; 794981; 794987; 794984; 794991; 795012; 794998; 794989; 794993. | P68: по итогам полного использования средств иных межбюджетных трансфертов | Q68: 42033 | U68: Адресная финансовая помощь оказана всем гражнам Украины, имеющим законное основание
A69: Департамент градостроительства Приморского края | C69: =C70 -> 135528.13 | H69: =H70 -> 389940.67 | K69: =K70 -> 525468.78 | L69: =L70 -> 2275.2 | N69: =N70 -> 2275.2
